Workbook
Name _Key1: #REF!
Name _Sort: #REF!
Name CONCRETO: #REF!
Name Listado: [1]Cierre!#REF!

Sheet Información
A1: INFORMACIÓN GENERAL
A2: Proceso Licitatorio | B2: CM-SI-010-2021
A3: Objeto | B3: INTERVENTORÍA TÉCNICA, ADMINISTRATIVA, FINANCIERA, Y AMBIENTAL A LOS CONTRATOS DE OBRA RESULTANTES DEL PROCESO DE LICITACIÓN LP-SI-004-2021 | G3: LOTE O MÓDULO | H3: EXPERIENCIA GENERAL | I3: EXPERIENCIA ESPECÍFICA
A4: Presupuesto oficial M1 | B4: 284000885 | G4: 1 | H4: INTERVENTORÍA A PROYECTOS DE: CONSTRUCCIÓN O MEJORAMIENTO EN PAVIMENTO ASFALTICO O CONCRETO HIDRÁULICO O PLACA HUELLA DE VÍAS PRIMARIAS O SECUNDARIAS O VÍAS TERCIARIAS O VIAS URBANAS O PISTAS DE AEROPUERTOS | I4: N/A
A5: Presupuesto oficial M2 | B5: 286887217 | H5: Nota: Será válida la experiencia que haya sido ejecutada a través de interventoría a proyectos de: Construcción o Mejoramiento o Mantenimiento o Repavimentación o Pavimentación o Conservación de Vías en Asfalto Natural o Asfaltita
A6: Presupuesto oficial M3 | B6: 87497955 | G6: 2 | H6: INTERVENTORÍA A PROYECTOS DE: CONSTRUCCIÓN O MEJORAMIENTO EN PAVIMENTO ASFALTICO O CONCRETO HIDRÁULICO O PLACA HUELLA DE VÍAS PRIMARIAS O SECUNDARIAS O VÍAS TERCIARIAS O VIAS URBANAS O PISTAS DE AEROPUERTOS | I6: N/A
A7: Presupuesto oficial M4 | B7: 303173378 | H7: Nota: Será válida la experiencia que haya sido ejecutada a través de interventoría a proyectos de: Construcción o Mejoramiento o Mantenimiento o Repavimentación o Pavimentación o Conservación de Vías en Asfalto Natural o Asfaltita
A8: Plazo (meses) M1 | B8: 5 | G8: 3 | H8: INTERVENTORÍA A PROYECTOS DE: CONSTRUCCIÓN O REHABILITACIÓN O MEJORAMIENTO O REPAVIMENTACIÓN O PAVIMENTACIÓN DE INFRAESTRUCTURA VIAL PARA TRÁFICO VEHICULAR DE VÍAS URBANAS O DE VÍAS PRIMARIAS O SECUNDARIAS | I8: Por lo menos uno (1) de los contratos válidos aportados como experiencia general debe acreditar la interventoría a la intervención de la estructura de pavimento (asfáltico o hidráulico).
A9: Plazo (meses) M2 | B9: 5 | H9: Nota: No se aceptará experiencia en contratos cuyo objeto o alcance sea exclusivamente en cualquiera de las siguientes actividades de obra a las cuales se realizó la interventoría: componentes de seguridad vial o semaforización o puentes.
A10: Plazo (meses) M3 | B10: 4 | G10: 4 | H10: INTERVENTORÍA A PROYECTOS DE: CONSTRUCCION O MEJORAMIENTO O MANTENIMIENTO O REHABILITACIÓN DE OBRAS DE ESTABILIZACION DE TALUDES O RECUPERACION DE BANCA y ATENCION OBRAS DE EMERGENCIAS MEDIANTE LA CONSTRUCCION DE OBRAS DE ESTABILIZACION DE TALUDES O RECUPERACION DE BANCA | I10: Por lo menos un (1) contrato de los contratos válidos aportados como experiencia general que corresponda a la realización de la interventoría a un proyecto de: CONSTRUCCION DE OBRAS DE ESTABILIZACION DE TALUDES O RECUPERACION DE BANCA y el valor corresponda como mínimo al 70% del Presupuesto Oficial.
A11: Plazo (meses) M4 | B11: 6
A12: Apertura del proceso | B12: 44386
A13: Cierre del Proceso | B13: 44393
A15: REQUISITOS FINANCIEROS HABILITANTES
A16: Liquidez Activo corriente/Pasivo Corriente ≥ 1.0 | B16: 1
A17: Nivel de endeudamiento Pasivo Total/Activo Total ≤ 0.7 | B17: 0.7
A18: Razón covertura de intereses Utilidad operacional/gastos de intereses ≥ 1.0 | B18: 1
A19: Capital de trabajo | B19: =ROUNDUP((B7/B11)*3,0) -> 151586689
A21: REQUISITOS ORGANIZACIONALES HABILITANTES
A22: Rentabilidad del patrimonio (ROE) Utilidad operacional/Patrimonio ≥ 0% | B22: 0
A23: Rentabilidad del activo (ROA) Utilidad operacional/Activo total ≥ 0% | B23: 0
A25: CRITERIOS DE CALIFICACIÓN DE LA EXPERIENCIA
A26: Presupuesto Oficial SMMLV M1 | B26: =ROUND(B4/908526,2) -> 312.6 | C26: 2.38
A27: Presupuesto Oficial SMMLV M2 | B27: =ROUND(B5/908526,2) -> 315.77 | C27: 2.69
A28: Presupuesto Oficial SMMLV M3 | B28: =ROUND(B6/908526,2) -> 96.31 | C28: 0.412
A29: Presupuesto Oficial SMMLV M4 | B29: =ROUND(B7/908526,2) -> 333.7 | C29: N/A

Sheet Cierre
A1: No. | B1: PROPONENTE | C1: REPRESENTANTE LEGAL | D1: CONFORMACIÓN CONSORCIO | E1: % | G1: % EXPERIENCIA | I1: MÓDULO 1 | J1: MÓDULO 2 | K1: MÓDULO 3 | L1: MÓDULO 4 | N1: Abogados | O1: Financieros | P1: Técnicos
A2: 1 | B2: CONSORCIO ORIÓN 136 | C2: LUIS ALEJANDRO MURCIA SALAMANCA | D2: HIDROS DE COLOMBIA S.A.S. | E2: 0.05 | F2: =SUMIF(Experiencia!D:D,D2,Experiencia!O:O) -> 0 | G2: =IF(COUNTIF(Experiencia!$O:$O,A2)<2,F2/(Información!$B$29*0.75),IF(OR(COUNTIF(Experiencia!$O:$O,A2)=3,COUNTIF(Experiencia!$O:$O,A2)=4)=TRUE,F2/(Información!$B$29*1.2),F2/(Información!$B$29*1.5))) -> 0 | I2: X | J2: X | K2: X | N2: JEOS | O2: JMVV | P2: CDT
D3: GERENCIA EN OBRAS CIVILES S.A.S. | E3: 0.95 | F3: =SUMIF(Experiencia!D:D,D3,Experiencia!O:O) -> 0 | G3: =IF(COUNTIF(Experiencia!$O:$O,A2)<2,F3/(Información!$B$29*0.75),IF(OR(COUNTIF(Experiencia!$O:$O,A2)=3,COUNTIF(Experiencia!$O:$O,A2)=4)=TRUE,F3/(Información!$B$29*1.2),F3/(Información!$B$29*1.5))) -> 0
A4: 2 | B4: ARM CONSULTING LTDA. | C4: ÁNGEL ARTURO RINCÓN SUÁREZ | D4: =B4 -> ARM CONSULTING LTDA. | E4: 1 | F4: =SUMIF(Experiencia!D:D,D4,Experiencia!O:O) -> 819.42 | G4: =IF(COUNTIF(Experiencia!$O:$O,A4)<2,F4/(Información!$B$29*0.75),IF(OR(COUNTIF(Experiencia!$O:$O,A4)=3,COUNTIF(Experiencia!$O:$O,A4)=4)=TRUE,F4/(Información!$B$29*1.2),F4/(Información!$B$29*1.5))) -> 3.2740785 | I4: X | J4: X | K4: X | L4: X | N4: JEOS | O4: JMVV | P4: CDT
A5: 3 | B5: INGECO INGENIERÍA DE CONSTRUCCIONES S.A.S. | C5: CARLOS MARIO ROLON AMAYA | D5: =B5 -> INGECO INGENIERÍA DE CONSTRUCCIONES S.A.S. | E5: 1 | F5: =SUMIF(Experiencia!D:D,D5,Experiencia!O:O) -> 602.15 | G5: =IF(COUNTIF(Experiencia!$O:$O,A5)<2,F5/(Información!$B$29*0.75),IF(OR(COUNTIF(Experiencia!$O:$O,A5)=3,COUNTIF(Experiencia!$O:$O,A5)=4)=TRUE,F5/(Información!$B$29*1.2),F5/(Información!$B$29*1.5))) -> 2.4059535 | I5: X | J5: X | K5: X | L5: X | N5: JEOS | O5: JMVV | P5: CDT
A6: 4 | B6: INGENIERÍA DEL FUTURO S.A.S. | C6: ÁLVARO HERNANDO VERA AYALA | D6: =B6 -> INGENIERÍA DEL FUTURO S.A.S. | E6: 1 | F6: =SUMIF(Experiencia!D:D,D6,Experiencia!O:O) -> 732.87 | G6: =IF(COUNTIF(Experiencia!$O:$O,A6)<2,F6/(Información!$B$29*0.75),IF(OR(COUNTIF(Experiencia!$O:$O,A6)=3,COUNTIF(Experiencia!$O:$O,A6)=4)=TRUE,F6/(Información!$B$29*1.2),F6/(Información!$B$29*1.5))) -> 2.9282589 | I6: X | J6: X | K6: X | L6: X | N6: JEOS | O6: JMVV | P6: CDT
A7: 5 | B7: R&M CONSTRUCCIONES E INTERVENTORÍAS S.A.S. | C7: CESAR EDUARDO GÓMEZ GÓMEZ | D7: =B7 -> R&M CONSTRUCCIONES E INTERVENTORÍAS S.A.S. | E7: 1 | F7: =SUMIF(Experiencia!D:D,D7,Experiencia!O:O) -> 834.03 | G7: =IF(COUNTIF(Experiencia!$O:$O,A7)<2,F7/(Información!$B$29*0.75),IF(OR(COUNTIF(Experiencia!$O:$O,A7)=3,COUNTIF(Experiencia!$O:$O,A7)=4)=TRUE,F7/(Información!$B$29*1.2),F7/(Información!$B$29*1.5))) -> 3.3324543 | I7: X | J7: X | K7: X | L7: X | N7: JEOS | O7: JMVV | P7: CDT
A8: 6 | B8: CONSORCIO INTERVIAL CALDAS 010 | C8: NAIRA DEL CARMEN HERNÁNDEZ LUGO | D8: MAAF S.A.S. | E8: 0.75 | F8: =SUMIF(Experiencia!D:D,D8,Experiencia!O:O) -> 0 | G8: =IF(COUNTIF(Experiencia!$O:$O,A8)<2,F8/(Información!$B$29*0.75),IF(OR(COUNTIF(Experiencia!$O:$O,A8)=3,COUNTIF(Experiencia!$O:$O,A8)=4)=TRUE,F8/(Información!$B$29*1.2),F8/(Información!$B$29*1.5))) -> 0 | I8: X | J8: X | N8: JEOS | O8: JMVV | P8: CDT
D9: CONSTRUOBRAS C&M S.A.S. | E9: 0.25 | F9: =SUMIF(Experiencia!D:D,D9,Experiencia!O:O) -> 0 | G9: =IF(COUNTIF(Experiencia!$O:$O,A8)<2,F9/(Información!$B$29*0.75),IF(OR(COUNTIF(Experiencia!$O:$O,A8)=3,COUNTIF(Experiencia!$O:$O,A8)=4)=TRUE,F9/(Información!$B$29*1.2),F9/(Información!$B$29*1.5))) -> 0
A10: 7 | B10: CARMONA CARVAJAL INGENIEROS S.A.S. | C10: JHON FABER CARMONA MEJÍA | D10: =B10 -> CARMONA CARVAJAL INGENIEROS S.A.S. | E10: 1 | F10: =SUMIF(Experiencia!D:D,D10,Experiencia!O:O) -> 802.99 | G10: =IF(COUNTIF(Experiencia!$O:$O,A10)<2,F10/(Información!$B$29*0.75),IF(OR(COUNTIF(Experiencia!$O:$O,A10)=3,COUNTIF(Experiencia!$O:$O,A10)=4)=TRUE,F10/(Información!$B$29*1.2),F10/(Información!$B$29*1.5))) -> 3.2084307 | I10: X | J10: X | K10: X | L10: X | N10: JEOS | O10: JMVV | P10: CDT
A11: 8 | B11: CONSORCIO INTERVIAS CALDAS | C11: PEDRO JOSÉ CORREDOR BECERRA | D11: PEDRO JOSÉ CORREDOR BECERRA | E11: 0.5 | F11: =SUMIF(Experiencia!D:D,D11,Experiencia!O:O) -> 314.39 | G11: =IF(COUNTIF(Experiencia!$O:$O,A11)<2,F11/(Información!$B$29*0.75),IF(OR(COUNTIF(Experiencia!$O:$O,A11)=3,COUNTIF(Experiencia!$O:$O,A11)=4)=TRUE,F11/(Información!$B$29*1.2),F11/(Información!$B$29*1.5))) -> 1.2561782 | I11: X | J11: X | K11: X | L11: X | N11: JEOS | O11: JMVV | P11: CDT
D12: JORGE WILLAN CORZO GARCÍA | E12: 0.25 | F12: =SUMIF(Experiencia!D:D,D12,Experiencia!O:O) -> 0 | G12: =IF(COUNTIF(Experiencia!$O:$O,A11)<2,F12/(Información!$B$29*0.75),IF(OR(COUNTIF(Experiencia!$O:$O,A11)=3,COUNTIF(Experiencia!$O:$O,A11)=4)=TRUE,F12/(Información!$B$29*1.2),F12/(Información!$B$29*1.5))) -> 0
D13: GERMAN ALONSO PUENTES GORDO | E13: 0.25 | F13: =SUMIF(Experiencia!D:D,D13,Experiencia!O:O) -> 0 | G13: =IF(COUNTIF(Experiencia!$O:$O,A11)<2,F13/(Información!$B$29*0.75),IF(OR(COUNTIF(Experiencia!$O:$O,A11)=3,COUNTIF(Experiencia!$O:$O,A11)=4)=TRUE,F13/(Información!$B$29*1.2),F13/(Información!$B$29*1.5))) -> 0
A14: 9 | B14: ARA INGENIERÍA S.A.S. | C14: KERLY GIOVANNA CUELLAR OBREGÓN | D14: =+B14 -> ARA INGENIERÍA S.A.S. | E14: 1 | F14: =SUMIF(Experiencia!D:D,D14,Experiencia!O:O) -> 729.66 | G14: =IF(COUNTIF(Experiencia!$O:$O,A14)<2,F14/(Información!$B$29*0.75),IF(OR(COUNTIF(Experiencia!$O:$O,A14)=3,COUNTIF(Experiencia!$O:$O,A14)=4)=TRUE,F14/(Información!$B$29*1.2),F14/(Información!$B$29*1.5))) -> 2.915433 | I14: X | J14: X | K14: X | L14: X | N14: JEOS | O14: JMVV | P14: CDT
A15: 10 | B15: HR INGENIERÍA S.A.S. | C15: YELMAN YOHANI HERNÁNDEZ ROJAS | D15: =B15 -> HR INGENIERÍA S.A.S. | E15: 1 | F15: =SUMIF(Experiencia!D:D,D15,Experiencia!O:O) -> 982.4 | G15: =IF(COUNTIF(Experiencia!$O:$O,A15)<2,F15/(Información!$B$29*0.75),IF(OR(COUNTIF(Experiencia!$O:$O,A15)=3,COUNTIF(Experiencia!$O:$O,A15)=4)=TRUE,F15/(Información!$B$29*1.2),F15/(Información!$B$29*1.5))) -> 3.9252822 | I15: X | J15: X | K15: X | L15: X | N15: JEOS | O15: JMVV | P15: CDT
A16: 11 | B16: UNIÓN TEMPORAL INNOVA | C16: ALEJANDRO HERRERA DUQUE | D16: INNOVA PROYECTOS S.A.S. | E16: 0.7 | F16: =SUMIF(Experiencia!D:D,D16,Experiencia!O:O) -> 0 | G16: =IF(COUNTIF(Experiencia!$O:$O,A16)<2,F16/(Información!$B$29*0.75),IF(OR(COUNTIF(Experiencia!$O:$O,A16)=3,COUNTIF(Experiencia!$O:$O,A16)=4)=TRUE,F16/(Información!$B$29*1.2),F16/(Información!$B$29*1.5))) -> 0 | I16: X | J16: X | K16: X | N16: JEOS | O16: JMVV | P16: CDT
D17: DQ INGENIERÍA S.A.S. | E17: 0.3 | F17: =SUMIF(Experiencia!D:D,D17,Experiencia!O:O) -> 0 | G17: =IF(COUNTIF(Experiencia!$O:$O,A16)<2,F17/(Información!$B$29*0.75),IF(OR(COUNTIF(Experiencia!$O:$O,A16)=3,COUNTIF(Experiencia!$O:$O,A16)=4)=TRUE,F17/(Información!$B$29*1.2),F17/(Información!$B$29*1.5))) -> 0
A18: 12 | B18: PAULO EMILIO BRAVO CONSULTORES S.A.S. | C18: MANUEL JOSÉ BRAVO FERNÁNDEZ | D18: =B18 -> PAULO EMILIO BRAVO CONSULTORES S.A.S. | E18: 1 | F18: =SUMIF(Experiencia!D:D,D18,Experiencia!O:O) -> 0 | G18: =IF(COUNTIF(Experiencia!$O:$O,A18)<2,F18/(Información!$B$29*0.75),IF(OR(COUNTIF(Experiencia!$O:$O,A18)=3,COUNTIF(Experiencia!$O:$O,A18)=4)=TRUE,F18/(Información!$B$29*1.2),F18/(Información!$B$29*1.5))) -> 0 | I18: X | J18: X | N18: JEOS | O18: JMVV | P18: CDT
A19: 13 | B19: CONSORCIO NP MANIZALES | C19: MARÍA CLARA POTES MAZUERA | D19: ÁLVARO HERNANDO NARANJO OLAYA | E19: 0.6 | F19: =SUMIF(Experiencia!D:D,D19,Experiencia!O:O) -> 422.69 | G19: =IF(COUNTIF(Experiencia!$O:$O,A19)<2,F19/(Información!$B$29*0.75),IF(OR(COUNTIF(Experiencia!$O:$O,A19)=3,COUNTIF(Experiencia!$O:$O,A19)=4)=TRUE,F19/(Información!$B$29*1.2),F19/(Información!$B$29*1.5))) -> 1.6889022 | I19: X | J19: X | K19: X | L19: X | N19: JEOS | O19: JMVV | P19: CDT
D20: MARÍA CLARA POTES MAZUERA | E20: 0.4 | F20: =SUMIF(Experiencia!D:D,D20,Experiencia!O:O) -> 286.53 | G20: =IF(COUNTIF(Experiencia!$O:$O,A19)<2,F20/(Información!$B$29*0.75),IF(OR(COUNTIF(Experiencia!$O:$O,A19)=3,COUNTIF(Experiencia!$O:$O,A19)=4)=TRUE,F20/(Información!$B$29*1.2),F20/(Información!$B$29*1.5))) -> 1.1448607
A21: 14 | B21: CONSORCIO DS7 | C21: EDGAR HERNÁN GUEVARA MARTÍNEZ | D21: DIN S.A.S. | E21: 0.6 | F21: =SUMIF(Experiencia!D:D,D21,Experiencia!O:O) -> 0 | G21: =IF(COUNTIF(Experiencia!$O:$O,A21)<2,F21/(Información!$B$29*0.75),IF(OR(COUNTIF(Experiencia!$O:$O,A21)=3,COUNTIF(Experiencia!$O:$O,A21)=4)=TRUE,F21/(Información!$B$29*1.2),F21/(Información!$B$29*1.5))) -> 0 | I21: X | J21: X | K21: X | N21: JEOS | O21: JMVV | P21: CDT
D22: SEING S.A.S. BIC | E22: 0.4 | F22: =SUMIF(Experiencia!D:D,D22,Experiencia!O:O) -> 0 | G22: =IF(COUNTIF(Experiencia!$O:$O,A21)<2,F22/(Información!$B$29*0.75),IF(OR(COUNTIF(Experiencia!$O:$O,A21)=3,COUNTIF(Experiencia!$O:$O,A21)=4)=TRUE,F22/(Información!$B$29*1.2),F22/(Información!$B$29*1.5))) -> 0
A23: 15 | B23: CIMAG S.A.S. | C23: HÉCTOR MAURICIO GUTIÉRREZ TRUJILLO | D23: =B23 -> CIMAG S.A.S. | E23: 1 | F23: =SUMIF(Experiencia!D:D,D23,Experiencia!O:O) -> 388.25 | G23: =IF(COUNTIF(Experiencia!$O:$O,A23)<2,F23/(Información!$B$29*0.75),IF(OR(COUNTIF(Experiencia!$O:$O,A23)=3,COUNTIF(Experiencia!$O:$O,A23)=4)=TRUE,F23/(Información!$B$29*1.2),F23/(Información!$B$29*1.5))) -> 1.5512936 | I23: X | J23: X | K23: X | L23: X | N23: JEOS | O23: JMVV | P23: CDT
A24: 16 | B24: CONSORCIO VÍAS CALDAS | C24: ANA MIREYA ARAGÓN PINZÓN | D24: CONSULTORES DESARROLLO Y AMBIENTE S.A.S. | E24: 0.3 | F24: =SUMIF(Experiencia!D:D,D24,Experiencia!O:O) -> 0 | G24: =IF(COUNTIF(Experiencia!$O:$O,A24)<2,F24/(Información!$B$29*0.75),IF(OR(COUNTIF(Experiencia!$O:$O,A24)=3,COUNTIF(Experiencia!$O:$O,A24)=4)=TRUE,F24/(Información!$B$29*1.2),F24/(Información!$B$29*1.5))) -> 0 | J24: X | N24: JEOS | O24: JMVV | P24: CDT
D25: CONSTRUCTORA INGETEC S.A.S. | E25: 0.7 | F25: =SUMIF(Experiencia!D:D,D25,Experiencia!O:O) -> 0 | G25: =IF(COUNTIF(Experiencia!$O:$O,A24)<2,F25/(Información!$B$29*0.75),IF(OR(COUNTIF(Experiencia!$O:$O,A24)=3,COUNTIF(Experiencia!$O:$O,A24)=4)=TRUE,F25/(Información!$B$29*1.2),F25/(Información!$B$29*1.5))) -> 0
A26: 17 | B26: ORGANIZACIÓN VICAN S.A.S. | C26: ANDRÉS ARBOLEDA SALAZAR | D26: =B26 -> ORGANIZACIÓN VICAN S.A.S. | E26: 1 | F26: =SUMIF(Experiencia!D:D,D26,Experiencia!O:O) -> 1403.37 | G26: =IF(COUNTIF(Experiencia!$O:$O,A26)<2,F26/(Información!$B$29*0.75),IF(OR(COUNTIF(Experiencia!$O:$O,A26)=3,COUNTIF(Experiencia!$O:$O,A26)=4)=TRUE,F26/(Información!$B$29*1.2),F26/(Información!$B$29*1.5))) -> 5.607312 | I26: X | J26: X | L26: X | N26: JEOS | O26: JMVV | P26: CDT
A27: 18 | B27: ICONSULTING S.A.S. | C27: SILVANA VERGARA HERNÁNDEZ | D27: =B27 -> ICONSULTING S.A.S. | E27: 1 | F27: =SUMIF(Experiencia!D:D,D27,Experiencia!O:O) -> 619.16 | G27: =IF(COUNTIF(Experiencia!$O:$O,A27)<2,F27/(Información!$B$29*0.75),IF(OR(COUNTIF(Experiencia!$O:$O,A27)=3,COUNTIF(Experiencia!$O:$O,A27)=4)=TRUE,F27/(Información!$B$29*1.2),F27/(Información!$B$29*1.5))) -> 2.4739187 | I27: X | J27: X | K27: X | L27: X | N27: JEOS | O27: JMVV | P27: CDT
A28: 19 | B28: TOTALL S.A.S. | C28: JUAN CARLOS MORALES RIVERA | D28: =B28 -> TOTALL S.A.S. | E28: 1 | F28: =SUMIF(Experiencia!D:D,D28,Experiencia!O:O) -> 0 | G28: =IF(COUNTIF(Experiencia!$O:$O,A28)<2,F28/(Información!$B$29*0.75),IF(OR(COUNTIF(Experiencia!$O:$O,A28)=3,COUNTIF(Experiencia!$O:$O,A28)=4)=TRUE,F28/(Información!$B$29*1.2),F28/(Información!$B$29*1.5))) -> 0 | I28: X | J28: X | K28: X | N28: JEOS | O28: JMVV | P28: CDT
A29: 20 | B29: INGENIERÍA Y CONSULTORÍA - INGECON S.A.S. | C29: ÁNGELA MARÍA DÁVILA MORALES | D29: =B29 -> INGENIERÍA Y CONSULTORÍA - INGECON S.A.S. | E29: 1 | F29: =SUMIF(Experiencia!D:D,D29,Experiencia!O:O) -> 0 | G29: =IF(COUNTIF(Experiencia!$O:$O,A29)<2,F29/(Información!$B$29*0.75),IF(OR(COUNTIF(Experiencia!$O:$O,A29)=3,COUNTIF(Experiencia!$O:$O,A29)=4)=TRUE,F29/(Información!$B$29*1.2),F29/(Información!$B$29*1.5))) -> 0 | I29: X | J29: X | L29: X | N29: JEOS | O29: JMVV | P29: CDT
A30: 21 | B30: INGEOCILCON S.A.S. | C30: LUZ DARY ARIAS SILVA | D30: =B30 -> INGEOCILCON S.A.S. | E30: 1 | F30: =SUMIF(Experiencia!D:D,D30,Experiencia!O:O) -> 0 | G30: =IF(COUNTIF(Experiencia!$O:$O,A30)<2,F30/(Información!$B$29*0.75),IF(OR(COUNTIF(Experiencia!$O:$O,A30)=3,COUNTIF(Experiencia!$O:$O,A30)=4)=TRUE,F30/(Información!$B$29*1.2),F30/(Información!$B$29*1.5))) -> 0 | I30: X | J30: X | K30: X | L30: X | N30: JEOS | O30: JMVV | P30: CDT
A31: 22 | B31: PROYECTISTAS ASOCIADOS S.A.S. | C31: OSCAR ANDRÉS PLAZAS ROLDAN | D31: =B31 -> PROYECTISTAS ASOCIADOS S.A.S. | E31: 1 | F31: =SUMIF(Experiencia!D:D,D31,Experiencia!O:O) -> 0 | G31: =IF(COUNTIF(Experiencia!$O:$O,A31)<2,F31/(Información!$B$29*0.75),IF(OR(COUNTIF(Experiencia!$O:$O,A31)=3,COUNTIF(Experiencia!$O:$O,A31)=4)=TRUE,F31/(Información!$B$29*1.2),F31/(Información!$B$29*1.5))) -> 0 | I31: X | J31: X | K31: X | N31: JEOS | O31: JMVV | P31: CDT
A32: 23 | B32: CONSORCIO EPSILON CAFETERO | C32: WILSON GIOVANNI URREA URREA | D32: PROYECTOS E INTERVENTORÍA S.A.S. - PI S.A.S. | E32: 0.7 | F32: =SUMIF(Experiencia!D:D,D32,Experiencia!O:O) -> 0 | G32: =IF(COUNTIF(Experiencia!$O:$O,A32)<2,F32/(Información!$B$29*0.75),IF(OR(COUNTIF(Experiencia!$O:$O,A32)=3,COUNTIF(Experiencia!$O:$O,A32)=4)=TRUE,F32/(Información!$B$29*1.2),F32/(Información!$B$29*1.5))) -> 0 | I32: X | J32: X | N32: JEOS | O32: JMVV | P32: CDT
D33: INGENIERÍA DE ESTUDIOS Y ASESORÍAS S.A.S. - INESAS S.A.S. | E33: 0.3 | F33: =SUMIF(Experiencia!D:D,D33,Experiencia!O:O) -> 0 | G33: =IF(COUNTIF(Experiencia!$O:$O,A32)<2,F33/(Información!$B$29*0.75),IF(OR(COUNTIF(Experiencia!$O:$O,A32)=3,COUNTIF(Experiencia!$O:$O,A32)=4)=TRUE,F33/(Información!$B$29*1.2),F33/(Información!$B$29*1.5))) -> 0
A34: 24 | B34: GPM PROYECTOS DE INGENIERÍA S.A.S. | C34: GONZALO EDUARDO PAZ MATALLANA | D34: =B34 -> GPM PROYECTOS DE INGENIERÍA S.A.S. | E34: 1 | F34: =SUMIF(Experiencia!D:D,D34,Experiencia!O:O) -> 0 | G34: =IF(COUNTIF(Experiencia!$O:$O,A34)<2,F34/(Información!$B$29*0.75),IF(OR(COUNTIF(Experiencia!$O:$O,A34)=3,COUNTIF(Experiencia!$O:$O,A34)=4)=TRUE,F34/(Información!$B$29*1.2),F34/(Información!$B$29*1.5))) -> 0 | I34: X | J34: X | N34: JEOS | O34: JMVV | P34: CDT
A35: 25 | B35: G Y G CONSTRUCCIONES S.A.S. | C35: CARLOS EDUARDO ESQUIVIA ESCOBAR | D35: =B35 -> G Y G CONSTRUCCIONES S.A.S. | E35: 1 | F35: =SUMIF(Experiencia!D:D,D35,Experiencia!O:O) -> 0 | G35: =IF(COUNTIF(Experiencia!$O:$O,A35)<2,F35/(Información!$B$29*0.75),IF(OR(COUNTIF(Experiencia!$O:$O,A35)=3,COUNTIF(Experiencia!$O:$O,A35)=4)=TRUE,F35/(Información!$B$29*1.2),F35/(Información!$B$29*1.5))) -> 0 | I35: X | J35: X | K35: X | N35: JEOS | O35: JMVV | P35: CDT
A36: 26 | B36: CONSORCIO CAPITAL | C36: FABIAN ANDRÉS VALLEJO PACHÓN | D36: VALLEJO H INGENIEROS CONSULTORES CONSTRUCTORES S.A.S. | E36: 0.5 | F36: =SUMIF(Experiencia!D:D,D36,Experiencia!O:O) -> 535.92 | G36: =IF(COUNTIF(Experiencia!$O:$O,A36)<2,F36/(Información!$B$29*0.75),IF(OR(COUNTIF(Experiencia!$O:$O,A36)=3,COUNTIF(Experiencia!$O:$O,A36)=4)=TRUE,F36/(Información!$B$29*1.2),F36/(Información!$B$29*1.5))) -> 2.1413245 | I36: X | J36: X | K36: X | L36: X | N36: JEOS | O36: JMVV | P36: CDT
D37: COMPAÑÍA CONSULTORA COLOMBIANA TRIPLE C S.A.S. | E37: 0.5 | F37: =SUMIF(Experiencia!D:D,D37,Experiencia!O:O) -> 773.78 | G37: =IF(COUNTIF(Experiencia!$O:$O,A36)<2,F37/(Información!$B$29*0.75),IF(OR(COUNTIF(Experiencia!$O:$O,A36)=3,COUNTIF(Experiencia!$O:$O,A36)=4)=TRUE,F37/(Información!$B$29*1.2),F37/(Información!$B$29*1.5))) -> 3.0917191
A38: 27 | B38: CONSORCIO INTERCOLOMBIA | C38: JOSÉ ANDRÉS MURILLO MAYORGA | D38: MIRS LATINOAMÉRICA S.A.S. | E38: 0.5 | F38: =SUMIF(Experiencia!D:D,D38,Experiencia!O:O) -> 0 | G38: =IF(COUNTIF(Experiencia!$O:$O,A38)<2,F38/(Información!$B$29*0.75),IF(OR(COUNTIF(Experiencia!$O:$O,A38)=3,COUNTIF(Experiencia!$O:$O,A38)=4)=TRUE,F38/(Información!$B$29*1.2),F38/(Información!$B$29*1.5))) -> 0 | I38: X | J38: X | K38: X | N38: JEOS | O38: JMVV | P38: CDT
D39: A2M PROYECTOS DE INGENIERÍA S.A.S. | E39: 0.5 | F39: =SUMIF(Experiencia!D:D,D39,Experiencia!O:O) -> 0 | G39: =IF(COUNTIF(Experiencia!$O:$O,A38)<2,F39/(Información!$B$29*0.75),IF(OR(COUNTIF(Experiencia!$O:$O,A38)=3,COUNTIF(Experiencia!$O:$O,A38)=4)=TRUE,F39/(Información!$B$29*1.2),F39/(Información!$B$29*1.5))) -> 0
A40: 28 | B40: R&J INGENIERÍA S.A.S. | C40: JUAN DIEGO JIMÉNEZ SERNA | D40: =B40 -> R&J INGENIERÍA S.A.S. | E40: 1 | F40: =SUMIF(Experiencia!D:D,D40,Experiencia!O:O) -> 0 | G40: =IF(COUNTIF(Experiencia!$O:$O,A40)<2,F40/(Información!$B$29*0.75),IF(OR(COUNTIF(Experiencia!$O:$O,A40)=3,COUNTIF(Experiencia!$O:$O,A40)=4)=TRUE,F40/(Información!$B$29*1.2),F40/(Información!$B$29*1.5))) -> 0 | I40: X | J40: X | N40: JEOS | O40: JMVV | P40: CDT
A41: 29 | B41: JPS INGENIERÍA S.A. | C41: JORGE ELIECER PARRA SALINAS | D41: =B41 -> JPS INGENIERÍA S.A. | E41: 1 | F41: =SUMIF(Experiencia!D:D,D41,Experiencia!O:O) -> 0 | G41: =IF(COUNTIF(Experiencia!$O:$O,A41)<2,F41/(Información!$B$29*0.75),IF(OR(COUNTIF(Experiencia!$O:$O,A41)=3,COUNTIF(Experiencia!$O:$O,A41)=4)=TRUE,F41/(Información!$B$29*1.2),F41/(Información!$B$29*1.5))) -> 0 | I41: X | J41: X | N41: JEOS | O41: JMVV | P41: CDT
A42: 30 | B42: HERNÁN DARÍO NARVÁEZ BALLESTA | C42: N/A | D42: =B42 -> HERNÁN DARÍO NARVÁEZ BALLESTA | E42: 1 | F42: =SUMIF(Experiencia!D:D,D42,Experiencia!O:O) -> 0 | G42: =IF(COUNTIF(Experiencia!$O:$O,A42)<2,F42/(Información!$B$29*0.75),IF(OR(COUNTIF(Experiencia!$O:$O,A42)=3,COUNTIF(Experiencia!$O:$O,A42)=4)=TRUE,F42/(Información!$B$29*1.2),F42/(Información!$B$29*1.5))) -> 0 | I42: X | J42: X | K42: X | N42: JEOS | O42: JMVV | P42: CDT
A43: 31 | B43: CONSORCIO VIAL M&M | C43: MARTHA L SALAZAR BERNAL | D43: METROCUBICO S.A.S. | E43: 0.05 | F43: =SUMIF(Experiencia!D:D,D43,Experiencia!O:O) -> 0 | G43: =IF(COUNTIF(Experiencia!$O:$O,A43)<2,F43/(Información!$B$29*0.75),IF(OR(COUNTIF(Experiencia!$O:$O,A43)=3,COUNTIF(Experiencia!$O:$O,A43)=4)=TRUE,F43/(Información!$B$29*1.2),F43/(Información!$B$29*1.5))) -> 0 | I43: X | J43: X | K43: X | N43: JEOS | O43: JMVV | P43: CDT
D44: MS INGENIERÍA S.A.S. | E44: 0.95 | F44: =SUMIF(Experiencia!D:D,D44,Experiencia!O:O) -> 0 | G44: =IF(COUNTIF(Experiencia!$O:$O,A43)<2,F44/(Información!$B$29*0.75),IF(OR(COUNTIF(Experiencia!$O:$O,A43)=3,COUNTIF(Experiencia!$O:$O,A43)=4)=TRUE,F44/(Información!$B$29*1.2),F44/(Información!$B$29*1.5))) -> 0
A45: 32 | B45: DONAL BOGOTÁ BAUTISTA | C45: N/A | D45: =B45 -> DONAL BOGOTÁ BAUTISTA | E45: 1 | F45: =SUMIF(Experiencia!D:D,D45,Experiencia!O:O) -> 0 | G45: =IF(COUNTIF(Experiencia!$O:$O,A45)<2,F45/(Información!$B$29*0.75),IF(OR(COUNTIF(Experiencia!$O:$O,A45)=3,COUNTIF(Experiencia!$O:$O,A45)=4)=TRUE,F45/(Información!$B$29*1.2),F45/(Información!$B$29*1.5))) -> 0 | I45: X | J45: X | K45: X | N45: JEOS | O45: JMVV | P45: CDT
A46: 33 | B46: CONSORCIO VIAL CALDAS 2021 | C46: EDWIN FERNANDO CADAVID GRANADA | D46: JORGE ÁLVARO SÁNCHEZ BLANCO | E46: 0.95 | F46: =SUMIF(Experiencia!D:D,D46,Experiencia!O:O) -> 900.01 | G46: =IF(COUNTIF(Experiencia!$O:$O,A46)<2,F46/(Información!$B$29*0.75),IF(OR(COUNTIF(Experiencia!$O:$O,A46)=3,COUNTIF(Experiencia!$O:$O,A46)=4)=TRUE,F46/(Información!$B$29*1.2),F46/(Información!$B$29*1.5))) -> 3.5960843 | I46: X | J46: X | K46: X | L46: X | N46: JEOS | O46: JMVV | P46: CDT
D47: DIEZ PLUS INGENIERÍA S.A.S. | E47: 0.05 | F47: =SUMIF(Experiencia!D:D,D47,Experiencia!O:O) -> 0 | G47: =IF(COUNTIF(Experiencia!$O:$O,A46)<2,F47/(Información!$B$29*0.75),IF(OR(COUNTIF(Experiencia!$O:$O,A46)=3,COUNTIF(Experiencia!$O:$O,A46)=4)=TRUE,F47/(Información!$B$29*1.2),F47/(Información!$B$29*1.5))) -> 0
A48: 34 | B48: INGENIERÍA MASTERS S.A.S. | C48: CLAUDIA DEL PILAR SUAREZ ANGARITA | D48: =B48 -> INGENIERÍA MASTERS S.A.S. | E48: 1 | F48: =SUMIF(Experiencia!D:D,D48,Experiencia!O:O) -> 0 | G48: =IF(COUNTIF(Experiencia!$O:$O,A48)<2,F48/(Información!$B$29*0.75),IF(OR(COUNTIF(Experiencia!$O:$O,A48)=3,COUNTIF(Experiencia!$O:$O,A48)=4)=TRUE,F48/(Información!$B$29*1.2),F48/(Información!$B$29*1.5))) -> 0 | I48: X | J48: X | K48: X | L48: X | N48: JEOS | O48: JMVV | P48: CDT
A49: 35 | B49: DF CONSULTORÍA S.A.S. | C49: CAMILO FONSECA CHAVES | D49: =B49 -> DF CONSULTORÍA S.A.S. | E49: 1 | F49: =SUMIF(Experiencia!D:D,D49,Experiencia!O:O) -> 0 | G49: =IF(COUNTIF(Experiencia!$O:$O,A49)<2,F49/(Información!$B$29*0.75),IF(OR(COUNTIF(Experiencia!$O:$O,A49)=3,COUNTIF(Experiencia!$O:$O,A49)=4)=TRUE,F49/(Información!$B$29*1.2),F49/(Información!$B$29*1.5))) -> 0 | I49: X | J49: X | L49: X | N49: JEOS | O49: JMVV | P49: CDT

Sheet Capacidad Juridica
A1: No. | B1: PROPONENTE | C1: CARTA PRESENTACIÓN | I1: CONFORMACIÓN CONSORCIAL | N1: CERTIFICADO DE EXISTENCIA Y REPRESENTACIÓN LEGAL | X1: CERTIFICADO DE INSCRIPCIÓN EN EL REGISTRO UNICO DE PROPONENTES (RUP) | AC1: GARANTIA DE SERIEDAD DE LA OFERTA | AH1: OTROS DOCUMENTOS | AO1: HABIL / NO HABIL / SUBSANAR | AP1: OBSERVACIONES
C2: PRESENTA | D2: REPRESENTANTE LEGAL | E2: INGENIERO QUE AVALA LA PROPUESTA (Nombre) Si es el mismo representante legal, repetir nombre | F2: MATRICULA PROFESIONAL (No. de la Tarjeta) | G2: CERTIFICADO COPNIA (Presenta/no presenta) | H2: VIGENCIA CERTIFICADO (Fecha Expedición) | I2: PRESENTA (SI/NO) | J2: TIPO (C/UT/I) | K2: DURACION (CUMPLE / NO CUMPLE) | L2: NOMBRE | M2: % PARTICIPACIÓN | N2: PRESENTA (SI/NO) | O2: FECHA DE EXPEDICIÓN | P2: DOMICILIO (Ciudad) | Q2: OBJETO SOCIAL | R2: DURACIÓN DE LA SOCIEDAD | S2: REPRESENTANTE LEGAL | T2: LIMITACIONES AL REPRESENTANTE LEGAL | U2: AUTORIZACIÓN DEL ORGANO SOCIAL | V2: NOMBRAMIENTO DEL REVISOR FISCAL | W2: FOTOCOPIA CÉDULA DEL REPRESENTANTE LEGAL | X2: PRESENTA (SI/NO) | Y2: FECHA DE EXPEDICIÓN (dd/mm/aaaa) | Z2: SANCIONES CONSIGNADAS EN EL RUP | AA2: RENOVADO | AB2: FIRMEZA RUP | AC2: FORMATO A FAVOR DE ENTIDADES ESTATALES | AD2: TOMADOR | AE2: VIGENCIA (HASTA) (DD/MM/AAAA) | AF2: VALOR ($) | AG2: BENEFICIARIO GOBERNACIÓN | AH2: CERTIFICADO DE ANTECEDENTES FISCALES DE LA CONTRALORIA GENERAL DE LA REPUBLICA | AI2: CERTIFICADO DE ANTECEDENTES DISCIPLINARIOS DE LA PROCURADURIA GENERAL DE LA NACION | AJ2: CERTIFICADO DE ANTECEDENTES JUDICIALES | AK2: CERTIFICACIÓN DE PAGOS DE SEGURIDAD SOCIAL Y APORTES PARAFISCALES | AL2: PACTO DE TRASPARENCIA | AM2: COPIA TARJETA PROFESIONAL CONTADOR O REVISOR FISCAL | AN2: ANTECEDENTES DISCIPLINARIOS JCC
A3: 1 | B3: =VLOOKUP($A3,Cierre!$A:$E,2,FALSE) -> CONSORCIO ORIÓN 136 | C3: PRESENTA | D3: =VLOOKUP($A3,Cierre!$A:$E,3,FALSE) -> LUIS ALEJANDRO MURCIA SALAMANCA | E3: LUIS ALEJANDRO MURCIA SALAMANCA | F3: 25202-81260CND | G3: PRESENTA | H3: 44338 | I3: PRESENTA | J3: C | K3: CUMPLE | L3: HIDROS DE COLOMBIA S.A.S. | M3: 0.05 | N3: PRESENTA | O3: 44386 | P3: BOGOTÁ D.C | Q3: CUMPLE | R3: CUMPLE | S3: LUIS ALEJANDRO MURCIA SALAMANCA | T3: N/A | U3: N/A | V3: N/A | W3: PRESENTA | X3: PRESENTA | Y3: 44386 | Z3: N/A | AA3: CUMPLE | AB3: CUMPLE | AC3: CUMPLE | AD3: CONSORCIO ORION 136 | AE3: 44543 | AF3: 65838606 | AG3: CUMPLE | AH3: CONSULTADOS ENTIDAD | AI3: CONSULTADOS ENTIDAD | AJ3: CONSULTADOS ENTIDAD | AK3: CUMPLE | AL3: CUMPLE | AM3: N/A | AN3: N/A | AO3: HÁBIL
L4: GERENCIA EN OBRAS CIVILES S.A.S. | M4: 0.95 | N4: PRESENTA | O4: 44383 | P4: BOGOTÁ D.C | Q4: CUMPLE | R4: CUMPLE | S4: JAIME ANDRÉS VILLABONA VALENCIA | T4: N/A | U4: N/A | V4: PRESENTA | W4: PRESENTA | X4: PRESENTA | Y4: 44383 | Z4: N/A | AA4: CUMPLE | AB4: CUMPLE | AH4: CONSULTADOS ENTIDAD | AI4: CONSULTADOS ENTIDAD | AJ4: CONSULTADOS ENTIDAD | AK4: CUMPLE | AL4: CUMPLE | AM4: CUMPLE | AN4: CUMPLE
A5: 2 | B5: =VLOOKUP($A5,Cierre!$A:$E,2,FALSE) -> ARM CONSULTING LTDA. | C5: PRESENTA | D5: =VLOOKUP($A5,Cierre!$A:$E,3,FALSE) -> ÁNGEL ARTURO RINCÓN SUÁREZ | E5: ÁNGEL ARTURO RINCÓN SUÁREZ | F5: 25202-81669 | G5: PRESENTA | H5: 44398 | I5: N/A | J5: I | K5: N/A | L5: ARM CONSULTING LTDA. | M5: 1 | N5: PRESENTA | O5: 25*-06-21 | P5: VILLAVIVENCIO | Q5: CUMPLE | R5: CUMPLE | S5: ÁNGEL ARTURO RINCÓN SUÁREZ | T5: N/A | U5: N/A | V5: PRESENTA | W5: PRESENTA | X5: PRESENTA | Y5: 44372 | Z5: N/A | AA5: CUMPLE | AB5: CUMPLE | AC5: CUMPLE | AD5: ARM CONSULTING LTDA | AE5: 44531 | AF5: 96155944 | AG5: CUMPLE | AH5: CUMPLE | AI5: CUMPLE | AJ5: CUMPLE | AK5: CUMPLE | AL5: CUMPLE | AM5: CUMPLE | AN5: CUMPLE | AO5: HÁBIL
A6: 3 | B6: =VLOOKUP($A6,Cierre!$A:$E,2,FALSE) -> INGECO INGENIERÍA DE CONSTRUCCIONES S.A.S. | C6: PRESENTA | D6: =VLOOKUP($A6,Cierre!$A:$E,3,FALSE) -> CARLOS MARIO ROLON AMAYA | E6: PEDRO ANTONIO GUTIÉRREZ BUSTILLO | F6: 08202-72599ATL | G6: PRESENTA | H6: 44335 | I6: N/A | J6: I | K6: N/A | L6: INGECO INGENIERÍA DE CONSTRUCCIONES S.A.S. | M6: 1 | N6: PRESENTA | O6: 44391 | P6: BOGOTÁ D.C | Q6: CUMPLE | R6: CUMPLE | S6: CARLOS MARIO ROLON AMAYA | T6: N/A | U6: N/A | V6: PRESENTA | W6: PRESENTA | X6: PRESENTA | Y6: 44364 | Z6: N/A | AA6: CUMPLE | AB6: CUMPLE | AC6: CUMPLE | AD6: INGENIERÍA DE CONSTRUCCIONES SAS | AE6: 44516 | AF6: 96155944 | AG6: CUMPLE | AH6: CUMPLE | AI6: CUMPLE | AJ6: CUMPLE | AK6: CUMPLE | AL6: CUMPLE | AM6: CUMPLE | AN6: CUMPLE | AO6: HÁBIL
A7: 4 | B7: =VLOOKUP($A7,Cierre!$A:$E,2,FALSE) -> INGENIERÍA DEL FUTURO S.A.S. | C7: PRESENTA | D7: =VLOOKUP($A7,Cierre!$A:$E,3,FALSE) -> ÁLVARO HERNANDO VERA AYALA | E7: ÁLVARO HERNANDO VERA AYALA | F7: 25202-315979 | G7: PRESENTA | H7: 44323 | I7: N/A | J7: I | K7: N/A | L7: INGENIERÍA DEL FUTURO S.A.S. | M7: 1 | N7: PRESENTA | O7: 44364 | P7: BOGOTÁ D.C | Q7: CUMPLE | R7: CUMPLE | S7: ÁLVARO HERNANDO VERA AYALA | T7: N/A | U7: N/A | V7: N/A | W7: PRESENTA | X7: PRESENTA | Y7: 44375 | Z7: N/A | AA7: CUMPLE | AB7: CUMPLE | AC7: CUMPLE | AD7: INGENIERÍA DEL FUTURO SAS | AE7: 44546 | AF7: 96155944 | AG7: CUMPLE | AH7: CUMPLE | AI7: CONSULTADOS ENTIDAD | AJ7: CONSULTADOS ENTIDAD | AK7: CUMPLE | AL7: CUMPLE | AM7: N/A | AN7: N/A | AO7: HÁBIL
A8: 5 | B8: =VLOOKUP($A8,Cierre!$A:$E,2,FALSE) -> R&M CONSTRUCCIONES E INTERVENTORÍAS S.A.S. | C8: PRESENTA | D8: =VLOOKUP($A8,Cierre!$A:$E,3,FALSE) -> CESAR EDUARDO GÓMEZ GÓMEZ | E8: CÉSAR EDUARDO GÓMEZ GÓMEZ | F8: 25202-18992CND | G8: PRESENTA | H8: 44312 | I8: N/A | J8: I | K8: CUMPLE | L8: R&M CONSTRUCCIONES E INTERVENTORÍAS S.A.S. | M8: 1 | N8: PRESENTA | O8: 44375 | P8: BOGOTÁ D.C | Q8: CUMPLE | R8: CUMPLE | S8: CÉSAR EDUARDO GÓMEZ GÓMEZ | T8: N/A | U8: N/A | V8: PRESENTA | W8: PRESENTA | X8: PRESENTA | Y8: 44375 | Z8: N/A | AA8: CUMPLE | AB8: CUMPLE | AC8: CUMPLE | AD8: R & M CONSTRUCCIONES E INTERVENTORÍA SAS | AE8: 44528 | AF8: 96155944 | AG8: CUMPLE | AH8: CUMPLE | AI8: CUMPLE | AJ8: CUMPLE | AK8: CUMPLE | AL8: CUMPLE | AM8: CUMPLE | AN8: CUMPLE | AO8: HÁBIL
A9: 6 | B9: =VLOOKUP($A9,Cierre!$A:$E,2,FALSE) -> CONSORCIO INTERVIAL CALDAS 010 | C9: PRESENTA | D9: =VLOOKUP($A9,Cierre!$A:$E,3,FALSE) -> NAIRA DEL CARMEN HERNÁNDEZ LUGO | E9: CLÍMACO MIGUEL RODRÍGUEZ JULIO | F9: 082020-101215 | G9: PRESENTA | H9: 44312 | I9: PRESENTA | J9: C | K9: CUMPLE | L9: MAAF S.A.S. | M9: 0.75 | N9: PRESENTA | O9: 44385 | P9: MONTERÍA | Q9: CUMPLE | R9: CUMPLE | S9: NAIRA DEL CARMEN HERNÁNDEZ LUGO | T9: N/A | U9: N/A | V9: PRESENTA | W9: PRESENTA | X9: PRESENTA | Y9: 44385 | Z9: N/A | AA9: CUMPLE | AB9: CUMPLE | AC9: CUMPLE | AD9: CONSORCIO INTERVIAL CALDAS 010 | AE9: 44499 | AF9: 96155944 | AG9: CUMPLE | AH9: CUMPLE | AI9: CUMPLE | AJ9: CUMPLE | AK9: CUMPLE | AL9: CUMPLE | AM9: CUMPLE | AN9: CUMPLE | AO9: HÁBIL
L10: CONSTRUOBRAS C&M S.A.S. | M10: 0.25 | N10: PRESENTA | O10: 44385 | P10: LORICA | Q10: CUMPLE | R10: CUMPLE | S10: CLIMACO MIGUEL RODRÍGUEZ JULIO | T10: N/A | U10: N/A | V10: PRESENTA | W10: PRESENTA | X10: PRESENTA | Y10: 44371 | Z10: N/A | AA10: CUMPLE | AB10: CUMPLE | AH10: CUMPLE | AI10: CUMPLE | AJ10: CUMPLE | AK10: CUMPLE | AL10: CUMPLE | AM10: CUMPLE | AN10: CUMPLE
A11: 7 | B11: =VLOOKUP($A11,Cierre!$A:$E,2,FALSE) -> CARMONA CARVAJAL INGENIEROS S.A.S. | C11: PRESENTA | D11: =VLOOKUP($A11,Cierre!$A:$E,3,FALSE) -> JHON FABER CARMONA MEJÍA | E11: JHON FABER CARMONA MEJÍA | F11: 63202-42081QND | G11: PRESENTA | H11: 44370 | I11: N/A | J11: I | K11: N/A | L11: CARMONA CARVAJAL INGENIEROS S.A.S. | M11: 1 | N11: PRESENTA | O11: 44375 | P11: ARMENIA | Q11: CUUMPLE | R11: CUMPLE | S11: JHON FABER CARMONA MEJÍA | T11: N/A | U11: N/A | V11: N/A | W11: PRESENTA | X11: PRESENTA | Y11: 44375 | Z11: N/A | AA11: CUMPLE | AB11: CUMPLE | AC11: CUMPLE | AD11: CARMONA CARVAJAL INGENIEROS SAS | AE11: 44499 | AF11: 96155944 | AG11: CUMPLE | AH11: CUMPLE | AI11: CUMPLE | AJ11: CUMPLE | AK11: CUMPLE | AL11: CUMPLE | AM11: CUMPLE | AN11: CUMPLE | AO11: HÁBIL
A12: 8 | B12: =VLOOKUP($A12,Cierre!$A:$E,2,FALSE) -> CONSORCIO INTERVIAS CALDAS | C12: PRESENTA | D12: =VLOOKUP($A12,Cierre!$A:$E,3,FALSE) -> PEDRO JOSÉ CORREDOR BECERRA | E12: PEDRO JOSÉ CORREDOR BECERRA | F12: 01196-0427 | G12: PRESENTA | H12: 44336 | I12: PRESENTA | J12: C | K12: CUMPLE | L12: PEDRO JOSÉ CORREDOR BECERRA | M12: 0.5 | N12: N/A | O12: N/A | P12: N/A | Q12: N/A | R12: N/A | S12: N/A | T12: N/A | U12: N/A | V12: N/A | W12: PRESENTA | X12: PRESENTA | Y12: 44384 | Z12: N/A | AA12: CUMPLE | AB12: CUMPLE | AC12: CUMPLE | AD12: CONSORCIO INTERVÍAS CALDAS | AE12: 44492 | AF12: 30317338 | AG12: CUMPLE | AH12: CUMPLE | AI12: CUMPLE | AJ12: CUMPLE | AK12: CUMPLE | AL12: CUMPLE | AM12: N/A | AN12: N/A | AO12: HÁBIL
L13: JORGE WILLAN CORZO GARCÍA | M13: 0.25 | N13: N/A | O13: N/A | P13: N/A | Q13: N/A | R13: N/A | S13: N/A | T13: N/A | U13: N/A | V13: N/A | W13: PRESENTA | X13: PRESENTA | Y13: 44392 | Z13: N/A | AA13: CUMPLE | AB13: CUMPLE | AH13: CUMPLE | AI13: CUMPLE | AJ13: CUMPLE | AK13: CUMPLE | AL13: CUMPLE | AM13: N/A | AN13: N/A
L14: GERMAN ALONSO PUENTES GORDO | M14: 0.25 | N14: N/A | O14: N/A | P14: N/A | Q14: N/A | R14: N/A | S14: N/A | T14: N/A | U14: N/A | V14: N/A | W14: PRESENTA | X14: PRESENTA | Y14: 44375 | Z14: N/A | AA14: CUMPLE | AB14: CUMPLE | AH14: CUMPLE | AI14: CUMPLE | AJ14: CUMPLE | AK14: CUMPLE | AL14: CUMPLE | AM14: N/A | AN14: N/A
A15: 9 | B15: =VLOOKUP($A15,Cierre!$A:$E,2,FALSE) -> ARA INGENIERÍA S.A.S. | C15: PRESENTA | D15: =VLOOKUP($A15,Cierre!$A:$E,3,FALSE) -> KERLY GIOVANNA CUELLAR OBREGÓN | E15: GABRIEL ALFONSO LOZANO | F15: 25202-44828CND | G15: PRESENTA | H15: 44377 | I15: N/A | J15: I | K15: N/A | L15: ARA INGENIERÍA S.A.S. | M15: 1 | N15: PRESENTA | O15: 44364 | P15: BOGOTÁ D.C | Q15: CUMPLE | R15: CUMPLE | S15: KERLY GIOVANNA CUÉLLAR OBREGÓN | T15: N/A | U15: N/A | V15: PRESENTA | W15: PRESENTA | X15: PRESENTA | Y15: 44370 | Z15: N/A | AA15: CUMPLE | AB15: CUMPLE | AC15: CUMPLE | AD15: ARA INGENIERÍA SAS | AE15: 44546 | AF15: 96155944 | AG15: CUMPLE | AH15: CUMPLE | AI15: CUMPLE | AJ15: CONSULTADOS ENTIDAD | AK15: CUMPLE | AL15: CUMPLE | AM15: N/A | AN15: N/A | AO15: HÁBIL
A16: 10 | B16: =VLOOKUP($A16,Cierre!$A:$E,2,FALSE) -> HR INGENIERÍA S.A.S. | C16: PRESENTA | D16: =VLOOKUP($A16,Cierre!$A:$E,3,FALSE) -> YELMAN YOHANI HERNÁNDEZ ROJAS | E16: YELMAN YOHANI HERNÁNDEZ ROJAS | F16: 25202-092706CN | G16: PRESENTA | H16: 44400 | I16: N/A | J16: I | K16: N/A | L16: HR INGENIERÍA S.A.S. | M16: 1 | N16: PRESENTA | O16: 44386 | P16: BOGOTÁ D.C | Q16: CUMPLE | R16: CUMPLE | S16: YELMAN YOHANI HERNÁNDEZ ROJAS | T16: N/A | U16: N/A | V16: N/A | W16: PRESENTA | X16: PRESENTA | Y16: 44376 | Z16: N/A | AA16: CUMPLE | AB16: CUMPLE | AC16: CUMPLE | AD16: HR INGENIERÍA SAS | AE16: 44531 | AF16: 30317337 | AG16: CUMPLE | AH16: CUMPLE | AI16: CUMPLE | AJ16: CUMPLE | AK16: CUMPLE | AL16: CUMPLE | AM16: N/A | AN16: N/A | AO16: HÁBIL
A17: 11 | B17: =VLOOKUP($A17,Cierre!$A:$E,2,FALSE) -> UNIÓN TEMPORAL INNOVA | C17: PRESENTA | D17: =VLOOKUP($A17,Cierre!$A:$E,3,FALSE) -> ALEJANDRO HERRERA DUQUE | E17: ALEJANDRO HERRERA DUQUE | F17: 17202-154624CLD | G17: PRESENTA | H17: 44400 | I17: PRESENTA | J17: UT | K17: CUMPLE | L17: INNOVA PROYECTOS S.A.S. | M17: 0.7 | N17: PRESENTA | O17: 44391 | P17: MANIZALES | Q17: CUMPLE | R17: CUMPLE | S17: ALEJANDRO HERRERA DUQUE | T17: N/A | U17: N/A | V17: N/A | W17: PRESENTA | X17: PRESENTA | Y17: 44363 | Z17: N/A | AA17: CUMPLE | AB17: CUMPLE | AC17: CUMPLE | AD17: U.T INNOVA | AE17: 44495 | AF17: 28688722 | AG17: CUMPLE | AH17: CUMPLE | AI17: CUMPLE | AJ17: CONSULTADOS ENTIDAD | AK17: CUMPLE | AL17: CUMPLE | AM17: N/A | AN17: N/A | AO17: HÁBIL
L18: DQ INGENIERÍA S.A.S. | M18: 0.3 | N18: PRESENTA | O18: 44378 | P18: MANIZALES | Q18: CUMPLE | R18: CUMPLE | S18: DARÍO DE JESÚS QUINTERO PALACIO | T18: N/A | U18: N/A | V18: PRESENTA | W18: PRESENTA | X18: PRESENTA | Y18: 44390 | Z18: N/A | AA18: CUMPLE | AB18: CUMPLE | AH18: CUMPLE | AI18: CUMPLE | AJ18: CONSULTADOS ENTIDAD | AK18: CUMPLE | AL18: CUMPLE | AM18: CUMPLE | AN18: CUMPLE
A19: 12 | B19: =VLOOKUP($A19,Cierre!$A:$E,2,FALSE) -> PAULO EMILIO BRAVO CONSULTORES S.A.S. | C19: PRESENTA | D19: =VLOOKUP($A19,Cierre!$A:$E,3,FALSE) -> MANUEL JOSÉ BRAVO FERNÁNDEZ | E19: MANUEL JOSÉ BRAVO FERNÁNDEZ | F19: 19000-00891CAU | G19: PRESENTA | H19: 44351 | I19: N/A | J19: I | K19: N/A | L19: PAULO EMILIO BRAVO CONSULTORES S.A.S. | M19: 1 | N19: PRESENTA | O19: 44375 | P19: CALI | Q19: CUMPLE | R19: CUMPLE | S19: MANUEL JOSÉ BRAVO FERNÁNDEZ | T19: N/A | U19: N/A | V19: PRESENTA | W19: PRESENTA | X19: PRESENTA | Y19: 44375 | Z19: N/A | AA19: CUMPLE | AB19: CUMPLE | AC19: CUMPLE | AD19: PAULO EMILIO BRAVO CONSULTORES SAS | AE19: 44516 | AF19: 96155944 | AG19: CUMPLE | AH19: CUMPLE | AI19: CUMPLE | AJ19: CUMPLE | AK19: CUMPLE | AL19: CUMPLE | AM19: CUMPLE | AN19: CUMPLE | AO19: HÁBIL
A20: 13 | B20: =VLOOKUP($A20,Cierre!$A:$E,2,FALSE) -> CONSORCIO NP MANIZALES | C20: PRESENTA | D20: =VLOOKUP($A20,Cierre!$A:$E,3,FALSE) -> MARÍA CLARA POTES MAZUERA | E20: MARÍA CLARA POTES MAZUERA | F20: 17202-130146CLD | G20: PRESENTA | H20: 44400 | I20: PRESENTA | J20: C | K20: CUMPLE | L20: ALVARO HERNANDO NARANJO OLAYA | M20: 0.6 | N20: N/A | O20: N/A | P20: N/A | Q20: N/A | R20: N/A | S20: N/A | T20: N/A | U20: N/A | V20: N/A | W20: PRESENTA | X20: PRESENTA | Y20: 44358 | Z20: N/A | AA20: CUMPLE | AB20: CUMPLE | AC20: CUMPLE | AD20: CONSORCIO NP MANIZALES | AE20: 44494 | AF20: 96156000 | AG20: CUMPLE | AH20: CUMPLE | AI20: CUMPLE | AJ20: CUMPLE | AK20: CUMPLE | AL20: CUMPLE | AM20: N/A | AN20: N/A | AO20: HÁBIL | AP20: subsanado
L21: MARIA CLARA POTES MAZUERA | M21: 0.4 | N21: N/A | O21: N/A | P21: N/A | Q21: N/A | R21: N/A | S21: N/A | T21: N/A | U21: N/A | V21: N/A | W21: PRESENTA | X21: PRESENTA | Y21: 44358 | Z21: N/A | AA21: CUMPLE | AB21: CUMPLE | AH21: CUMPLE | AI21: CUMPLE | AJ21: CUMPLE | AK21: CUMPLE | AL21: CUMPLE | AM21: N/A | AN21: N/A
A22: 14 | B22: =VLOOKUP($A22,Cierre!$A:$E,2,FALSE) -> CONSORCIO DS7 | C22: PRESENTA | D22: =VLOOKUP($A22,Cierre!$A:$E,3,FALSE) -> EDGAR HERNÁN GUEVARA MARTÍNEZ | E22: ÉDGAR HERNÁN GUEVARA MARTÍNEZ | F22: 19202-21640CAU | G22: PRESENTA | H22: 44400 | I22: PRESENTA | J22: C | K22: CUMPLE | L22: DIN S.A.S. | M22: 0.6 | N22: PRESENTA | O22: 44384 | P22: BOGOTÁ D.C | Q22: CUMPLE | R22: CUMPLE | S22: ÉDGAR HERNÁN GUEVARA MARTÍNEZ | T22: PRESENTA | U22: PRESENTA | V22: N/A | W22: PRESENTA | X22: PRESENTA | Y22: 44372 | Z22: PRESENTA | AA22: CUMPLE | AB22: CUMPLE | AC22: CUMPLE | AD22: CONSORCIO DS7 | AE22: 44516 | AF22: 65838606 | AG22: CUMPLE | AH22: CUMPLE | AI22: CUMPLE | AJ22: CUMPLE | AK22: CUMPLE | AL22: CUMPLE | AM22: N/A | AN22: N/A | AO22: HÁBIL
L23: SEING S.A.S. BIC | M23: 0.4 | N23: PRESENTA | O23: 44389 | P23: BOGOTÁ D.C | Q23: CUMPLE | R23: CUMPLE | S23: LUIS ALEJANDRO GONZÁLEZ CAMARGO (CUPLENTE) | T23: N/A | U23: N/A | V23: PRESENTA | W23: PRESENTA | X23: PRESENTA | Y23: 44365 | Z23: N/A | AA23: CUMPLE | AB23: CUMPLE | AH23: CUMPLE | AI23: CUMPLE | AJ23: CUMPLE | AK23: CUMPLE | AL23: CUMPLE | AM23: CUMPLE | AN23: CUMPLE
A24: 15 | B24: =VLOOKUP($A24,Cierre!$A:$E,2,FALSE) -> CIMAG S.A.S. | C24: PRESENTA | D24: =VLOOKUP($A24,Cierre!$A:$E,3,FALSE) -> HÉCTOR MAURICIO GUTIÉRREZ TRUJILLO | E24: HÉCTOR MAURICIO GUTIÉRREZ TRUJILLO | F24: 172202-46456CLD | G24: PRESENTA | I24: N/A | J24: I | K24: N/A | L24: CIMAG S.A.S. | M24: 1 | N24: PRESENTA | O24: 44350 | P24: MEDELLÍN | Q24: CUMPLE | R24: CUMPLE | S24: HÉCTOR MAURICIO GUTIÉRREZ TRUJILLO | T24: N/A | U24: N/A | V24: N/A | W24: PRESENTA | X24: PRESENTA | Y24: 44358 | Z24: N/A | AA24: CUMPLE | AB24: CUMPLE | AC24: CUMPLE | AD24: CIMAG SAS | AE24: 44485 | AF24: 96155944 | AG24: CUMPLE | AH24: CUMPLE | AI24: CUMPLE | AJ24: CUMPLE | AK24: CUMPLE | AL24: CUMPLE | AM24: N/A | AN24: N/A | AO24: HÁBIL | AP24: subsanado
A25: 16 | B25: =VLOOKUP($A25,Cierre!$A:$E,2,FALSE) -> CONSORCIO VÍAS CALDAS | C25: PRESENTA | D25: =VLOOKUP($A25,Cierre!$A:$E,3,FALSE) -> ANA MIREYA ARAGÓN PINZÓN | E25: ANA MIREYA ARAGÓN PINZÓN | F25: 25202-100457CND | G25: PRESENTA | H25: 44341 | I25: PRESENTA | J25: C | K25: CUMPLE | L25: CONSULTORES DESARROLLO Y AMBIENTE S.A.S. | M25: 0.3 | N25: PRESENTA | O25: 44363 | P25: BOGOTÁ D.C | Q25: CUMPLE | R25: CUMPLE | S25: RICARDO MORENO GARCÍA | T25: N/A | U25: N/A | V25: N/A | W25: PRESENTA | X25: PRESENTA | Y25: 44363 | Z25: N/A | AA25: CUMPLE | AB25: CUMPLE | AC25: CUMPLE | AD25: CONSORCIO VÍAS CALDAS | AE25: 44516 | AF25: 96155944 | AG25: CUMPLE | AH25: CUMPLE | AI25: CUMPLE | AJ25: CUMPLE | AK25: CUMPLE | AL25: CUMPLE | AM25: N/A | AN25: N/A | AO25: HÁBIL
L26: CONSTRUCTORA INGETEC S.A.S. | M26: 0.7 | N26: PRESENTA | O26: 44363 | P26: BOGOTÁ D.C | Q26: CUMPLE | R26: CUMPLE | S26: DIEGO FERNEY ARAGÓN PINZÓN | T26: N/A | U26: N/A | V26: N/A | W26: PRESENTA | X26: PRESENTA | Y26: 44363 | Z26: N/A | AA26: CUMPLE | AB26: CUMPLE | AH26: CUMPLE | AI26: CUMPLE | AJ26: CUMPLE | AK26: CUMPLE | AL26: CUMPLE | AM26: N/A | AN26: N/A
A27: 17 | B27: =VLOOKUP($A27,Cierre!$A:$E,2,FALSE) -> ORGANIZACIÓN VICAN S.A.S. | C27: PRESENTA | D27: =VLOOKUP($A27,Cierre!$A:$E,3,FALSE) -> ANDRÉS ARBOLEDA SALAZAR | E27: ANDRÉS ARBOLEDA SALAZAR | F27: 25202-156916CND | G27: PRESENTA | H27: 44365 | I27: N/A | J27: I | K27: N/A | L27: ORGANIZACIÓN VICAN S.A.S. | M27: 1 | N27: PRESENTA | O27: 44375 | P27: BOGOTÁ D.C | Q27: CUMPLE | R27: CUMPLE | S27: ANDRÉS ARBOLEDA SALAZAR | T27: N/A | U27: N/A | V27: N/A | W27: PRESENTA | X27: PRESENTA | Y27: 44368 | Z27: N/A | AA27: CUMPLE | AB27: CUMPLE | AC27: CUMPLE | AD27: ORGANIZACIÓN VICAN SAS | AE27: 44546 | AF27: 30317438 | AG27: CUMPLE | AH27: CUMPLE | AI27: CUMPLE | AJ27: CUMPLE | AK27: CUMPLE | AL27: CUMPLE | AM27: N/A | AN27: N/A | AO27: HÁBIL
A28: 18 | B28: =VLOOKUP($A28,Cierre!$A:$E,2,FALSE) -> ICONSULTING S.A.S. | C28: PRESENTA | D28: =VLOOKUP($A28,Cierre!$A:$E,3,FALSE) -> SILVANA VERGARA HERNÁNDEZ | E28: SILVANA VERGARA HERNÁNDEZ | F28: 05202-106381ANT | G28: PRESENTA | H28: 44403 | I28: N/A | J28: I | K28: N/A | L28: ICONSULTING S.A.S. | M28: 1 | N28: PRESENTA | O28: 44377 | P28: MEDELLÍN | Q28: CUMPLE | R28: CUMPLE | S28: SILVANA VERGARA HERNÁNDEZ | T28: N/A | U28: N/A | V28: PRESENTA | W28: PRESENTA | X28: PRESENTA | Y28: 44377 | Z28: N/A | AA28: CUMPLE | AB28: CUMPLE | AC28: CUMPLE | AD28: INCONSULTING SAS | AE28: 44516 | AF28: 96155944 | AG28: CUMPLE | AH28: CUMPLE | AI28: CUMPLE | AJ28: CONSULTADOS ENTIDAD | AK28: CUMPLE | AL28: CUMPLE | AM28: CUMPLE | AN28: CUMPLE | AO28: HÁBIL
A29: 19 | B29: =VLOOKUP($A29,Cierre!$A:$E,2,FALSE) -> TOTALL S.A.S. | C29: PRESENTA | D29: =VLOOKUP($A29,Cierre!$A:$E,3,FALSE) -> JUAN CARLOS MORALES RIVERA | E29: JUAN CARLOS MORALES RIVERA | F29: 25202-190294CND | G29: PRESENTA | H29: 44388 | I29: N/A | J29: I | K29: N/A | L29: TOTALL S.A.S. | M29: 1 | N29: PRESENTA | O29: 44383 | P29: BOGOTÁ D.C | Q29: CUMPLE | R29: CUMPLE | S29: JUAN CARLOS MORALES RIVERA (SUPLENTE) | T29: N/A | U29: N/A | V29: N/A | W29: PRESENTA | X29: PRESENTA | Y29: 44383 | Z29: N/A | AA29: CUMPLE | AB29: CUMPLE | AC29: CUMPLE | AD29: TOTALL SAS | AE29: 44495 | AF29: 28688722 | AG29: CUMPLE | AH29: CUMPLE | AI29: CUMPLE | AJ29: CUMPLE | AK29: CUMPLE | AL29: CUMPLE | AM29: N/A | AN29: N/A | AO29: HÁBIL
A30: 20 | B30: =VLOOKUP($A30,Cierre!$A:$E,2,FALSE) -> INGENIERÍA Y CONSULTORÍA - INGECON S.A.S. | C30: PRESENTA | D30: =VLOOKUP($A30,Cierre!$A:$E,3,FALSE) -> ÁNGELA MARÍA DÁVILA MORALES | E30: ÁNGELA MARÍA DÁVILA MORALES | F30: 17202-153798CLD | G30: PRESENTA | H30: 44350 | I30: N/A | J30: I | K30: N/A | L30: INGENIERÍA Y CONSULTORÍA - INGECON S.A.S. | M30: 1 | N30: PRESENTA | O30: 44378 | P30: BOGOTÁ D.C | Q30: CUMPLE | R30: CUMPLE | S30: ÁNGELA MARÍA DÁVILA MORALES | T30: N/A | U30: N/A | V30: PRESENTA | W30: PRESENTA | X30: PRESENTA | Y30: 44370 | Z30: N/A | AA30: CUMPLE | AB30: CUMPLE | AC30: CUMPLE | AD30: INGECON SAS | AE30: 16-102-21 | AF30: 30317437 | AG30: CUMPLE | AH30: CUMPLE | AI30: CUMPLE | AJ30: CUMPLE | AK30: CUMPLE | AL30: CUMPLE | AM30: CUMPLE | AN30: CUMPLE | AO30: HÁBIL
A31: 21 | B31: =VLOOKUP($A31,Cierre!$A:$E,2,FALSE) -> INGEOCILCON S.A.S. | C31: PRESENTA | D31: =VLOOKUP($A31,Cierre!$A:$E,3,FALSE) -> LUZ DARY ARIAS SILVA | E31: EDWIN HERNAN OSPINA MOLINA | F31: 05202-75393 ANT | G31: PRESENTA | H31: 44368 | I31: N/A | J31: I | K31: N/A | L31: INGEOCILCON S.A.S. | M31: 1 | N31: PRESENTA | O31: 44387 | P31: MEDELLIN | Q31: CUMPLE | R31: CUMPLE | S31: LUZ DARY ARIAS SILVA | T31: NO PRESENTA | U31: N/A | V31: N/A | W31: PRESENTA | X31: PRESENTA | Y31: 44387 | Z31: NO PRESENTA | AA31: CUMPLE | AB31: CUMPLE | AC31: CUMPLE | AD31: INGEOCILCON S.A.S | AE31: 44516 | AF31: 30.317.337.80 | AG31: CUMPLE | AH31: CUMPLE | AI31: CUMPLE | AJ31: CUMPLE | AK31: CUMPLE | AL31: CUMPLE | AM31: N/A | AN31: N/A | AO31: HÁBIL
A32: 22 | B32: =VLOOKUP($A32,Cierre!$A:$E,2,FALSE) -> PROYECTISTAS ASOCIADOS S.A.S. | C32: PRESENTA | D32: =VLOOKUP($A32,Cierre!$A:$E,3,FALSE) -> OSCAR ANDRÉS PLAZAS ROLDAN | E32: OSCAR ANDRES PLAZAS ROLDAN | F32: 25202-140254 CND | G32: PRESENTA | H32: 44384 | I32: N/A | J32: I | K32: N/A | L32: PROYECTISTAS ASOCIADOS S.A.S. | M32: 1 | N32: PRESENTA | O32: 44398 | P32: BOGOTA D.C | Q32: CUMPLE | R32: CUMPLE | S32: OSCAR ANDRES PLAZAS ROLDAN | T32: NO PRESENTA | U32: N/A | V32: N/A | W32: PRESENTA | X32: PRESENTA | Y32: 44398 | Z32: NO PRESENTA | AA32: CUMPLE | AB32: CUMPLE | AC32: CUMPLE | AD32: PROYECTISTAS ASOCIADOS S.A.S. | AE32: 44492 | AF32: 28.688.721.70 | AG32: CUMPLE | AH32: CUMPLE | AI32: CUMPLE | AJ32: CUMPLE | AK32: CUMPLE | AL32: CUMPLE | AM32: N/A | AN32: N/A | AO32: HÁBIL
A33: 23 | B33: =VLOOKUP($A33,Cierre!$A:$E,2,FALSE) -> CONSORCIO EPSILON CAFETERO | C33: PRESENTA | D33: =VLOOKUP($A33,Cierre!$A:$E,3,FALSE) -> WILSON GIOVANNI URREA URREA | E33: WILSON GIOVANNI URREA URREA | F33: 25202-47653 CND | G33: PRESENTA | H33: 44398 | I33: PRESENTA | J33: C | K33: CUMPLE | L33: PROYECTOS E INTERVENTORÍA S.A.S. - PI S.A.S. | M33: 0.7 | N33: PRESENTA | O33: 44403 | P33: BOGOTA D.C | Q33: CUMPLE | R33: CUMPLE | S33: WILSON GIOVANNI URREA URREA | T33: NO PRESENTA | U33: N/A | V33: N/A | W33: PRESENTA | X33: PRESENTA | Y33: 44373 | Z33: NO PRESENTA | AA33: CUMPLE | AB33: CUMPLE | AC33: CUMPLE | AD33: CONSORCIO EPSILON CAFETERO | AE33: 44526 | AF33: 96.155.943.50 | AG33: CUMPLE | AH33: CUMPLE | AI33: CUMPLE | AJ33: CUMPLE | AK33: CUMPLE | AL33: CUMPLE | AM33: CUMPLE | AN33: CUMPLE | AO33: HÁBIL
L34: INGENIERÍA DE ESTUDIOS Y ASESORÍAS S.A.S. - INESAS S.A.S. | M34: 0.3 | N34: PRESENTA | O34: 44403 | P34: BOGOTA D.C | Q34: CUMPLE | R34: CUMPLE | S34: HENRY ALEXANDER URREA URREA | T34: NO PRESENTA | U34: N/A | V34: N/A | W34: PRESENTA | X34: PRESENTA | Y34: 44373 | Z34: NO PRESENTA | AA34: CUMPLE | AB34: CUMPLE | AH34: CUMPLE | AI34: CUMPLE | AJ34: CUMPLE | AK34: CUMPLE | AL34: CUMPLE | AM34: CUMPLE | AN34: CUMPLE
A35: 24 | B35: =VLOOKUP($A35,Cierre!$A:$E,2,FALSE) -> GPM PROYECTOS DE INGENIERÍA S.A.S. | C35: PRESENTA | D35: =VLOOKUP($A35,Cierre!$A:$E,3,FALSE) -> GONZALO EDUARDO PAZ MATALLANA | E35: GONZALO EDUARDO PAZ MATALLANA | F35: 76202-81101-VLL | G35: PRESENTA | H35: 44392 | I35: N/A | J35: I | K35: N/A | L35: GPM PROYECTOS DE INGENIERÍA S.A.S. | M35: 1 | N35: PRESENTA | O35: 44366 | P35: CALI | Q35: CUMPLE | R35: CUMPLE | S35: GONZALO EDUARDO PAZ MATALLANA | T35: NO PRESENTA | U35: N/A | V35: N/A | W35: PRESENTA | X35: PRESENTA | Y35: 44366 | Z35: NO PRESENTA | AA35: CUMPLE | AB35: CUMPLE | AC35: CUMPLE | AD35: GPM PROYECTOS DE INGENIERIA S.A.S. | AE35: 44495 | AF35: 57.088.810.20 | AG35: CUMPLE | AH35: CUMPLE | AI35: CUMPLE | AJ35: CONSULTADOS ENTIDAD | AK35: CUMPLE | AL35: CUMPLE | AM35: N/A | AN35: N/A | AO35: HÁBIL
A36: 25 | B36: =VLOOKUP($A36,Cierre!$A:$E,2,FALSE) -> G Y G CONSTRUCCIONES S.A.S. | C36: PRESENTA | D36: =VLOOKUP($A36,Cierre!$A:$E,3,FALSE) -> CARLOS EDUARDO ESQUIVIA ESCOBAR | E36: AIXA MILENA BLANCO PATERNINA | F36: 08202-102569 ATL | G36: PRESENTA | H36: 44349 | I36: N/A | J36: I | K36: N/A | L36: G Y G CONSTRUCCIONES S.A.S. | M36: 1 | N36: PRESENTA | O36: 44370 | P36: FOSCA | Q36: CUMPLE | R36: CUMPLE | S36: ARLOS EDUARDO ESQUIVIA ESCOBAR | T36: NO PRESENTA | U36: N/A | V36: N/A | W36: PRESENTA | X36: PRESENTA | Y36: 44392 | Z36: PRESENTA | AA36: CUMPLE | AB36: CUMPLE | AC36: CUMPLE | AD36: G Y G CONSTRUCCIONES S.A.S | AE36: 44516 | AF36: 96.155.943.50 | AG36: CUMPLE | AH36: CUMPLE | AI36: CUMPLE | AJ36: CONSULTADOS ENTIDAD | AK36: CUMPLE | AL36: CUMPLE | AM36: N/A | AN36: N/A | AO36: HÁBIL
A37: 26 | B37: =VLOOKUP($A37,Cierre!$A:$E,2,FALSE) -> CONSORCIO CAPITAL | C37: PRESENTA | D37: =VLOOKUP($A37,Cierre!$A:$E,3,FALSE) -> FABIAN ANDRÉS VALLEJO PACHÓN | E37: FABIO ANDRES VALLEJO PACHON | F37: 25202-146627 CND | G37: PRESENTA | H37: 44362 | I37: PRESENTA | J37: C | K37: CUMPLE | L37: VALLEJO H INGENIEROS CONSULTORES CONSTRUCTORES S.A.S. | M37: 0.5 | N37: PRESENTA | O37: 44390 | P37: MEDELLIN | Q37: CUMPLE | R37: CUMPLE | S37: FABIAN ANDRES VALLEJO PACHON | T37: NO PRESENTA | U37: N/A | V37: N/A | W37: PRESENTA | X37: PRESENTA | Y37: 44390 | Z37: NO PRESENTA | AA37: CUMPLE | AB37: CUMPLE | AC37: CUMPLE | AD37: CONSORCIO CAPITAL | AE37: 44528 | AF37: 96.155.944.00 | AG37: CUMPLE | AH37: CONSULTADOS ENTIDAD | AI37: CONSULTADOS ENTIDAD | AJ37: CONSULTADOS ENTIDAD | AK37: CUMPLE | AL37: CUMPLE | AM37: CUMPLE | AN37: CUMPLE | AO37: HÁBIL
L38: COMPAÑÍA CONSULTORA COLOMBIANA TRIPLE C S.A.S. | M38: 0.5 | N38: PRESENTA | O38: 44389 | P38: BOGOTA D.C | Q38: CUMPLE | R38: CUMPLE | S38: FABIAN OMAR VALLEJO OBANDO | T38: NO PRESENTA | U38: N/A | V38: N/A | W38: PRESENTA | X38: PRESENTA | Y38: 44389 | Z38: NO PRESENTA | AA38: CUMPLE | AB38: CUMPLE | AH38: CONSULTADOS ENTIDAD | AI38: CONSULTADOS ENTIDAD | AJ38: CONSULTADOS ENTIDAD | AK38: CUMPLE | AL38: CUMPLE | AM38: CUMPLE | AN38: CUMPLE
A39: 27 | B39: =VLOOKUP($A39,Cierre!$A:$E,2,FALSE) -> CONSORCIO INTERCOLOMBIA | C39: PRESENTA | D39: =VLOOKUP($A39,Cierre!$A:$E,3,FALSE) -> JOSÉ ANDRÉS MURILLO MAYORGA | E39: JOSE ANDRES MURILLO MAYORGA | F39: 25202-65766 CND | G39: PRESENTA | H39: 44295 | I39: PRESENTA | J39: C | K39: CUMPLE | L39: MIRS LATINOAMERICA S.A.S. | M39: 0.5 | N39: PRESENTA | O39: 44389 | P39: BOGOTA D.C | Q39: CUMPLE | R39: CUMPLE | S39: NICK RANDY ALMEIDA GAMARRA | T39: NO PRESENTA | U39: N/A | V39: N/A | W39: PRESENTA | X39: PRESENTA | Y39: 44389 | Z39: NO PRESENTA | AA39: CUMPLE | AB39: CUMPLE | AC39: CUMPLE | AD39: CONSORCIO INTERCOLOMBIA | AE39: 44500 | AF39: 65.838.605.70 | AG39: CUMPLE | AH39: CUMPLE | AI39: CUMPLE | AJ39: CUMPLE | AK39: CUMPLE | AL39: CUMPLE | AM39: CUMPLE | AN39: CUMPLE | AO39: HÁBIL | AP39: COPNIA CONSULTADO POR LA ENTIDAD
L40: A2M PROYECTOS DE INGENIERÍA S.A.S. | M40: 0.5 | N40: PRESENTA | O40: 44378 | P40: BOGOTA D.C | Q40: CUMPLE | R40: CUMPLE | S40: JOSE ANDRES MURILLO MAYORGA | T40: NO PRESENTA | U40: N/A | V40: N/A | W40: PRESENTA | X40: PRESENTA | Y40: 44378 | Z40: NO PRESENTA | AA40: CUMPLE | AB40: CUMPLE | AH40: CUMPLE | AI40: CUMPLE | AJ40: CUMPLE | AK40: CUMPLE | AL40: CUMPLE | AM40: CUMPLE | AN40: CUMPLE
A41: 28 | B41: =VLOOKUP($A41,Cierre!$A:$E,2,FALSE) -> R&J INGENIERÍA S.A.S. | C41: PRESENTA | D41: =VLOOKUP($A41,Cierre!$A:$E,3,FALSE) -> JUAN DIEGO JIMÉNEZ SERNA | E41: JUAN DIEGO JIMENEZ SERNA | F41: 25202-097497 CND | G41: PRESENTA | H41: 44364 | I41: N/A | J41: I | K41: N/A | L41: R&J INGENIERÍA S.A.S. | M41: 1 | N41: PRESENTA | O41: 44372 | P41: BOGOTA D.C | Q41: CUMPLE | R41: CUMPLE | S41: JUAN DIEGO JIMENEZ SERNA | T41: NO PRESENTA | U41: N/A | V41: N/A | W41: PRESENTA | X41: PRESENTA | Y41: 44390 | Z41: NO PRESENTA | AA41: CUMPLE | AB41: CUMPLE | AC41: CUMPLE | AD41: R&J INGENIERIA S.A.S. | AE41: 44495 | AF41: 57.088.810.20 | AG41: CUMPLE | AH41: CONSULTADOS ENTIDAD | AI41: CONSULTADOS ENTIDAD | AJ41: CONSULTADOS ENTIDAD | AK41: CUMPLE | AL41: CUMPLE | AM41: N/A | AN41: N/A | AO41: HÁBIL
A42: 29 | B42: =VLOOKUP($A42,Cierre!$A:$E,2,FALSE) -> JPS INGENIERÍA S.A. | C42: PRESENTA | D42: =VLOOKUP($A42,Cierre!$A:$E,3,FALSE) -> JORGE ELIECER PARRA SALINAS | E42: JORGE ELIECER PARRA SALINAS | F42: 25202-45193 CND | G42: PRESENTA | H42: 44260 | I42: N/A | J42: I | K42: N/A | L42: JPS INGENIERÍA S.A. | M42: 1 | N42: PRESENTA | O42: 44386 | P42: BOGOTA D.C | Q42: CUMPLE | R42: CUMPLE | S42: JORGE ELIECER PARRA SALINAS | T42: NO PRESENTA | U42: N/A | V42: PRESENTA | W42: PRESENTA | X42: PRESENTA | Y42: 44386 | Z42: NO PRESENTA | AA42: CUMPLE | AB42: CUMPLE | AC42: CUMPLE | AD42: JPS INGENIERIA S.A | AE42: 44546 | AF42: 28.688.722.00 | AG42: CUMPLE | AH42: CUMPLE | AI42: CUMPLE | AJ42: CUMPLE | AK42: CUMPLE | AL42: CUMPLE | AM42: CUMPLE | AN42: CUMPLE | AO42: HÁBIL | AP42: COPNIA CONSULTADO POR LA ENTIDAD
A43: 30 | B43: =VLOOKUP($A43,Cierre!$A:$E,2,FALSE) -> HERNÁN DARÍO NARVÁEZ BALLESTA | C43: PRESENTA | D43: =VLOOKUP($A43,Cierre!$A:$E,3,FALSE) -> N/A | E43: HERNAN DARIO NARVAEZ BALLESTA | F43: 05202-73648 ANT | G43: PRESENTA | H43: 44372 | I43: N/A | J43: I | K43: N/A | L43: HERNÁN DARIO NARVAEZ BALLESTA | M43: 1 | N43: N/A | O43: N/A | P43: N/A | Q43: N/A | R43: N/A | S43: N/A | T43: N/A | U43: N/A | V43: N/A | W43: N/A | X43: PRESENTA | Y43: 44344 | Z43: NO PRESENTA | AA43: CUMPLE | AB43: CUMPLE | AC43: CUMPLE | AD43: HERNAN DARIO NARVAEZ BALLESTA | AE43: 44485 | AF43: 65.838.605.70 | AG43: CUMPLE | AH43: CUMPLE | AI43: CUMPLE | AJ43: CUMPLE | AK43: CUMPLE | AL43: CUMPLE | AM43: N/A | AN43: N/A | AO43: HÁBIL | AP43: subsanado
A44: 31 | B44: =VLOOKUP($A44,Cierre!$A:$E,2,FALSE) -> CONSORCIO VIAL M&M | C44: PRESENTA | D44: =VLOOKUP($A44,Cierre!$A:$E,3,FALSE) -> MARTHA L SALAZAR BERNAL | E44: MARTHA SALAZAR BERNAL | F44: 54292-75272 NTS | G44: PRESENTA | H44: 44340 | I44: PRESENTA | J44: C | K44: CUMPLE | L44: METROCUBICO S.A.S. | M44: 0.05 | N44: PRESENTA | O44: 44385 | P44: BOGOTA D.C | Q44: CUMPLE | R44: CUMPLE | S44: NICOLAS URIBE SALAZAR | T44: NO PRESENTA | U44: N/A | V44: N/A | W44: PRESENTA | X44: PRESENTA | Y44: 44385 | Z44: NO PRESENTA | AA44: CUMPLE | AB44: CUMPLE | AC44: CUMPLE | AD44: CONSORCIO VIAL M&M | AE44: 44516 | AF44: 28.688.721.70 | AG44: CUMPLE | AH44: CUMPLE | AI44: CUMPLE | AJ44: CUMPLE | AK44: CUMPLE | AL44: CUMPLE | AM44: N/A | AN44: N/A | AO44: HÁBIL
L45: MS INGENIERÍA S.A.S. | M45: 0.95 | N45: PRESENTA | O45: 44385 | P45: BOGOTA D.C | Q45: CUMPLE | R45: CUMPLEMARTHA LILIANA SALAZAR BERNAL | S45: MARTHA LILIANA SALAZAR BERNAL | T45: NO PRESENTA | U45: N/A | V45: N/A | W45: PRESENTA | X45: PRESENTA | Y45: 44385 | Z45: NO PRESENTA | AA45: CUMPLE | AB45: CUMPLE | AH45: CUMPLE | AI45: CUMPLE | AJ45: CUMPLE | AK45: CUMPLE | AL45: CUMPLE | AM45: N/A | AN45: N/A
A46: 32 | B46: =VLOOKUP($A46,Cierre!$A:$E,2,FALSE) -> DONAL BOGOTÁ BAUTISTA | C46: PRESENTA | D46: =VLOOKUP($A46,Cierre!$A:$E,3,FALSE) -> N/A | E46: DONAL BOGOTA BAUTISTA | F46: 25202-57650 CND | G46: PRESENTA | H46: 44355 | I46: N/A | J46: I | K46: N/A | L46: DONAL BOGOTÁ BAUTISTA | M46: 1 | N46: N/A | O46: N/A | P46: N/A | Q46: N/A | R46: N/A | S46: N/A | T46: N/A | U46: N/A | V46: N/A | W46: N/A | X46: PRESENTA | Y46: 44371 | Z46: NO PRESENTA | AA46: CUMPLE | AB46: CUMPLE | AC46: CUMPLE | AD46: DONAL BOGOTA BAUTISTA | AE46: 44500 | AF46: 65.838.606.00 | AG46: CUMPLE | AH46: CUMPLE | AI46: CUMPLE | AJ46: CONSULTADOS ENTIDAD | AK46: CUMPLE | AL46: CUMPLE | AM46: N/A | AN46: N/A | AO46: HÁBIL
A47: 33 | B47: =VLOOKUP($A47,Cierre!$A:$E,2,FALSE) -> CONSORCIO VIAL CALDAS 2021 | C47: PRESENTA | D47: =VLOOKUP($A47,Cierre!$A:$E,3,FALSE) -> EDWIN FERNANDO CADAVID GRANADA | E47: EDWIN FERNANDO CADAVID GRANADA | F47: 63202-86225 QND | G47: PRESENTA | H47: 44274 | I47: PRESENTA | J47: C | K47: CUMPLE | L47: JORGE ALVARO SANCHEZ BLANCO | M47: 0.95 | N47: N/A | O47: N/A | P47: N/A | Q47: N/A | R47: N/A | S47: N/A | T47: N/A | U47: N/A | V47: N/A | W47: N/A | X47: PRESENTA | Y47: 44365 | Z47: NO PRESENTA | AA47: CUMPLE | AB47: CUMPLE | AC47: CUMPLE | AD47: CONSORCIO VIAL CALDAS 2021 | AE47: 44516 | AF47: 65.838.605.70 | AG47: CUMPLE | AH47: CUMPLE | AI47: CUMPLE | AJ47: CONSULTADOS ENTIDAD | AK47: CUMPLE | AL47: CUMPLE | AM47: CUMPLE | AN47: CUMPLE | AO47: HÁBIL | AP47: COPNIA CONSULTADO POR LA ENTIDAD
L48: DIEZ PLUS INGENIERÍA S.A.S. | M48: 0.05 | N48: PRESENTA | O48: 44392 | P48: CALI | Q48: CUMPLE | R48: CUMPLE | S48: EDWIN FERNANDO CADAVID GRANADA | T48: NO PRESENTA | U48: N/A | V48: N/A | W48: PRESENTA | X48: PRESENTA | Y48: 44392 | Z48: NO PRESENTA | AA48: CUMPLE | AB48: CUMPLE | AH48: CUMPLE | AI48: CUMPLE | AJ48: CONSULTADOS ENTIDAD | AK48: CUMPLE | AL48: CUMPLE | AM48: CUMPLE | AN48: CUMPLE
A49: 34 | B49: =VLOOKUP($A49,Cierre!$A:$E,2,FALSE) -> INGENIERÍA MASTERS S.A.S. | C49: PRESENTA | D49: =VLOOKUP($A49,Cierre!$A:$E,3,FALSE) -> CLAUDIA DEL PILAR SUAREZ ANGARITA | E49: CLAUDIA DEL PILAR SUAREZ ANGARITA | F49: 25202-81906 CND | G49: PRESENTA | H49: 44327 | I49: N/A | J49: I | K49: N/A | L49: INGENIERÍA MASTERS S.A.S. | M49: 1 | N49: PRESENTA | O49: 44385 | P49: BARRANQUILLA | Q49: CUMPLE | R49: CUMPLE | S49: CLAUDIA DEL PILAR SUAREZ ANGARITA | T49: NO PRESENTA | U49: N/A | V49: N/A | W49: PRESENTA | X49: PRESENTA | Y49: 44385 | Z49: NO PRESENTA | AA49: CUMPLE | AB49: CUMPLE | AC49: CUMPLE | AD49: INGENIERIA MASTERS S.A.S | AE49: 44485 | AF49: 96.155.944.00 | AG49: CUMPLE | AH49: CUMPLE | AI49: CUMPLE | AJ49: CUMPLE | AK49: CUMPLE | AL49: CUMPLE | AM49: N/A | AN49: N/A | AO49: HÁBIL
A50: 35 | B50: =VLOOKUP($A50,Cierre!$A:$E,2,FALSE) -> DF CONSULTORÍA S.A.S. | C50: PRESENTA | D50: =VLOOKUP($A50,Cierre!$A:$E,3,FALSE) -> CAMILO FONSECA CHAVES | E50: JAIME FONSECA CORTES | F50: 25000-09784 CND | G50: PRESENTA | H50: 44340 | I50: N/A | J50: I | K50: N/A | L50: DF CONSULTORÍA S.A.S. | M50: 1 | N50: PRESENTA | O50: 44376 | P50: BOGOTA D.C | Q50: CUMPLE | R50: CUMPLE | S50: CAMILO LEONARDO FONSECA CHAVES | T50: NO PRESENTA | U50: N/A | V50: N/A | W50: PRESENTA | X50: PRESENTA | Y50: 44376 | Z50: NO PRESENTA | AA50: CUMPLE | AB50: CUMPLE | AC50: CUMPLE | AD50: DF CONSULTORIA S.A.S | AE50: 44516 | AF50: 96.155.943.50 | AG50: CUMPLE | AH50: CUMPLE | AI50: CUMPLE | AJ50: CUMPLE | AK50: CUMPLE | AL50: CUMPLE | AM50: N/A | AN50: N/A | AO50: HÁBIL

Sheet Capacidad Financiera
A1: No. | B1: Proponente | C1: Conformación consorcial | D1: % participación | E1: Informacion Financiera | K1: CAPACIDAD FINANCIERA | N1: MÓDULO 4 | O1: =+Información!B19 -> 151586689 | P1: CAPACIDAD ORGANIZACIONAL | R1: CAPACIDAD FINANCIERA | S1: CAPACIDAD ORGANIZACIONAL | T1: CAPACIDAD RESIDUAL DE CONTRATACIÓN | U1: Observaciones
E2: Activo Corriente | F2: Activo Total | G2: Pasivo Corriente | H2: Pasivo Total | I2: Utilidad operacional | J2: Gastos de intereses | K2: CAPITAL DE TRABAJO | L2: LIQUIDEZ | M2: NIVEL DE ENDEUDAMIENTO | N2: RAZON DE COBERTURA DE INTERESES | O2: PATRIMONIO | P2: RENTABILIDAD SOBRE PATRIMONIO | Q2: RENTABILIDAD SOBRE ACTIVOS
A3: 1 | B3: =IFERROR(VLOOKUP(A3,Cierre!$A:$B,2,FALSE),"") -> CONSORCIO ORIÓN 136 | C3: HIDROS DE COLOMBIA S.A.S. | D3: 0.05 | E3: 374951499 | F3: 467274099 | G3: 23230850 | H3: 91874546 | I3: 199816856 | J3: 10589504 | K3: =($E3-$G3)+($E4-$G4) -> 4469162747 | L3: =IFERROR(((E3)+(E4))/((G3)+(G4)),0) -> 5.867494 | M3: =IFERROR(((H3)+(H4))/((F3)+(F4)),0) -> 0.49817619 | N3: =IFERROR(((I3)+(I4))/((J3)+(J4)),0) -> 1.6328169 | O3: =F3-H3 -> 375399553 | P3: =IFERROR(((I3)+(I4))/((O3)+(O4)),0) -> 0.131561 | Q3: =IFERROR(((I3)+(I4))/((F3)+(F4)),0) -> 0.066020445 | R3: HÁBIL | S3: HÁBIL
C4: GERENCIA EN OBRAS CIVILES S.A.S. | D4: 0.95 | E4: 5012376274 | F4: 6638989025 | G4: 894934176 | H4: 3448296550 | I4: 269341795 | J4: 276741334 | O4: =F4-H4 -> 3190692475
A5: 2 | B5: =IFERROR(VLOOKUP(A5,Cierre!$A:$B,2,FALSE),"") -> ARM CONSULTING LTDA. | C5: ARM CONSULTING LTDA. | D5: 1 | E5: 4739255000 | F5: 5491269000 | G5: 581702000 | H5: 3124085000 | I5: 466952000 | J5: 54885000 | K5: =E5-G5 -> 4157553000 | L5: =IFERROR((E5)/(G5),0) -> 8.1472214 | M5: =IFERROR((H5)/(F5),0) -> 0.56891859 | N5: =IFERROR((I5)/(J5),0) -> 8.5078255 | O5: =F5-H5 -> 2367184000 | P5: =IFERROR((I5)/(O5),0) -> 0.19726054 | Q5: =IFERROR((I5)/(F5),0) -> 0.085035353 | R5: HÁBIL | S5: HÁBIL
A6: 3 | B6: =IFERROR(VLOOKUP(A6,Cierre!$A:$B,2,FALSE),"") -> INGECO INGENIERÍA DE CONSTRUCCIONES S.A.S. | C6: INGECO INGENIERÍA DE CONSTRUCCIONES S.A.S. | D6: 1 | E6: 2844085854 | F6: 3238037406 | G6: 259835923 | H6: 653098497 | I6: 1063982618 | J6: 163114621 | K6: =E6-G6 -> 2584249931 | L6: =IFERROR((E6)/(G6),0) -> 10.945699 | M6: =IFERROR((H6)/(F6),0) -> 0.20169579 | N6: =IFERROR((I6)/(J6),0) -> 6.5229138 | O6: =F6-H6 -> 2584938909 | P6: =IFERROR((I6)/(O6),0) -> 0.41160842 | Q6: =IFERROR((I6)/(F6),0) -> 0.32858874 | R6: HÁBIL | S6: HÁBIL
A7: 4 | B7: =IFERROR(VLOOKUP(A7,Cierre!$A:$B,2,FALSE),"") -> INGENIERÍA DEL FUTURO S.A.S. | C7: INGENIERÍA DEL FUTURO S.A.S. | D7: 1 | E7: 1301479908 | F7: 1340583176 | G7: 540286393 | H7: 540286393 | I7: 429146188 | J7: 6969028 | K7: =E7-G7 -> 761193515 | L7: =IFERROR((E7)/(G7),0) -> 2.4088704 | M7: =IFERROR((H7)/(F7),0) -> 0.4030234 | N7: =IFERROR((I7)/(J7),0) -> 61.579059 | O7: =F7-H7 -> 800296783 | P7: =IFERROR((I7)/(O7),0) -> 0.5362338 | Q7: =IFERROR((I7)/(F7),0) -> 0.32011903 | R7: HÁBIL | S7: HÁBIL
A8: 5 | B8: =IFERROR(VLOOKUP(A8,Cierre!$A:$B,2,FALSE),"") -> R&M CONSTRUCCIONES E INTERVENTORÍAS S.A.S. | C8: R&M CONSTRUCCIONES E INTERVENTORÍAS S.A.S. | D8: 1 | E8: 5725462134 | F8: 6646999413 | G8: 749796926 | H8: 749796926 | I8: 906823045 | J8: 3620892 | K8: =E8-G8 -> 4975665208 | L8: =IFERROR((E8)/(G8),0) -> 7.6360171 | M8: =IFERROR((H8)/(F8),0) -> 0.11280232 | N8: =IFERROR((I8)/(J8),0) -> 250.44189 | O8: =F8-H8 -> 5897202487 | P8: =IFERROR((I8)/(O8),0) -> 0.15377173 | Q8: =IFERROR((I8)/(F8),0) -> 0.13642593 | R8: HÁBIL | S8: HÁBIL
A9: 6 | B9: =IFERROR(VLOOKUP(A9,Cierre!$A:$B,2,FALSE),"") -> CONSORCIO INTERVIAL CALDAS 010 | C9: MAAF S.A.S. | D9: 0.75 | E9: 808442019 | F9: 872226619 | G9: 181989704 | H9: 264466372 | I9: 71619110 | J9: 4152000 | K9: =($E9-$G9)+($E10-$G10) -> 2068067248 | L9: =IFERROR(((E9)+(E10))/((G9)+(G10)),0) -> 9.2188562 | M9: =IFERROR(((H9)+(H10))/((F9)+(F10)),0) -> 0.20037056 | N9: =IFERROR(((I9)+(I10))/((J9)+(J10)),0) -> 38.234769 | O9: =F9-H9 -> 607760247 | P9: =IFERROR(((I9)+(I10))/((O9)+(O10)),0) -> 0.13565742 | Q9: =IFERROR(((I9)+(I10))/((F9)+(F10)),0) -> 0.10847567 | R9: HÁBIL | S9: HÁBIL
C10: CONSTRUOBRAS C&M S.A.S. | D10: 0.25 | E10: 1511249933 | F10: 1611652205 | G10: 69635000 | H10: 233229807 | I10: 197821310 | J10: 2895000 | O10: =F10-H10 -> 1378422398
A11: 7 | B11: =IFERROR(VLOOKUP(A11,Cierre!$A:$B,2,FALSE),"") -> CARMONA CARVAJAL INGENIEROS S.A.S. | C11: CARMONA CARVAJAL INGENIEROS S.A.S. | D11: 1 | E11: 475830931 | F11: 481231331 | G11: 32545519 | H11: 32545519 | I11: 213527204 | J11: 0 | K11: =E11-G11 -> 443285412 | L11: =IFERROR((E11)/(G11),0) -> 14.620475 | M11: =IFERROR((H11)/(F11),0) -> 0.067629676 | N11: =IFERROR((I11)/(J11),0) -> 0 | O11: =F11-H11 -> 448685812 | P11: =IFERROR((I11)/(O11),0) -> 0.47589471 | Q11: =IFERROR((I11)/(F11),0) -> 0.4437101 | R11: HÁBIL | S11: HÁBIL
A12: 8 | B12: =IFERROR(VLOOKUP(A12,Cierre!$A:$B,2,FALSE),"") -> CONSORCIO INTERVIAS CALDAS | C12: PEDRO JOSÉ CORREDOR BECERRA | D12: 0.5 | E12: 1929728650 | F12: 2727312083 | G12: 55488250 | H12: 161608842 | I12: 383243815 | J12: 0 | K12: =($E12-$G12)+($E13-$G13)+($E14-$G14) -> 3943512894 | L12: =IFERROR(((E12)+(E13)+(E14))/((G12)+(G13)+(G14)),0) -> 7.4510696 | M12: =IFERROR(((H12)+(H13)+(H14))/((F12)+(F13)+(F14)),0) -> 0.17633327 | N12: =IFERROR(((I12)+(I13)+(I14))/((J12)+(J13)+(J14)),0) -> 32.281258 | O12: =F12-H12 -> 2565703241 | P12: =IFERROR(((I12)+(I13)+(I14))/((O12)+(O13)+(O14)),0) -> 0.1401409 | Q12: =IFERROR(((I12)+(I13)+(I14))/((F12)+(F13)+(F14)),0) -> 0.11542939 | R12: HÁBIL | S12: HÁBIL
C13: JORGE WILLAN CORZO GARCÍA | D13: 0.25 | E13: 318728733 | F13: 733209645 | G13: 23500000 | H13: 26400000 | I13: 91038673 | J13: 250000 | O13: =F13-H13 -> 706809645
C14: GERMAN ALONSO PUENTES GORDO | D14: 0.25 | E14: 2306351490 | F14: 2723315186 | G14: 532307729 | H14: 902407325 | I14: 239514065 | J14: 21861795 | O14: =F14-H14 -> 1820907861
A15: 9 | B15: =IFERROR(VLOOKUP(A15,Cierre!$A:$B,2,FALSE),"") -> ARA INGENIERÍA S.A.S. | C15: ARA INGENIERÍA S.A.S. | D15: 1 | E15: 4283726076 | F15: 4906396569 | G15: 473681841 | H15: 1901257304 | I15: 680131783 | J15: 49836281 | K15: =E15-G15 -> 3810044235 | L15: =IFERROR((E15)/(G15),0) -> 9.043467 | M15: =IFERROR((H15)/(F15),0) -> 0.38750584 | N15: =IFERROR((I15)/(J15),0) -> 13.647322 | O15: =F15-H15 -> 3005139265 | P15: =IFERROR((I15)/(O15),0) -> 0.22632288 | Q15: =IFERROR((I15)/(F15),0) -> 0.13862145 | R15: HÁBIL | S15: HÁBIL
A16: 10 | B16: =IFERROR(VLOOKUP(A16,Cierre!$A:$B,2,FALSE),"") -> HR INGENIERÍA S.A.S. | C16: HR INGENIERÍA S.A.S. | D16: 1 | E16: 1040133779 | F16: 1100805433 | G16: 93652608 | H16: 117471904 | I16: 276203726 | J16: 2175329 | K16: =E16-G16 -> 946481171 | L16: =IFERROR((E16)/(G16),0) -> 11.106298 | M16: =IFERROR((H16)/(F16),0) -> 0.1067145 | N16: =IFERROR((I16)/(J16),0) -> 126.97101 | O16: =F16-H16 -> 983333529 | P16: =IFERROR((I16)/(O16),0) -> 0.28088509 | Q16: =IFERROR((I16)/(F16),0) -> 0.25091058 | R16: HÁBIL | S16: HÁBIL
A17: 11 | B17: =IFERROR(VLOOKUP(A17,Cierre!$A:$B,2,FALSE),"") -> UNIÓN TEMPORAL INNOVA | C17: INNOVA PROYECTOS S.A.S. | D17: 0.7 | E17: 499438930 | F17: 548487649 | G17: 6856000 | H17: 72715250 | I17: 191719821 | J17: 8972056 | K17: =($E17-$G17)+($E18-$G18) -> 4929892281 | L17: =IFERROR(((E17)+(E18))/((G17)+(G18)),0) -> 2.4653555 | M17: =IFERROR(((H17)+(H18))/((F17)+(F18)),0) -> 0.56791541 | N17: =IFERROR(((I17)+(I18))/((J17)+(J18)),0) -> 7.6447713 | O17: =F17-H17 -> 475772399 | P17: =IFERROR(((I17)+(I18))/((O17)+(O18)),0) -> 0.13990652 | Q17: =IFERROR(((I17)+(I18))/((F17)+(F18)),0) -> 0.060451449 | R17: HÁBIL | S17: HÁBIL
C18: DQ INGENIERÍA S.A.S. | D18: 0.3 | E18: 7794751089 | F18: 8397124913 | G18: 3357441738 | H18: 5007636016 | I18: 349055420 | J18: 61765867 | O18: =F18-H18 -> 3389488897
A19: 12 | B19: =IFERROR(VLOOKUP(A19,Cierre!$A:$B,2,FALSE),"") -> PAULO EMILIO BRAVO CONSULTORES S.A.S. | C19: PAULO EMILIO BRAVO CONSULTORES S.A.S. | D19: 1 | E19: 5464600834 | F19: 6590955381 | G19: 974785432 | H19: 1093071658 | I19: 1319127391 | J19: 17164928 | K19: =E19-G19 -> 4489815402 | L19: =IFERROR((E19)/(G19),0) -> 5.6059525 | M19: =IFERROR((H19)/(F19),0) -> 0.16584419 | N19: =IFERROR((I19)/(J19),0) -> 76.850156 | O19: =F19-H19 -> 5497883723 | P19: =IFERROR((I19)/(O19),0) -> 0.23993366 | Q19: =IFERROR((I19)/(F19),0) -> 0.20014206 | R19: HÁBIL | S19: HÁBIL
A20: 13 | B20: =IFERROR(VLOOKUP(A20,Cierre!$A:$B,2,FALSE),"") -> CONSORCIO NP MANIZALES | C20: ÁLVARO HERNANDO NARANJO OLAYA | D20: 0.6 | E20: 988682000 | F20: 1764137000 | G20: 54315000 | H20: 249882000 | I20: 204835000 | J20: 8216000 | K20: =($E20-$G20)+($E21-$G21) -> 1165243175 | L20: =IFERROR(((E20)+(E21))/((G20)+(G21)),0) -> 13.015043 | M20: =IFERROR(((H20)+(H21))/((F20)+(F21)),0) -> 0.12779697 | N20: =IFERROR(((I20)+(I21))/((J20)+(J21)),0) -> 21.538564 | O20: =F20-H20 -> 1514255000 | P20: =IFERROR(((I20)+(I21))/((O20)+(O21)),0) -> 0.12543191 | Q20: =IFERROR(((I20)+(I21))/((F20)+(F21)),0) -> 0.10940209 | R20: HÁBIL | S20: HÁBIL | U20: subsanado
C21: MARÍA CLARA POTES MAZUERA | D21: 0.4 | E21: 273543196 | F21: 525033196 | G21: 42667021 | H21: 42667021 | I21: 45605000 | J21: 3411516 | O21: =F21-H21 -> 482366175
A22: 14 | B22: =IFERROR(VLOOKUP(A22,Cierre!$A:$B,2,FALSE),"") -> CONSORCIO DS7 | C22: DIN S.A.S. | D22: 0.6 | E22: 2345414873 | F22: 2408920358 | G22: 518762490 | H22: 1225929633 | I22: 193630072 | J22: 0 | K22: =($E22-$G22)+($E23-$G23) -> 3652407138 | L22: =IFERROR(((E22)+(E23))/((G22)+(G23)),0) -> 5.3135163 | M22: =IFERROR(((H22)+(H23))/((F22)+(F23)),0) -> 0.40631092 | N22: =IFERROR(((I22)+(I23))/((J22)+(J23)),0) -> 9.1636014 | O22: =F22-H22 -> 1182990725 | P22: =IFERROR(((I22)+(I23))/((O22)+(O23)),0) -> 0.27629531 | Q22: =IFERROR(((I22)+(I23))/((F22)+(F23)),0) -> 0.16403351 | R22: HÁBIL | S22: HÁBIL
C23: SEING S.A.S. BIC | D23: 0.4 | E23: 2153727709 | F23: 2426850707 | G23: 327972954 | H23: 738896979 | I23: 599598424 | J23: 86562964 | O23: =F23-H23 -> 1687953728
A24: 15 | B24: =IFERROR(VLOOKUP(A24,Cierre!$A:$B,2,FALSE),"") -> CIMAG S.A.S. | C24: CIMAG S.A.S. | D24: 1 | E24: 660337643 | F24: 714382097 | G24: 37689757 | H24: 37689757 | I24: 121165794 | J24: 0 | K24: =E24-G24 -> 622647886 | L24: =IFERROR((E24)/(G24),0) -> 17.520348 | M24: =IFERROR((H24)/(F24),0) -> 0.052758541 | N24: =IFERROR((I24)/(J24),0) -> 0 | O24: =F24-H24 -> 676692340 | P24: =IFERROR((I24)/(O24),0) -> 0.17905596 | Q24: =IFERROR((I24)/(F24),0) -> 0.16960923 | R24: HÁBIL | S24: HÁBIL | U24: subsanado
A25: 16 | B25: =IFERROR(VLOOKUP(A25,Cierre!$A:$B,2,FALSE),"") -> CONSORCIO VÍAS CALDAS | C25: CONSULTORES DESARROLLO Y AMBIENTE S.A.S. | D25: 0.3 | E25: 156709535 | F25: 384209535 | G25: 3659444 | H25: 29123663 | I25: 77717297 | J25: 552996 | K25: =($E25-$G25)+($E26-$G26) -> 264149056 | L25: =IFERROR(((E25)+(E26))/((G25)+(G26)),0) -> 46.967042 | M25: =IFERROR(((H25)+(H26))/((F25)+(F26)),0) -> 0.068679158 | N25: =IFERROR(((I25)+(I26))/((J25)+(J26)),0) -> 138.92124 | O25: =F25-H25 -> 355085872 | P25: =IFERROR(((I25)+(I26))/((O25)+(O26)),0) -> 0.22375974 | Q25: =IFERROR(((I25)+(I26))/((F25)+(F26)),0) -> 0.20839211 | R25: HÁBIL | S25: HÁBIL
C26: CONSTRUCTORA INGETEC S.A.S. | D26: 0.7 | E26: 113186009 | F26: 113186009 | G26: 2087044 | H26: 5037044 | I26: 25936010 | J26: 193134 | O26: =F26-H26 -> 108148965
A27: 17 | B27: =IFERROR(VLOOKUP(A27,Cierre!$A:$B,2,FALSE),"") -> ORGANIZACIÓN VICAN S.A.S. | C27: ORGANIZACIÓN VICAN S.A.S. | D27: 1 | E27: 535061058 | F27: 549362567 | G27: 245641514 | H27: 276768039 | I27: 176185320 | J27: 0 | K27: =E27-G27 -> 289419544 | L27: =IFERROR((E27)/(G27),0) -> 2.1782192 | M27: =IFERROR((H27)/(F27),0) -> 0.5037985 | N27: =IFERROR((I27)/(J27),0) -> 0 | O27: =F27-H27 -> 272594528 | P27: =IFERROR((I27)/(O27),0) -> 0.64632743 | Q27: =IFERROR((I27)/(F27),0) -> 0.32070864 | R27: HÁBIL | S27: HÁBIL
A28: 18 | B28: =IFERROR(VLOOKUP(A28,Cierre!$A:$B,2,FALSE),"") -> ICONSULTING S.A.S. | C28: ICONSULTING S.A.S. | D28: 1 | E28: 1467465424 | F28: 4305570503 | G28: 515166764 | H28: 1420177169 | I28: 404172116 | J28: 123277919 | K28: =E28-G28 -> 952298660 | L28: =IFERROR((E28)/(G28),0) -> 2.848525 | M28: =IFERROR((H28)/(F28),0) -> 0.32984646 | N28: =IFERROR((I28)/(J28),0) -> 3.2785443 | O28: =F28-H28 -> 2885393334 | P28: =IFERROR((I28)/(O28),0) -> 0.14007522 | Q28: =IFERROR((I28)/(F28),0) -> 0.093871908 | R28: HÁBIL | S28: HÁBIL
A29: 19 | B29: =IFERROR(VLOOKUP(A29,Cierre!$A:$B,2,FALSE),"") -> TOTALL S.A.S. | C29: TOTALL S.A.S. | D29: 1 | E29: 511707845 | F29: 511707845 | G29: 4273276 | H29: 4273276 | I29: 55510190 | J29: 83000 | K29: =E29-G29 -> 507434569 | L29: =IFERROR((E29)/(G29),0) -> 119.74603 | M29: =IFERROR((H29)/(F29),0) -> 0.0083510074 | N29: =IFERROR((I29)/(J29),0) -> 668.79747 | O29: =F29-H29 -> 507434569 | P29: =IFERROR((I29)/(O29),0) -> 0.10939379 | Q29: =IFERROR((I29)/(F29),0) -> 0.10848024 | R29: HÁBIL | S29: HÁBIL
A30: 20 | B30: =IFERROR(VLOOKUP(A30,Cierre!$A:$B,2,FALSE),"") -> INGENIERÍA Y CONSULTORÍA - INGECON S.A.S. | C30: INGENIERÍA Y CONSULTORÍA - INGECON S.A.S. | D30: 1 | E30: 7349286000 | F30: 10100361000 | G30: 1970263000 | H30: 5410250000 | I30: 1471322000 | J30: 1167083 | K30: =E30-G30 -> 5379023000 | L30: =IFERROR((E30)/(G30),0) -> 3.7301041 | M30: =IFERROR((H30)/(F30),0) -> 0.53564917 | N30: =IFERROR((I30)/(J30),0) -> 1260.6833 | O30: =F30-H30 -> 4690111000 | P30: =IFERROR((I30)/(O30),0) -> 0.31370729 | Q30: =IFERROR((I30)/(F30),0) -> 0.14567024 | R30: HÁBIL | S30: HÁBIL
A31: 21 | B31: =IFERROR(VLOOKUP(A31,Cierre!$A:$B,2,FALSE),"") -> INGEOCILCON S.A.S. | C31: INGEOCILCON S.A.S. | D31: 1 | E31: 346034288 | F31: 551140739 | G31: 24914592 | H31: 83414592 | I31: 105646761 | J31: 8614774 | K31: =E31-G31 -> 321119696 | L31: =IFERROR((E31)/(G31),0) -> 13.88882 | M31: =IFERROR((H31)/(F31),0) -> 0.15134899 | N31: =IFERROR((I31)/(J31),0) -> 12.26344 | O31: =F31-H31 -> 467726147 | P31: =IFERROR((I31)/(O31),0) -> 0.22587311 | Q31: =IFERROR((I31)/(F31),0) -> 0.19168745 | R31: HÁBIL | S31: HÁBIL
A32: 22 | B32: =IFERROR(VLOOKUP(A32,Cierre!$A:$B,2,FALSE),"") -> PROYECTISTAS ASOCIADOS S.A.S. | C32: PROYECTISTAS ASOCIADOS S.A.S. | D32: 1 | E32: 3013181262 | F32: 5445870955 | G32: 391554662 | H32: 2089168405 | I32: 738811777 | J32: 125432686 | K32: =E32-G32 -> 2621626600 | L32: =IFERROR((E32)/(G32),0) -> 7.6954294 | M32: =IFERROR((H32)/(F32),0) -> 0.38362429 | N32: =IFERROR((I32)/(J32),0) -> 5.8901057 | O32: =F32-H32 -> 3356702550 | P32: =IFERROR((I32)/(O32),0) -> 0.22010046 | Q32: =IFERROR((I32)/(F32),0) -> 0.13566458 | R32: HÁBIL | S32: HÁBIL
A33: 23 | B33: =IFERROR(VLOOKUP(A33,Cierre!$A:$B,2,FALSE),"") -> CONSORCIO EPSILON CAFETERO | C33: PROYECTOS E INTERVENTORÍA S.A.S. - PI S.A.S. | D33: 0.7 | E33: 9438211235 | F33: 10297267776 | G33: 1520885555 | H33: 1520885555 | I33: 2492726168 | J33: 6808705 | K33: =($E33-$G33)+($E34-$G34) -> 9887662677 | L33: =IFERROR(((E33)+(E34))/((G33)+(G34)),0) -> 6.1839592 | M33: =IFERROR(((H33)+(H34))/((F33)+(F34)),0) -> 0.17810173 | N33: =IFERROR(((I33)+(I34))/((J33)+(J34)),0) -> 4.2503475 | O33: =F33-H33 -> 8776382221 | P33: =IFERROR(((I33)+(I34))/((O33)+(O34)),0) -> 0.31039158 | Q33: =IFERROR(((I33)+(I34))/((F33)+(F34)),0) -> 0.25511031 | R33: HÁBIL | S33: HÁBIL
C34: INGENIERÍA DE ESTUDIOS Y ASESORÍAS S.A.S. - INESAS S.A.S. | D34: 0.3 | E34: 2356808797 | F34: 2445194207 | G34: 386471800 | H34: 748568922 | I34: 758007206 | J34: 758007206 | O34: =F34-H34 -> 1696625285
A35: 24 | B35: =IFERROR(VLOOKUP(A35,Cierre!$A:$B,2,FALSE),"") -> GPM PROYECTOS DE INGENIERÍA S.A.S. | C35: GPM PROYECTOS DE INGENIERÍA S.A.S. | D35: 1 | E35: 3054313000 | F35: 3695741000 | G35: 393700000 | H35: 915336000 | I35: 972120000 | J35: 49205000 | K35: =E35-G35 -> 2660613000 | L35: =IFERROR((E35)/(G35),0) -> 7.7579705 | M35: =IFERROR((H35)/(F35),0) -> 0.2476732 | N35: =IFERROR((I35)/(J35),0) -> 19.756529 | O35: =F35-H35 -> 2780405000 | P35: =IFERROR((I35)/(O35),0) -> 0.34963252 | Q35: =IFERROR((I35)/(F35),0) -> 0.26303791 | R35: HÁBIL | S35: HÁBIL
A36: 25 | B36: =IFERROR(VLOOKUP(A36,Cierre!$A:$B,2,FALSE),"") -> G Y G CONSTRUCCIONES S.A.S. | C36: G Y G CONSTRUCCIONES S.A.S. | D36: 1 | E36: 5074586067 | F36: 5498657501 | G36: 689481249 | H36: 2137557564 | I36: 870913991 | J36: 45151647 | K36: =E36-G36 -> 4385104818 | L36: =IFERROR((E36)/(G36),0) -> 7.3600059 | M36: =IFERROR((H36)/(F36),0) -> 0.38874172 | N36: =IFERROR((I36)/(J36),0) -> 19.288643 | O36: =F36-H36 -> 3361099937 | P36: =IFERROR((I36)/(O36),0) -> 0.25911577 | Q36: =IFERROR((I36)/(F36),0) -> 0.15838666 | R36: HÁBIL | S36: HÁBIL
A37: 26 | B37: =IFERROR(VLOOKUP(A37,Cierre!$A:$B,2,FALSE),"") -> CONSORCIO CAPITAL | C37: VALLEJO H INGENIEROS CONSULTORES CONSTRUCTORES S.A.S. | D37: 0.5 | E37: 1679948284 | F37: 3413457140 | G37: 670797234 | H37: 1702444534 | I37: 354583921 | J37: 29780630 | K37: =($E37-$G37)+($E38-$G38) -> 1472958680 | L37: =IFERROR(((E37)+(E38))/((G37)+(G38)),0) -> 3.1128902 | M37: =IFERROR(((H37)+(H38))/((F37)+(F38)),0) -> 0.49967934 | N37: =IFERROR(((I37)+(I38))/((J37)+(J38)),0) -> 13.742921 | O37: =F37-H37 -> 1711012606 | P37: =IFERROR(((I37)+(I38))/((O37)+(O38)),0) -> 0.18703622 | Q37: =IFERROR(((I37)+(I38))/((F37)+(F38)),0) -> 0.093578084 | R37: HÁBIL | S37: HÁBIL
C38: COMPAÑÍA CONSULTORA COLOMBIANA TRIPLE C S.A.S. | D38: 0.5 | E38: 490140170 | F38: 960140170 | G38: 26332540 | H38: 482951694 | I38: 54688934 | J38: 0 | O38: =F38-H38 -> 477188476
A39: 27 | B39: =IFERROR(VLOOKUP(A39,Cierre!$A:$B,2,FALSE),"") -> CONSORCIO INTERCOLOMBIA | C39: MIRS LATINOAMÉRICA S.A.S. | D39: 0.5 | E39: 9466689745 | F39: 9632261601 | G39: 578082934 | H39: 3615452093 | I39: 3788705455 | J39: 12146311 | K39: =($E39-$G39)+($E40-$G40) -> 9101683864 | L39: =IFERROR(((E39)+(E40))/((G39)+(G40)),0) -> 16.525898 | M39: =IFERROR(((H39)+(H40))/((F39)+(F40)),0) -> 0.36774769 | N39: =IFERROR(((I39)+(I40))/((J39)+(J40)),0) -> 313.63438 | O39: =F39-H39 -> 6016809508 | P39: =IFERROR(((I39)+(I40))/((O39)+(O40)),0) -> 0.61148797 | Q39: =IFERROR(((I39)+(I40))/((F39)+(F40)),0) -> 0.38661469 | R39: HÁBIL | S39: HÁBIL
C40: A2M PROYECTOS DE INGENIERÍA S.A.S. | D40: 0.5 | E40: 221220053 | F40: 221220053 | G40: 8143000 | H40: 8143000 | I40: 20795261 | J40: 0 | O40: =F40-H40 -> 213077053
A41: 28 | B41: =IFERROR(VLOOKUP(A41,Cierre!$A:$B,2,FALSE),"") -> R&J INGENIERÍA S.A.S. | C41: R&J INGENIERÍA S.A.S. | D41: 1 | E41: 1130948890 | F41: 1199035723 | G41: 159267653 | H41: 290369494 | I41: 143130673 | J41: 14321422 | K41: =E41-G41 -> 971681237 | L41: =IFERROR((E41)/(G41),0) -> 7.1009327 | M41: =IFERROR((H41)/(F41),0) -> 0.24216918 | N41: =IFERROR((I41)/(J41),0) -> 9.9941663 | O41: =F41-H41 -> 908666229 | P41: =IFERROR((I41)/(O41),0) -> 0.15751732 | Q41: =IFERROR((I41)/(F41),0) -> 0.11937148 | R41: HÁBIL | S41: HÁBIL
A42: 29 | B42: =IFERROR(VLOOKUP(A42,Cierre!$A:$B,2,FALSE),"") -> JPS INGENIERÍA S.A. | C42: JPS INGENIERÍA S.A. | D42: 1 | E42: 5882915000 | F42: 6447311000 | G42: 915152000 | H42: 2787787000 | I42: 265637000 | J42: 14077000 | K42: =E42-G42 -> 4967763000 | L42: =IFERROR((E42)/(G42),0) -> 6.4283474 | M42: =IFERROR((H42)/(F42),0) -> 0.4323953 | N42: =IFERROR((I42)/(J42),0) -> 18.870285 | O42: =F42-H42 -> 3659524000 | P42: =IFERROR((I42)/(O42),0) -> 0.072587856 | Q42: =IFERROR((I42)/(F42),0) -> 0.041201208 | R42: HÁBIL | S42: HÁBIL
A43: 30 | B43: =IFERROR(VLOOKUP(A43,Cierre!$A:$B,2,FALSE),"") -> HERNÁN DARÍO NARVÁEZ BALLESTA | C43: HERNÁN DARÍO NARVÁEZ BALLESTA | D43: 1 | E43: 879933651 | F43: 1438465836 | G43: 74777923 | H43: 236641304 | I43: 295306300 | J43: 3477197 | K43: =E43-G43 -> 805155728 | L43: =IFERROR((E43)/(G43),0) -> 11.767292 | M43: =IFERROR((H43)/(F43),0) -> 0.16450951 | N43: =IFERROR((I43)/(J43),0) -> 84.926537 | O43: =F43-H43 -> 1201824532 | P43: =IFERROR((I43)/(O43),0) -> 0.24571499 | Q43: =IFERROR((I43)/(F43),0) -> 0.20529254 | R43: HÁBIL | S43: HÁBIL | U43: subsanado
A44: 31 | B44: =IFERROR(VLOOKUP(A44,Cierre!$A:$B,2,FALSE),"") -> CONSORCIO VIAL M&M | C44: METROCUBICO S.A.S. | D44: 0.05 | E44: 3220442992 | F44: 3225142992 | G44: 888313466 | H44: 2010812887 | I44: 227004413 | J44: 24872771 | K44: =($E44-$G44)+($E45-$G45) -> 2601013526 | L44: =IFERROR(((E44)+(E45))/((G44)+(G45)),0) -> 3.9280357 | M44: =IFERROR(((H44)+(H45))/((F44)+(F45)),0) -> 0.57181947 | N44: =IFERROR(((I44)+(I45))/((J44)+(J45)),0) -> 9.1266234 | O44: =F44-H44 -> 1214330105 | P44: =IFERROR(((I44)+(I45))/((O44)+(O45)),0) -> 0.15076296 | Q44: =IFERROR(((I44)+(I45))/((F44)+(F45)),0) -> 0.064553765 | R44: HÁBIL | S44: HÁBIL
C45: MS INGENIERÍA S.A.S. | D45: 0.95 | E45: 268884000 | F45: 291374000 | G45: 0 | H45: 0 | I45: 0 | J45: 0 | O45: =F45-H45 -> 291374000
A46: 32 | B46: =IFERROR(VLOOKUP(A46,Cierre!$A:$B,2,FALSE),"") -> DONAL BOGOTÁ BAUTISTA | C46: DONAL BOGOTÁ BAUTISTA | D46: 1 | E46: 494743682 | F46: 1149131190 | G46: 131498113 | H46: 446385109 | I46: 134254535 | J46: 26087 | K46: =E46-G46 -> 363245569 | L46: =IFERROR((E46)/(G46),0) -> 3.7623634 | M46: =IFERROR((H46)/(F46),0) -> 0.38845444 | N46: =IFERROR((I46)/(J46),0) -> 5146.4153 | O46: =F46-H46 -> 702746081 | P46: =IFERROR((I46)/(O46),0) -> 0.19104274 | Q46: =IFERROR((I46)/(F46),0) -> 0.11683134 | R46: HÁBIL | S46: HÁBIL
A47: 33 | B47: =IFERROR(VLOOKUP(A47,Cierre!$A:$B,2,FALSE),"") -> CONSORCIO VIAL CALDAS 2021 | C47: JORGE ÁLVARO SÁNCHEZ BLANCO | D47: 0.95 | E47: 5946638925 | F47: 7502921214 | G47: 803008330 | H47: 4068227243 | I47: 585723160 | J47: 34220116 | K47: =($E47-$G47)+($E48-$G48) -> 5328577281 | L47: =IFERROR(((E47)+(E48))/((G47)+(G48)),0) -> 6.75683 | M47: =IFERROR(((H47)+(H48))/((F47)+(F48)),0) -> 0.53301487 | N47: =IFERROR(((I47)+(I48))/((J47)+(J48)),0) -> 17.556894 | O47: =F47-H47 -> 3434693971 | P47: =IFERROR(((I47)+(I48))/((O47)+(O48)),0) -> 0.16363099 | Q47: =IFERROR(((I47)+(I48))/((F47)+(F48)),0) -> 0.076413237 | R47: HÁBIL | S47: HÁBIL
C48: DIEZ PLUS INGENIERÍA S.A.S. | D48: 0.05 | E48: 307547990 | F48: 359577174 | G48: 122601304 | H48: 122601304 | I48: 15075794 | J48: 0 | O48: =F48-H48 -> 236975870
A49: 34 | B49: =IFERROR(VLOOKUP(A49,Cierre!$A:$B,2,FALSE),"") -> INGENIERÍA MASTERS S.A.S. | C49: INGENIERÍA MASTERS S.A.S. | D49: 1 | E49: 5791881485 | F49: 6824579136 | G49: 110300860 | H49: 658947995 | I49: 2047435951 | J49: 60116367 | K49: =E49-G49 -> 5681580625 | L49: =IFERROR((E49)/(G49),0) -> 52.509849 | M49: =IFERROR((H49)/(F49),0) -> 0.096555111 | N49: =IFERROR((I49)/(J49),0) -> 34.057879 | O49: =F49-H49 -> 6165631141 | P49: =IFERROR((I49)/(O49),0) -> 0.3320724 | Q49: =IFERROR((I49)/(F49),0) -> 0.30000912 | R49: HÁBIL | S49: HÁBIL
A50: 35 | B50: =IFERROR(VLOOKUP(A50,Cierre!$A:$B,2,FALSE),"") -> DF CONSULTORÍA S.A.S. | C50: DF CONSULTORÍA S.A.S. | D50: 1 | E50: 1038984463 | F50: 1038984463 | G50: 7616053 | H50: 7616053 | I50: 21368410 | J50: 0 | K50: =E50-G50 -> 1031368410 | L50: =IFERROR((E50)/(G50),0) -> 136.42033 | M50: =IFERROR((H50)/(F50),0) -> 0.0073302857 | N50: =IFERROR((I50)/(J50),0) -> 0 | O50: =F50-H50 -> 1031368410 | P50: =IFERROR((I50)/(O50),0) -> 0.020718503 | Q50: =IFERROR((I50)/(F50),0) -> 0.020566631 | R50: HÁBIL | S50: HÁBIL

Sheet Experiencia
A1: MÓDULO | B1: No. | C1: PROPONENTE | D1: NOMBRE | E1: CONTRATANTE | F1: CONTRATO No. | G1: I, C, UT | H1: % (1) | I1: INICIACIÓN (DD/MM/AA) | J1: TERMINACIÓN (DD/MM/AA) | K1: SUSPENSIÓN (MESES) | L1: PLAZO DE EJECUCIÓN (MESES) (2) | M1: VALOR TOTAL DEL CONTRATO INCLUIDAS SUS ADICIONES, AJUSTES Y EL IVA (3) | N1: VALOR TOTAL DEL CONTRATO A CONSIDERAR COMO EXPERIENCIA (4) = (3)*(1) | O1: VALOR FACTURADO ACTUALIZADO SMMLV (VFA) | P1: EXPERIENCIA ESPECÍFICA POR VALOR | Q1: EXPERIENCIA ESPECÍFICA VÍAS URBANAS | R1: OBSERVACIONES | S1: Suspensión 1 | U1: Suspensión 2 | W1: Suspensión 3 | Y1: Suspensión 4 | AA1: Suspensión 5 | AC1: Suspensión 6 | AK1: MÓDULO 4 | AL1: =(VLOOKUP(AK1,SMMLV!$A$66:$C$69,3,0)) -> 333.69808 | AM1: =VLOOKUP(AK1,[2]SMMLV!$A$66:$D$73,4,FALSE) -> 0
A2: MÓDULO 4 | B2: 2 | C2: =IF($B2="","",VLOOKUP($B2,Cierre!$A:$E,2,FALSE)) -> ARM CONSULTING LTDA. | D2: ARM CONSULTING LTDA. | E2: MUNICIPIO DE PUERTO GAITAN | F2: 141-2010 | G2: C | H2: 0.15 | I2: 40401 | J2: 41861 | K2: =AE2+AF2+AG2+AH2+AI2+AJ2 -> 0 | L2: =IF(I2="",0,ROUND(((((J2-I2)+1)/360)*12)-K2,3)) -> 48.7 | M2: 3365082039 | N2: =ROUND(M2*H2,3) -> 5.0476231e+08 | O2: =IF(J2="",0,ROUND(N2/VLOOKUP(YEAR(J2),SMMLV!$A$2:$B$43,2,FALSE),2)) -> 819.42 | P2: =IFERROR(O2/($AL$1),) -> 2.455573 | AE2: =IF(S2="",0,ROUND((((T2-S2)+1)/30),3)) -> 0 | AF2: =IF(U2="",0,ROUND((((V2-U2)+1)/30),3)) -> 0 | AG2: =IF(W2="",0,ROUND((((X2-W2)+1)/30),3)) -> 0 | AH2: =IF(Y2="",0,ROUND((((Z2-Y2)+1)/30),3)) -> 0 | AI2: =IF(AA2="",0,ROUND((((AB2-AA2)+1)/30),3)) -> 0 | AJ2: =IF(AC2="",0,ROUND((((AD2-AC2)+1)/30),3)) -> 0
A3: MÓDULO 4 | B3: 3 | C3: =IF($B3="","",VLOOKUP($B3,Cierre!$A:$E,2,FALSE)) -> INGECO INGENIERÍA DE CONSTRUCCIONES S.A.S. | D3: INGECO INGENIERÍA DE CONSTRUCCIONES S.A.S. | E3: FONDO DE ADAPTACIÓN | F3: FA-CD-I-111-2018 | G3: C | H3: 0.4 | I3: 41855 | J3: 42219 | K3: =AE3+AF3+AG3+AH3+AI3+AJ3 -> 0 | L3: =IF(I3="",0,ROUND(((((J3-I3)+1)/360)*12)-K3,3)) -> 12.167 | M3: 9.6999238e+08 | N3: =ROUND(M3*H3,3) -> 3.8799695e+08 | O3: =IF(J3="",0,ROUND(N3/VLOOKUP(YEAR(J3),SMMLV!$A$2:$B$43,2,FALSE),2)) -> 602.15 | P3: =IFERROR(O3/($AL$1),) -> 1.8044755 | AE3: =IF(S3="",0,ROUND((((T3-S3)+1)/30),3)) -> 0 | AF3: =IF(U3="",0,ROUND((((V3-U3)+1)/30),3)) -> 0 | AG3: =IF(W3="",0,ROUND((((X3-W3)+1)/30),3)) -> 0 | AH3: =IF(Y3="",0,ROUND((((Z3-Y3)+1)/30),3)) -> 0 | AI3: =IF(AA3="",0,ROUND((((AB3-AA3)+1)/30),3)) -> 0 | AJ3: =IF(AC3="",0,ROUND((((AD3-AC3)+1)/30),3)) -> 0
A4: MÓDULO 4 | B4: 4 | C4: =IF($B4="","",VLOOKUP($B4,Cierre!$A:$E,2,FALSE)) -> INGENIERÍA DEL FUTURO S.A.S. | D4: INGENIERÍA DEL FUTURO S.A.S. | E4: ICCU | F4: 021-2014 | G4: C | H4: 0.5 | I4: 41750 | J4: 41902 | K4: =AE4+AF4+AG4+AH4+AI4+AJ4 -> 0 | L4: =IF(I4="",0,ROUND(((((J4-I4)+1)/360)*12)-K4,3)) -> 5.1 | M4: 1.2789828e+08 | N4: =ROUND(M4*H4,3) -> 63949140 | O4: =IF(J4="",0,ROUND(N4/VLOOKUP(YEAR(J4),SMMLV!$A$2:$B$43,2,FALSE),2)) -> 103.81 | P4: =IFERROR(O4/($AL$1),) -> 0.3110896 | AE4: =IF(S4="",0,ROUND((((T4-S4)+1)/30),3)) -> 0 | AF4: =IF(U4="",0,ROUND((((V4-U4)+1)/30),3)) -> 0 | AG4: =IF(W4="",0,ROUND((((X4-W4)+1)/30),3)) -> 0 | AH4: =IF(Y4="",0,ROUND((((Z4-Y4)+1)/30),3)) -> 0 | AI4: =IF(AA4="",0,ROUND((((AB4-AA4)+1)/30),3)) -> 0 | AJ4: =IF(AC4="",0,ROUND((((AD4-AC4)+1)/30),3)) -> 0
A5: MÓDULO 4 | B5: 4 | C5: =IF($B5="","",VLOOKUP($B5,Cierre!$A:$E,2,FALSE)) -> INGENIERÍA DEL FUTURO S.A.S. | D5: INGENIERÍA DEL FUTURO S.A.S. | E5: INVIAS | F5: 0998-2018 | G5: C | H5: 0.4 | I5: 43347 | J5: 44189 | K5: =AE5+AF5+AG5+AH5+AI5+AJ5 -> 0 | L5: =IF(I5="",0,ROUND(((((J5-I5)+1)/360)*12)-K5,3)) -> 28.1 | M5: 1380486603 | N5: =ROUND(M5*H5,3) -> 5.5219464e+08 | O5: =IF(J5="",0,ROUND(N5/VLOOKUP(YEAR(J5),SMMLV!$A$2:$B$43,2,FALSE),2)) -> 629.06 | P5: =IFERROR(O5/($AL$1),) -> 1.8851173 | AE5: =IF(S5="",0,ROUND((((T5-S5)+1)/30),3)) -> 0 | AF5: =IF(U5="",0,ROUND((((V5-U5)+1)/30),3)) -> 0 | AG5: =IF(W5="",0,ROUND((((X5-W5)+1)/30),3)) -> 0 | AH5: =IF(Y5="",0,ROUND((((Z5-Y5)+1)/30),3)) -> 0 | AI5: =IF(AA5="",0,ROUND((((AB5-AA5)+1)/30),3)) -> 0 | AJ5: =IF(AC5="",0,ROUND((((AD5-AC5)+1)/30),3)) -> 0
A6: MÓDULO 4 | B6: 5 | C6: =IF($B6="","",VLOOKUP($B6,Cierre!$A:$E,2,FALSE)) -> R&M CONSTRUCCIONES E INTERVENTORÍAS S.A.S. | D6: R&M CONSTRUCCIONES E INTERVENTORÍAS S.A.S. | E6: SECRETARÍA DE EDUCACIÓN | F6: 4071-2016 | G6: I | H6: 1 | I6: 42703 | J6: 43096 | K6: =AE6+AF6+AG6+AH6+AI6+AJ6 -> 0 | L6: =IF(I6="",0,ROUND(((((J6-I6)+1)/360)*12)-K6,3)) -> 13.133 | M6: 615278975 | N6: =ROUND(M6*H6,3) -> 615278975 | O6: =IF(J6="",0,ROUND(N6/VLOOKUP(YEAR(J6),SMMLV!$A$2:$B$43,2,FALSE),2)) -> 834.03 | P6: =IFERROR(O6/($AL$1),) -> 2.4993551 | AE6: =IF(S6="",0,ROUND((((T6-S6)+1)/30),3)) -> 0 | AF6: =IF(U6="",0,ROUND((((V6-U6)+1)/30),3)) -> 0 | AG6: =IF(W6="",0,ROUND((((X6-W6)+1)/30),3)) -> 0 | AH6: =IF(Y6="",0,ROUND((((Z6-Y6)+1)/30),3)) -> 0 | AI6: =IF(AA6="",0,ROUND((((AB6-AA6)+1)/30),3)) -> 0 | AJ6: =IF(AC6="",0,ROUND((((AD6-AC6)+1)/30),3)) -> 0
A7: MÓDULO 4 | B7: 7 | C7: =IF($B7="","",VLOOKUP($B7,Cierre!$A:$E,2,FALSE)) -> CARMONA CARVAJAL INGENIEROS S.A.S. | D7: CARMONA CARVAJAL INGENIEROS S.A.S. | E7: MUNICIPIO DE DOSQUEBRADAS | F7: 1366-2019 | G7: I | H7: 1 | I7: 43679 | J7: 43829 | K7: =AE7+AF7+AG7+AH7+AI7+AJ7 -> 0 | L7: =IF(I7="",0,ROUND(((((J7-I7)+1)/360)*12)-K7,3)) -> 5.033 | M7: 1.6134501e+08 | N7: =ROUND(M7*H7,3) -> 1.6134501e+08 | O7: =IF(J7="",0,ROUND(N7/VLOOKUP(YEAR(J7),SMMLV!$A$2:$B$43,2,FALSE),2)) -> 194.83 | P7: =IFERROR(O7/($AL$1),) -> 0.58385113 | AE7: =IF(S7="",0,ROUND((((T7-S7)+1)/30),3)) -> 0 | AF7: =IF(U7="",0,ROUND((((V7-U7)+1)/30),3)) -> 0 | AG7: =IF(W7="",0,ROUND((((X7-W7)+1)/30),3)) -> 0 | AH7: =IF(Y7="",0,ROUND((((Z7-Y7)+1)/30),3)) -> 0 | AI7: =IF(AA7="",0,ROUND((((AB7-AA7)+1)/30),3)) -> 0 | AJ7: =IF(AC7="",0,ROUND((((AD7-AC7)+1)/30),3)) -> 0
A8: MÓDULO 4 | B8: 7 | C8: =IF($B8="","",VLOOKUP($B8,Cierre!$A:$E,2,FALSE)) -> CARMONA CARVAJAL INGENIEROS S.A.S. | D8: CARMONA CARVAJAL INGENIEROS S.A.S. | E8: MUNICIPIO DE DOSQUEBRADAS | F8: N/A | G8: I | H8: 1 | I8: 43677 | J8: 43904 | K8: =AE8+AF8+AG8+AH8+AI8+AJ8 -> 0 | L8: =IF(I8="",0,ROUND(((((J8-I8)+1)/360)*12)-K8,3)) -> 7.6 | M8: 275918282 | N8: =ROUND(M8*H8,3) -> 275918282 | O8: =IF(J8="",0,ROUND(N8/VLOOKUP(YEAR(J8),SMMLV!$A$2:$B$43,2,FALSE),2)) -> 314.33 | P8: =IFERROR(O8/($AL$1),) -> 0.94195928 | AE8: =IF(S8="",0,ROUND((((T8-S8)+1)/30),3)) -> 0 | AF8: =IF(U8="",0,ROUND((((V8-U8)+1)/30),3)) -> 0 | AG8: =IF(W8="",0,ROUND((((X8-W8)+1)/30),3)) -> 0 | AH8: =IF(Y8="",0,ROUND((((Z8-Y8)+1)/30),3)) -> 0 | AI8: =IF(AA8="",0,ROUND((((AB8-AA8)+1)/30),3)) -> 0 | AJ8: =IF(AC8="",0,ROUND((((AD8-AC8)+1)/30),3)) -> 0
A9: MÓDULO 4 | B9: 7 | C9: =IF($B9="","",VLOOKUP($B9,Cierre!$A:$E,2,FALSE)) -> CARMONA CARVAJAL INGENIEROS S.A.S. | D9: CARMONA CARVAJAL INGENIEROS S.A.S. | E9: GOBERNACIÓN DEL QUINDIO | F9: SID-017-2013 | G9: C | H9: 0.5 | I9: 41617 | J9: 42041 | K9: =AE9+AF9+AG9+AH9+AI9+AJ9 -> 0 | L9: =IF(I9="",0,ROUND(((((J9-I9)+1)/360)*12)-K9,3)) -> 14.167 | M9: 163817586 | N9: =ROUND(M9*H9,3) -> 81908793 | O9: =IF(J9="",0,ROUND(N9/VLOOKUP(YEAR(J9),SMMLV!$A$2:$B$43,2,FALSE),2)) -> 127.12 | P9: =IFERROR(O9/($AL$1),) -> 0.38094316 | AE9: =IF(S9="",0,ROUND((((T9-S9)+1)/30),3)) -> 0 | AF9: =IF(U9="",0,ROUND((((V9-U9)+1)/30),3)) -> 0 | AG9: =IF(W9="",0,ROUND((((X9-W9)+1)/30),3)) -> 0 | AH9: =IF(Y9="",0,ROUND((((Z9-Y9)+1)/30),3)) -> 0 | AI9: =IF(AA9="",0,ROUND((((AB9-AA9)+1)/30),3)) -> 0 | AJ9: =IF(AC9="",0,ROUND((((AD9-AC9)+1)/30),3)) -> 0
A10: MÓDULO 4 | B10: 7 | C10: =IF($B10="","",VLOOKUP($B10,Cierre!$A:$E,2,FALSE)) -> CARMONA CARVAJAL INGENIEROS S.A.S. | D10: CARMONA CARVAJAL INGENIEROS S.A.S. | E10: GOBERNACIÓN DEL QUINDIO | F10: 025-2019 | G10: I | H10: 1 | I10: 43822 | J10: 44039 | K10: =AE10+AF10+AG10+AH10+AI10+AJ10 -> 0 | L10: =IF(I10="",0,ROUND(((((J10-I10)+1)/360)*12)-K10,3)) -> 7.267 | M10: 146339060 | N10: =ROUND(M10*H10,3) -> 146339060 | O10: =IF(J10="",0,ROUND(N10/VLOOKUP(YEAR(J10),SMMLV!$A$2:$B$43,2,FALSE),2)) -> 166.71 | P10: =IFERROR(O10/($AL$1),) -> 0.49958334 | AE10: =IF(S10="",0,ROUND((((T10-S10)+1)/30),3)) -> 0 | AF10: =IF(U10="",0,ROUND((((V10-U10)+1)/30),3)) -> 0 | AG10: =IF(W10="",0,ROUND((((X10-W10)+1)/30),3)) -> 0 | AH10: =IF(Y10="",0,ROUND((((Z10-Y10)+1)/30),3)) -> 0 | AI10: =IF(AA10="",0,ROUND((((AB10-AA10)+1)/30),3)) -> 0 | AJ10: =IF(AC10="",0,ROUND((((AD10-AC10)+1)/30),3)) -> 0
A11: MÓDULO 4 | B11: 8 | C11: =IF($B11="","",VLOOKUP($B11,Cierre!$A:$E,2,FALSE)) -> CONSORCIO INTERVIAS CALDAS | D11: PEDRO JOSÉ CORREDOR BECERRA JORGE WILLAN CORZO GARCÍA | E11: INVIAS | F11: 0822-2018 | G11: C | H11: 0.3 | I11: 43284 | J11: 43672 | K11: =AE11+AF11+AG11+AH11+AI11+AJ11 -> 0 | L11: =IF(I11="",0,ROUND(((((J11-I11)+1)/360)*12)-K11,3)) -> 12.967 | M11: 1015864444 | N11: =ROUND(M11*H11,3) -> 3.0475933e+08 | O11: =IF(J11="",0,ROUND(N11/VLOOKUP(YEAR(J11),SMMLV!$A$2:$B$43,2,FALSE),2)) -> 368.02 | P11: =IFERROR(O11/($AL$1),) -> 1.1028532 | R11: Se agrega el contrato No. 0822 del 2018 para el Lote 4, habilitando al proponente por experiencia general, sin embargo. Según lo establecido en el numeral 3.8.1: "...En caso que con los contratos aportados no se acredite este porcentaje mínimo, la entidad solicitará al proponente que subsane su oferta en los términos del numeral 1.6. Si el proponente subsana el requisito mínimo de experiencia, se habilitará en el proceso de contratación, pero no será objeto de puntuación en relación con este factor de evaluación, por lo que obtendrá cero (0) puntos por el factor “experiencia del proponente”." y el numeral 4.1 "A. El proponente cumplirá con la exigencia mínima de experiencia prevista en el numeral 3.8.1, de acuerdo con lo anterior, si el proponente debió subsanar el cumplimiento de la experiencia mínima no será susceptible de puntuación, por lo que obtendrá cero (0) puntos por este criterio de evaluación" Respecto a los contratos no válidos, Con la consolidación del informe final, despues de las subsanaciones y aclaraciones presentadas y el total de los proponentes habilitados se eliminarán los contratos y las propuestas que no sean admisibles.
A12: MÓDULO 4 | B12: 8 | C12: =IF($B12="","",VLOOKUP($B12,Cierre!$A:$E,2,FALSE)) -> CONSORCIO INTERVIAS CALDAS | D12: PEDRO JOSÉ CORREDOR BECERRA | E12: IDESAN | F12: J109-2019 | G12: C | H12: 0.25 | I12: 44057 | J12: 44307 | K12: =AE12+AF12+AG12+AH12+AI12+AJ12 -> 0 | L12: =IF(I12="",0,ROUND(((((J12-I12)+1)/360)*12)-K12,3)) -> 8.367 | M12: 1142516061 | N12: =ROUND(M12*H12,3) -> 2.8562902e+08 | O12: =IF(J12="",0,ROUND(N12/VLOOKUP(YEAR(J12),SMMLV!$A$2:$B$43,2,FALSE),2)) -> 314.39 | P12: =IFERROR(O12/($AL$1),) -> 0.94213909 | AE12: =IF(S12="",0,ROUND((((T12-S12)+1)/30),3)) -> 0 | AF12: =IF(U12="",0,ROUND((((V12-U12)+1)/30),3)) -> 0 | AG12: =IF(W12="",0,ROUND((((X12-W12)+1)/30),3)) -> 0 | AH12: =IF(Y12="",0,ROUND((((Z12-Y12)+1)/30),3)) -> 0 | AI12: =IF(AA12="",0,ROUND((((AB12-AA12)+1)/30),3)) -> 0 | AJ12: =IF(AC12="",0,ROUND((((AD12-AC12)+1)/30),3)) -> 0
A13: MÓDULO 4 | B13: 9 | C13: =IF($B13="","",VLOOKUP($B13,Cierre!$A:$E,2,FALSE)) -> ARA INGENIERÍA S.A.S. | D13: ARA INGENIERÍA S.A.S. | E13: ICCU | F13: 030-2014 | G13: I | H13: 1 | I13: 41744 | J13: 41988 | K13: =AE13+AF13+AG13+AH13+AI13+AJ13 -> 0 | L13: =IF(I13="",0,ROUND(((((J13-I13)+1)/360)*12)-K13,3)) -> 8.167 | M13: 449473057 | N13: =ROUND(M13*H13,3) -> 449473057 | O13: =IF(J13="",0,ROUND(N13/VLOOKUP(YEAR(J13),SMMLV!$A$2:$B$43,2,FALSE),2)) -> 729.66 | P13: =IFERROR(O13/($AL$1),) -> 2.1865874 | AE13: =IF(S13="",0,ROUND((((T13-S13)+1)/30),3)) -> 0 | AF13: =IF(U13="",0,ROUND((((V13-U13)+1)/30),3)) -> 0 | AG13: =IF(W13="",0,ROUND((((X13-W13)+1)/30),3)) -> 0 | AH13: =IF(Y13="",0,ROUND((((Z13-Y13)+1)/30),3)) -> 0 | AI13: =IF(AA13="",0,ROUND((((AB13-AA13)+1)/30),3)) -> 0 | AJ13: =IF(AC13="",0,ROUND((((AD13-AC13)+1)/30),3)) -> 0
A14: MÓDULO 4 | B14: 10 | C14: =IF($B14="","",VLOOKUP($B14,Cierre!$A:$E,2,FALSE)) -> HR INGENIERÍA S.A.S. | D14: HR INGENIERÍA S.A.S. | E14: ICCU | F14: 435-2015 | G14: C | H14: 0.75 | I14: 42640 | J14: 43570 | K14: =AE14+AF14+AG14+AH14+AI14+AJ14 -> 0 | L14: =IF(I14="",0,ROUND(((((J14-I14)+1)/360)*12)-K14,3)) -> 31.033 | M14: 849933127 | N14: =ROUND(M14*H14,3) -> 6.3744985e+08 | O14: =IF(J14="",0,ROUND(N14/VLOOKUP(YEAR(J14),SMMLV!$A$2:$B$43,2,FALSE),2)) -> 769.76 | P14: =IFERROR(O14/($AL$1),) -> 2.3067559 | AE14: =IF(S14="",0,ROUND((((T14-S14)+1)/30),3)) -> 0 | AF14: =IF(U14="",0,ROUND((((V14-U14)+1)/30),3)) -> 0 | AG14: =IF(W14="",0,ROUND((((X14-W14)+1)/30),3)) -> 0 | AH14: =IF(Y14="",0,ROUND((((Z14-Y14)+1)/30),3)) -> 0 | AI14: =IF(AA14="",0,ROUND((((AB14-AA14)+1)/30),3)) -> 0 | AJ14: =IF(AC14="",0,ROUND((((AD14-AC14)+1)/30),3)) -> 0
A15: MÓDULO 4 | B15: 10 | C15: =IF($B15="","",VLOOKUP($B15,Cierre!$A:$E,2,FALSE)) -> HR INGENIERÍA S.A.S. | D15: HR INGENIERÍA S.A.S. | E15: UAEGRD | F15: UAEGRD-CM-034-2017 | G15: I | H15: 1 | I15: 43034 | J15: 43189 | K15: =AE15+AF15+AG15+AH15+AI15+AJ15 -> 0 | L15: =IF(I15="",0,ROUND(((((J15-I15)+1)/360)*12)-K15,3)) -> 5.2 | M15: 166123319 | N15: =ROUND(M15*H15,3) -> 166123319 | O15: =IF(J15="",0,ROUND(N15/VLOOKUP(YEAR(J15),SMMLV!$A$2:$B$43,2,FALSE),2)) -> 212.64 | P15: =IFERROR(O15/($AL$1),) -> 0.63722273 | AE15: =IF(S15="",0,ROUND((((T15-S15)+1)/30),3)) -> 0 | AF15: =IF(U15="",0,ROUND((((V15-U15)+1)/30),3)) -> 0 | AG15: =IF(W15="",0,ROUND((((X15-W15)+1)/30),3)) -> 0 | AH15: =IF(Y15="",0,ROUND((((Z15-Y15)+1)/30),3)) -> 0 | AI15: =IF(AA15="",0,ROUND((((AB15-AA15)+1)/30),3)) -> 0 | AJ15: =IF(AC15="",0,ROUND((((AD15-AC15)+1)/30),3)) -> 0
A16: MÓDULO 4 | B16: 13 | C16: =IF($B16="","",VLOOKUP($B16,Cierre!$A:$E,2,FALSE)) -> CONSORCIO NP MANIZALES | D16: MARÍA CLARA POTES MAZUERA | E16: INFICALDAS | F16: PV-09-2019 | G16: C | H16: 0.15 | I16: 43635 | J16: 43799 | K16: =AE16+AF16+AG16+AH16+AI16+AJ16 -> 0 | L16: =IF(I16="",0,ROUND(((((J16-I16)+1)/360)*12)-K16,3)) -> 5.5 | M16: 199743486 | N16: =ROUND(M16*H16,3) -> 29961523 | O16: =IF(J16="",0,ROUND(N16/VLOOKUP(YEAR(J16),SMMLV!$A$2:$B$43,2,FALSE),2)) -> 36.18 | P16: =IFERROR(O16/($AL$1),) -> 0.10842136 | R16: Se agrega el contrato No. PV-09-2019 para el Lote 4, Sin embargo, según el numeral 1.6 del pliego de condiciones: " Todos aquellos requisitos de la oferta que afecten la asignación de puntaje, incluyendo los necesarios para acreditar requisitos de desempate, no son subsanables, por lo que los mismos deben ser aportados por los proponentes desde la presentación de la oferta. " y según el numeral 4.1 "A. El proponente cumplirá con la exigencia mínima de experiencia prevista en el numeral 3.8.1, de acuerdo con lo anterior, si el proponente debió subsanar el cumplimiento de la experiencia mínima no será susceptible de puntuación, por lo que obtendrá cero (0) puntos por este criterio de evaluación"
A17: MÓDULO 4 | B17: 13 | C17: =IF($B17="","",VLOOKUP($B17,Cierre!$A:$E,2,FALSE)) -> CONSORCIO NP MANIZALES | D17: MARÍA CLARA POTES MAZUERA | E17: INFICALDAS | F17: PV-13-2017 | G17: C | H17: 0.3 | I17: 42975 | J17: 43585 | K17: =AE17+AF17+AG17+AH17+AI17+AJ17 -> 0 | L17: =IF(I17="",0,ROUND(((((J17-I17)+1)/360)*12)-K17,3)) -> 20.367 | M17: 691066793 | N17: =ROUND(M17*H17,3) -> 2.0732004e+08 | O17: =IF(J17="",0,ROUND(N17/VLOOKUP(YEAR(J17),SMMLV!$A$2:$B$43,2,FALSE),2)) -> 250.35 | P17: =IFERROR(O17/($AL$1),) -> 0.75022908 | AE17: =IF(S17="",0,ROUND((((T17-S17)+1)/30),3)) -> 0 | AF17: =IF(U17="",0,ROUND((((V17-U17)+1)/30),3)) -> 0 | AG17: =IF(W17="",0,ROUND((((X17-W17)+1)/30),3)) -> 0 | AH17: =IF(Y17="",0,ROUND((((Z17-Y17)+1)/30),3)) -> 0 | AI17: =IF(AA17="",0,ROUND((((AB17-AA17)+1)/30),3)) -> 0 | AJ17: =IF(AC17="",0,ROUND((((AD17-AC17)+1)/30),3)) -> 0
A18: MÓDULO 4 | B18: 13 | C18: =IF($B18="","",VLOOKUP($B18,Cierre!$A:$E,2,FALSE)) -> CONSORCIO NP MANIZALES | D18: ÁLVARO HERNANDO NARANJO OLAYA | E18: INVIAS | F18: 730-2004 | G18: I | H18: 1 | I18: 38245 | J18: 38457 | K18: =AE18+AF18+AG18+AH18+AI18+AJ18 -> 0 | L18: =IF(I18="",0,ROUND(((((J18-I18)+1)/360)*12)-K18,3)) -> 7.1 | M18: =161256936 -> 161256936 | N18: =ROUND(M18*H18,3) -> 161256936 | O18: =IF(J18="",0,ROUND(N18/VLOOKUP(YEAR(J18),SMMLV!$A$2:$B$43,2,FALSE),2)) -> 422.69 | P18: =IFERROR(O18/($AL$1),) -> 1.266684 | R18: Se revisa nuevamente la información aportada y se valida el contrato | AE18: =IF(S18="",0,ROUND((((T18-S18)+1)/30),3)) -> 0 | AF18: =IF(U18="",0,ROUND((((V18-U18)+1)/30),3)) -> 0 | AG18: =IF(W18="",0,ROUND((((X18-W18)+1)/30),3)) -> 0 | AH18: =IF(Y18="",0,ROUND((((Z18-Y18)+1)/30),3)) -> 0 | AI18: =IF(AA18="",0,ROUND((((AB18-AA18)+1)/30),3)) -> 0 | AJ18: =IF(AC18="",0,ROUND((((AD18-AC18)+1)/30),3)) -> 0
A19: MÓDULO 4 | B19: 15 | C19: =IF($B19="","",VLOOKUP($B19,Cierre!$A:$E,2,FALSE)) -> CIMAG S.A.S. | D19: CIMAG S.A.S. | E19: ALCALDÍA DE MEDELLIN | F19: 4600049548-2013 | G19: I | H19: 1 | I19: 41519 | J19: 41807 | K19: =AE19+AF19+AG19+AH19+AI19+AJ19 -> 0 | L19: =IF(I19="",0,ROUND(((((J19-I19)+1)/360)*12)-K19,3)) -> 9.633 | M19: 239164624 | N19: =ROUND(M19*H19,3) -> 239164624 | O19: =IF(J19="",0,ROUND(N19/VLOOKUP(YEAR(J19),SMMLV!$A$2:$B$43,2,FALSE),2)) -> 388.25 | P19: =IFERROR(O19/($AL$1),) -> 1.1634769 | AE19: =IF(S19="",0,ROUND((((T19-S19)+1)/30),3)) -> 0 | AF19: =IF(U19="",0,ROUND((((V19-U19)+1)/30),3)) -> 0 | AG19: =IF(W19="",0,ROUND((((X19-W19)+1)/30),3)) -> 0 | AH19: =IF(Y19="",0,ROUND((((Z19-Y19)+1)/30),3)) -> 0 | AI19: =IF(AA19="",0,ROUND((((AB19-AA19)+1)/30),3)) -> 0 | AJ19: =IF(AC19="",0,ROUND((((AD19-AC19)+1)/30),3)) -> 0
A20: MÓDULO 4 | B20: 17 | C20: =IF($B20="","",VLOOKUP($B20,Cierre!$A:$E,2,FALSE)) -> ORGANIZACIÓN VICAN S.A.S. | D20: ORGANIZACIÓN VICAN S.A.S. | E20: INVIAS | F20: 152-2011 | G20: I | H20: 1 | I20: 40659 | J20: 40842 | K20: =AE20+AF20+AG20+AH20+AI20+AJ20 -> 0 | L20: =IF(I20="",0,ROUND(((((J20-I20)+1)/360)*12)-K20,3)) -> 6.133 | M20: 215888046 | N20: =ROUND(M20*H20,3) -> 215888046 | O20: =IF(J20="",0,ROUND(N20/VLOOKUP(YEAR(J20),SMMLV!$A$2:$B$43,2,FALSE),2)) -> 403.08 | P20: =IFERROR(O20/($AL$1),) -> 1.2079183 | AE20: =IF(S20="",0,ROUND((((T20-S20)+1)/30),3)) -> 0 | AF20: =IF(U20="",0,ROUND((((V20-U20)+1)/30),3)) -> 0 | AG20: =IF(W20="",0,ROUND((((X20-W20)+1)/30),3)) -> 0 | AH20: =IF(Y20="",0,ROUND((((Z20-Y20)+1)/30),3)) -> 0 | AI20: =IF(AA20="",0,ROUND((((AB20-AA20)+1)/30),3)) -> 0 | AJ20: =IF(AC20="",0,ROUND((((AD20-AC20)+1)/30),3)) -> 0
A21: MÓDULO 4 | B21: 17 | C21: =IF($B21="","",VLOOKUP($B21,Cierre!$A:$E,2,FALSE)) -> ORGANIZACIÓN VICAN S.A.S. | D21: ORGANIZACIÓN VICAN S.A.S. | E21: INVIAS | F21: 1190-2011 | G21: I | H21: 1 | I21: 40783 | J21: 40996 | K21: =AE21+AF21+AG21+AH21+AI21+AJ21 -> 0 | L21: =IF(I21="",0,ROUND(((((J21-I21)+1)/360)*12)-K21,3)) -> 7.133 | M21: 405607425 | N21: =ROUND(M21*H21,3) -> 405607425 | O21: =IF(J21="",0,ROUND(N21/VLOOKUP(YEAR(J21),SMMLV!$A$2:$B$43,2,FALSE),2)) -> 715.74 | P21: =IFERROR(O21/($AL$1),) -> 2.144873 | AE21: =IF(S21="",0,ROUND((((T21-S21)+1)/30),3)) -> 0 | AF21: =IF(U21="",0,ROUND((((V21-U21)+1)/30),3)) -> 0 | AG21: =IF(W21="",0,ROUND((((X21-W21)+1)/30),3)) -> 0 | AH21: =IF(Y21="",0,ROUND((((Z21-Y21)+1)/30),3)) -> 0 | AI21: =IF(AA21="",0,ROUND((((AB21-AA21)+1)/30),3)) -> 0 | AJ21: =IF(AC21="",0,ROUND((((AD21-AC21)+1)/30),3)) -> 0
A22: MÓDULO 4 | B22: 17 | C22: =IF($B22="","",VLOOKUP($B22,Cierre!$A:$E,2,FALSE)) -> ORGANIZACIÓN VICAN S.A.S. | D22: ORGANIZACIÓN VICAN S.A.S. | E22: IDIGER | F22: 489-19 | G22: I | H22: 1 | I22: 43809 | J22: 44082 | K22: =AE22+AF22+AG22+AH22+AI22+AJ22 -> 0 | L22: =IF(I22="",0,ROUND(((((J22-I22)+1)/360)*12)-K22,3)) -> 9.133 | M22: 249776240 | N22: =ROUND(M22*H22,3) -> 249776240 | O22: =IF(J22="",0,ROUND(N22/VLOOKUP(YEAR(J22),SMMLV!$A$2:$B$43,2,FALSE),2)) -> 284.55 | P22: =IFERROR(O22/($AL$1),) -> 0.85271693 | AE22: =IF(S22="",0,ROUND((((T22-S22)+1)/30),3)) -> 0 | AF22: =IF(U22="",0,ROUND((((V22-U22)+1)/30),3)) -> 0 | AG22: =IF(W22="",0,ROUND((((X22-W22)+1)/30),3)) -> 0 | AH22: =IF(Y22="",0,ROUND((((Z22-Y22)+1)/30),3)) -> 0 | AI22: =IF(AA22="",0,ROUND((((AB22-AA22)+1)/30),3)) -> 0 | AJ22: =IF(AC22="",0,ROUND((((AD22-AC22)+1)/30),3)) -> 0
A23: MÓDULO 4 | B23: 18 | C23: =IF($B23="","",VLOOKUP($B23,Cierre!$A:$E,2,FALSE)) -> ICONSULTING S.A.S. | D23: ICONSULTING S.A.S. | E23: MUNICIPIO DE MEDELLIN | F23: 4600057592-2014 | G23: I | H23: 1 | I23: 42065 | J23: 42210 | K23: =AE23+AF23+AG23+AH23+AI23+AJ23 -> 0 | L23: =IF(I23="",0,ROUND(((((J23-I23)+1)/360)*12)-K23,3)) -> 4.867 | M23: 157516949 | N23: =ROUND(M23*H23,3) -> 157516949 | O23: =IF(J23="",0,ROUND(N23/VLOOKUP(YEAR(J23),SMMLV!$A$2:$B$43,2,FALSE),2)) -> 244.46 | P23: =IFERROR(O23/($AL$1),) -> 0.73257839 | AE23: =IF(S23="",0,ROUND((((T23-S23)+1)/30),3)) -> 0 | AF23: =IF(U23="",0,ROUND((((V23-U23)+1)/30),3)) -> 0 | AG23: =IF(W23="",0,ROUND((((X23-W23)+1)/30),3)) -> 0 | AH23: =IF(Y23="",0,ROUND((((Z23-Y23)+1)/30),3)) -> 0 | AI23: =IF(AA23="",0,ROUND((((AB23-AA23)+1)/30),3)) -> 0 | AJ23: =IF(AC23="",0,ROUND((((AD23-AC23)+1)/30),3)) -> 0
A24: MÓDULO 4 | B24: 18 | C24: =IF($B24="","",VLOOKUP($B24,Cierre!$A:$E,2,FALSE)) -> ICONSULTING S.A.S. | D24: ICONSULTING S.A.S. | E24: MUNICIPIO DE MEDELLIN | F24: 4600057644-2014 | G24: I | H24: 1 | I24: 42115 | J24: 42299 | K24: =AE24+AF24+AG24+AH24+AI24+AJ24 -> 0 | L24: =IF(I24="",0,ROUND(((((J24-I24)+1)/360)*12)-K24,3)) -> 6.167 | M24: 241439570 | N24: =ROUND(M24*H24,3) -> 241439570 | O24: =IF(J24="",0,ROUND(N24/VLOOKUP(YEAR(J24),SMMLV!$A$2:$B$43,2,FALSE),2)) -> 374.7 | P24: =IFERROR(O24/($AL$1),) -> 1.1228713 | AE24: =IF(S24="",0,ROUND((((T24-S24)+1)/30),3)) -> 0 | AF24: =IF(U24="",0,ROUND((((V24-U24)+1)/30),3)) -> 0 | AG24: =IF(W24="",0,ROUND((((X24-W24)+1)/30),3)) -> 0 | AH24: =IF(Y24="",0,ROUND((((Z24-Y24)+1)/30),3)) -> 0 | AI24: =IF(AA24="",0,ROUND((((AB24-AA24)+1)/30),3)) -> 0 | AJ24: =IF(AC24="",0,ROUND((((AD24-AC24)+1)/30),3)) -> 0
A25: MÓDULO 4 | B25: 21 | C25: =IF($B25="","",VLOOKUP($B25,Cierre!$A:$E,2,FALSE)) -> INGEOCILCON S.A.S. | D25: LUZ DARY ARIAS SILVA | E25: MUNICIPIO DE MEDELLIN | F25: 4600036224 DE 2011 | G25: I | H25: 1 | I25: 40878 | J25: 41106 | K25: =AE25+AF25+AG25+AH25+AI25+AJ25 -> 0 | L25: =IF(I25="",0,ROUND(((((J25-I25)+1)/360)*12)-K25,3)) -> 7.633 | M25: 312037099 | N25: =ROUND(M25*H25,3) -> 312037099 | O25: =IF(J25="",0,ROUND(N25/VLOOKUP(YEAR(J25),SMMLV!$A$2:$B$43,2,FALSE),2)) -> 550.62 | P25: =IFERROR(O25/($AL$1),) -> 1.6500545 | AE25: =IF(S25="",0,ROUND((((T25-S25)+1)/30),3)) -> 0 | AF25: =IF(U25="",0,ROUND((((V25-U25)+1)/30),3)) -> 0 | AG25: =IF(W25="",0,ROUND((((X25-W25)+1)/30),3)) -> 0 | AH25: =IF(Y25="",0,ROUND((((Z25-Y25)+1)/30),3)) -> 0 | AI25: =IF(AA25="",0,ROUND((((AB25-AA25)+1)/30),3)) -> 0 | AJ25: =IF(AC25="",0,ROUND((((AD25-AC25)+1)/30),3)) -> 0
A26: MÓDULO 4 | B26: 26 | C26: =IF($B26="","",VLOOKUP($B26,Cierre!$A:$E,2,FALSE)) -> CONSORCIO CAPITAL | D26: COMPAÑÍA CONSULTORA COLOMBIANA TRIPLE C S.A.S. | E26: EDU | F26: 203 DE 2013 | G26: I | H26: 1 | I26: 41408 | J26: 41761 | K26: =AE26+AF26+AG26+AH26+AI26+AJ26 -> 0 | L26: =IF(I26="",0,ROUND(((((J26-I26)+1)/360)*12)-K26,3)) -> 11.8 | M26: 476648589 | N26: =ROUND(M26*H26,3) -> 476648589 | O26: =IF(J26="",0,ROUND(N26/VLOOKUP(YEAR(J26),SMMLV!$A$2:$B$43,2,FALSE),2)) -> 773.78 | P26: =IFERROR(O26/($AL$1),) -> 2.3188027 | AE26: =IF(S26="",0,ROUND((((T26-S26)+1)/30),3)) -> 0 | AF26: =IF(U26="",0,ROUND((((V26-U26)+1)/30),3)) -> 0 | AG26: =IF(W26="",0,ROUND((((X26-W26)+1)/30),3)) -> 0 | AH26: =IF(Y26="",0,ROUND((((Z26-Y26)+1)/30),3)) -> 0 | AI26: =IF(AA26="",0,ROUND((((AB26-AA26)+1)/30),3)) -> 0 | AJ26: =IF(AC26="",0,ROUND((((AD26-AC26)+1)/30),3)) -> 0
A27: MÓDULO 4 | B27: 26 | C27: =IF($B27="","",VLOOKUP($B27,Cierre!$A:$E,2,FALSE)) -> CONSORCIO CAPITAL | D27: VALLEJO H INGENIEROS CONSULTORES CONSTRUCTORES S.A.S. | E27: UNGRD | F27: 9677-PPAL001-261-2017 | G27: C | H27: 1 | I27: 42892 | J27: 43286 | K27: =AE27+AF27+AG27+AH27+AI27+AJ27 -> 0 | L27: =IF(I27="",0,ROUND(((((J27-I27)+1)/360)*12)-K27,3)) -> 13.167 | M27: 418685104 | N27: =ROUND(M27*H27,3) -> 418685104 | O27: =IF(J27="",0,ROUND(N27/VLOOKUP(YEAR(J27),SMMLV!$A$2:$B$43,2,FALSE),2)) -> 535.92 | P27: =IFERROR(O27/($AL$1),) -> 1.6060027 | AE27: =IF(S27="",0,ROUND((((T27-S27)+1)/30),3)) -> 0 | AF27: =IF(U27="",0,ROUND((((V27-U27)+1)/30),3)) -> 0 | AG27: =IF(W27="",0,ROUND((((X27-W27)+1)/30),3)) -> 0 | AH27: =IF(Y27="",0,ROUND((((Z27-Y27)+1)/30),3)) -> 0 | AI27: =IF(AA27="",0,ROUND((((AB27-AA27)+1)/30),3)) -> 0 | AJ27: =IF(AC27="",0,ROUND((((AD27-AC27)+1)/30),3)) -> 0
A28: MÓDULO 4 | B28: 33 | C28: =IF($B28="","",VLOOKUP($B28,Cierre!$A:$E,2,FALSE)) -> CONSORCIO VIAL CALDAS 2021 | D28: JORGE ÁLVARO SÁNCHEZ BLANCO | E28: ICCU | F28: ICCU-106-2014 | G28: C | H28: 0.5 | I28: 41940 | J28: 42328 | K28: =AE28+AF28+AG28+AH28+AI28+AJ28 -> 0 | L28: =IF(I28="",0,ROUND(((((J28-I28)+1)/360)*12)-K28,3)) -> 12.967 | M28: 349070100 | N28: =ROUND(M28*H28,3) -> 174535050 | O28: =IF(J28="",0,ROUND(N28/VLOOKUP(YEAR(J28),SMMLV!$A$2:$B$43,2,FALSE),2)) -> 270.87 | P28: =IFERROR(O28/($AL$1),) -> 0.81172179
A29: MÓDULO 4 | B29: 33 | C29: =IF($B29="","",VLOOKUP($B29,Cierre!$A:$E,2,FALSE)) -> CONSORCIO VIAL CALDAS 2021 | D29: JORGE ÁLVARO SÁNCHEZ BLANCO | E29: ALCALDIA LOCAL DE KENNEDY | F29: CIN - 205 - 2011 | G29: I | H29: 1 | I29: 40903 | J29: 41238 | K29: =AE29+AF29+AG29+AH29+AI29+AJ29 -> 0 | L29: =IF(I29="",0,ROUND(((((J29-I29)+1)/360)*12)-K29,3)) -> 11.2 | M29: 356536062 | N29: =ROUND(M29*H29,3) -> 356536062 | O29: =IF(J29="",0,ROUND(N29/VLOOKUP(YEAR(J29),SMMLV!$A$2:$B$43,2,FALSE),2)) -> 629.14 | P29: =IFERROR(O29/($AL$1),) -> 1.885357
C30: =IF($B30="","",VLOOKUP($B30,Cierre!$A:$E,2,FALSE)) | K30: =AE30+AF30+AG30+AH30+AI30+AJ30 -> 0 | L30: =IF(I30="",0,ROUND(((((J30-I30)+1)/360)*12)-K30,3)) -> 0 | N30: =ROUND(M30*H30,3) -> 0 | O30: =IF(J30="",0,ROUND(N30/VLOOKUP(YEAR(J30),SMMLV!$A$2:$B$43,2,FALSE),2)) -> 0 | P30: =IFERROR(O30/($AL$1),) -> 0 | AE30: =IF(S30="",0,ROUND((((T30-S30)+1)/30),3)) -> 0 | AF30: =IF(U30="",0,ROUND((((V30-U30)+1)/30),3)) -> 0 | AG30: =IF(W30="",0,ROUND((((X30-W30)+1)/30),3)) -> 0 | AH30: =IF(Y30="",0,ROUND((((Z30-Y30)+1)/30),3)) -> 0 | AI30: =IF(AA30="",0,ROUND((((AB30-AA30)+1)/30),3)) -> 0 | AJ30: =IF(AC30="",0,ROUND((((AD30-AC30)+1)/30),3)) -> 0
C31: =IF($B31="","",VLOOKUP($B31,Cierre!$A:$E,2,FALSE)) | K31: =AE31+AF31+AG31+AH31+AI31+AJ31 -> 0 | L31: =IF(I31="",0,ROUND(((((J31-I31)+1)/360)*12)-K31,3)) -> 0 | N31: =ROUND(M31*H31,3) -> 0 | O31: =IF(J31="",0,ROUND(N31/VLOOKUP(YEAR(J31),SMMLV!$A$2:$B$43,2,FALSE),2)) -> 0 | P31: =IFERROR(O31/($AL$1),) -> 0 | AE31: =IF(S31="",0,ROUND((((T31-S31)+1)/30),3)) -> 0 | AF31: =IF(U31="",0,ROUND((((V31-U31)+1)/30),3)) -> 0 | AG31: =IF(W31="",0,ROUND((((X31-W31)+1)/30),3)) -> 0 | AH31: =IF(Y31="",0,ROUND((((Z31-Y31)+1)/30),3)) -> 0 | AI31: =IF(AA31="",0,ROUND((((AB31-AA31)+1)/30),3)) -> 0 | AJ31: =IF(AC31="",0,ROUND((((AD31-AC31)+1)/30),3)) -> 0
C32: =IF($B32="","",VLOOKUP($B32,Cierre!$A:$E,2,FALSE)) | K32: =AE32+AF32+AG32+AH32+AI32+AJ32 -> 0 | L32: =IF(I32="",0,ROUND(((((J32-I32)+1)/360)*12)-K32,3)) -> 0 | N32: =ROUND(M32*H32,3) -> 0 | O32: =IF(J32="",0,ROUND(N32/VLOOKUP(YEAR(J32),SMMLV!$A$2:$B$43,2,FALSE),2)) -> 0 | P32: =IFERROR(O32/($AL$1),) -> 0 | AE32: =IF(S32="",0,ROUND((((T32-S32)+1)/30),3)) -> 0 | AF32: =IF(U32="",0,ROUND((((V32-U32)+1)/30),3)) -> 0 | AG32: =IF(W32="",0,ROUND((((X32-W32)+1)/30),3)) -> 0 | AH32: =IF(Y32="",0,ROUND((((Z32-Y32)+1)/30),3)) -> 0 | AI32: =IF(AA32="",0,ROUND((((AB32-AA32)+1)/30),3)) -> 0 | AJ32: =IF(AC32="",0,ROUND((((AD32-AC32)+1)/30),3)) -> 0
C33: =IF($B33="","",VLOOKUP($B33,Cierre!$A:$E,2,FALSE)) | K33: =AE33+AF33+AG33+AH33+AI33+AJ33 -> 0 | L33: =IF(I33="",0,ROUND(((((J33-I33)+1)/360)*12)-K33,3)) -> 0 | N33: =ROUND(M33*H33,3) -> 0 | O33: =IF(J33="",0,ROUND(N33/VLOOKUP(YEAR(J33),SMMLV!$A$2:$B$43,2,FALSE),2)) -> 0 | P33: =IFERROR(O33/($AL$1),) -> 0 | AE33: =IF(S33="",0,ROUND((((T33-S33)+1)/30),3)) -> 0 | AF33: =IF(U33="",0,ROUND((((V33-U33)+1)/30),3)) -> 0 | AG33: =IF(W33="",0,ROUND((((X33-W33)+1)/30),3)) -> 0 | AH33: =IF(Y33="",0,ROUND((((Z33-Y33)+1)/30),3)) -> 0 | AI33: =IF(AA33="",0,ROUND((((AB33-AA33)+1)/30),3)) -> 0 | AJ33: =IF(AC33="",0,ROUND((((AD33-AC33)+1)/30),3)) -> 0
C34: =IF($B34="","",VLOOKUP($B34,Cierre!$A:$E,2,FALSE)) | K34: =AE34+AF34+AG34+AH34+AI34+AJ34 -> 0 | L34: =IF(I34="",0,ROUND(((((J34-I34)+1)/360)*12)-K34,3)) -> 0 | N34: =ROUND(M34*H34,3) -> 0 | O34: =IF(J34="",0,ROUND(N34/VLOOKUP(YEAR(J34),SMMLV!$A$2:$B$43,2,FALSE),2)) -> 0 | P34: =IFERROR(O34/($AL$1),) -> 0 | AE34: =IF(S34="",0,ROUND((((T34-S34)+1)/30),3)) -> 0 | AF34: =IF(U34="",0,ROUND((((V34-U34)+1)/30),3)) -> 0 | AG34: =IF(W34="",0,ROUND((((X34-W34)+1)/30),3)) -> 0 | AH34: =IF(Y34="",0,ROUND((((Z34-Y34)+1)/30),3)) -> 0 | AI34: =IF(AA34="",0,ROUND((((AB34-AA34)+1)/30),3)) -> 0 | AJ34: =IF(AC34="",0,ROUND((((AD34-AC34)+1)/30),3)) -> 0
C35: =IF($B35="","",VLOOKUP($B35,Cierre!$A:$E,2,FALSE)) | K35: =AE35+AF35+AG35+AH35+AI35+AJ35 -> 0 | L35: =IF(I35="",0,ROUND(((((J35-I35)+1)/360)*12)-K35,3)) -> 0 | N35: =ROUND(M35*H35,3) -> 0 | O35: =IF(J35="",0,ROUND(N35/VLOOKUP(YEAR(J35),SMMLV!$A$2:$B$43,2,FALSE),2)) -> 0 | P35: =IFERROR(O35/($AL$1),) -> 0 | AE35: =IF(S35="",0,ROUND((((T35-S35)+1)/30),3)) -> 0 | AF35: =IF(U35="",0,ROUND((((V35-U35)+1)/30),3)) -> 0 | AG35: =IF(W35="",0,ROUND((((X35-W35)+1)/30),3)) -> 0 | AH35: =IF(Y35="",0,ROUND((((Z35-Y35)+1)/30),3)) -> 0 | AI35: =IF(AA35="",0,ROUND((((AB35-AA35)+1)/30),3)) -> 0 | AJ35: =IF(AC35="",0,ROUND((((AD35-AC35)+1)/30),3)) -> 0
C36: =IF($B36="","",VLOOKUP($B36,Cierre!$A:$E,2,FALSE)) | K36: =AE36+AF36+AG36+AH36+AI36+AJ36 -> 0 | L36: =IF(I36="",0,ROUND(((((J36-I36)+1)/360)*12)-K36,3)) -> 0 | N36: =ROUND(M36*H36,3) -> 0 | O36: =IF(J36="",0,ROUND(N36/VLOOKUP(YEAR(J36),SMMLV!$A$2:$B$43,2,FALSE),2)) -> 0 | P36: =IFERROR(O36/($AL$1),) -> 0 | AE36: =IF(S36="",0,ROUND((((T36-S36)+1)/30),3)) -> 0 | AF36: =IF(U36="",0,ROUND((((V36-U36)+1)/30),3)) -> 0 | AG36: =IF(W36="",0,ROUND((((X36-W36)+1)/30),3)) -> 0 | AH36: =IF(Y36="",0,ROUND((((Z36-Y36)+1)/30),3)) -> 0 | AI36: =IF(AA36="",0,ROUND((((AB36-AA36)+1)/30),3)) -> 0 | AJ36: =IF(AC36="",0,ROUND((((AD36-AC36)+1)/30),3)) -> 0
C37: =IF($B37="","",VLOOKUP($B37,Cierre!$A:$E,2,FALSE)) | K37: =AE37+AF37+AG37+AH37+AI37+AJ37 -> 0 | L37: =IF(I37="",0,ROUND(((((J37-I37)+1)/360)*12)-K37,3)) -> 0 | N37: =ROUND(M37*H37,3) -> 0 | O37: =IF(J37="",0,ROUND(N37/VLOOKUP(YEAR(J37),SMMLV!$A$2:$B$43,2,FALSE),2)) -> 0 | P37: =IFERROR(O37/($AL$1),) -> 0 | AE37: =IF(S37="",0,ROUND((((T37-S37)+1)/30),3)) -> 0 | AF37: =IF(U37="",0,ROUND((((V37-U37)+1)/30),3)) -> 0 | AG37: =IF(W37="",0,ROUND((((X37-W37)+1)/30),3)) -> 0 | AH37: =IF(Y37="",0,ROUND((((Z37-Y37)+1)/30),3)) -> 0 | AI37: =IF(AA37="",0,ROUND((((AB37-AA37)+1)/30),3)) -> 0 | AJ37: =IF(AC37="",0,ROUND((((AD37-AC37)+1)/30),3)) -> 0
C38: =IF($B38="","",VLOOKUP($B38,Cierre!$A:$E,2,FALSE)) | K38: =AE38+AF38+AG38+AH38+AI38+AJ38 -> 0 | L38: =IF(I38="",0,ROUND(((((J38-I38)+1)/360)*12)-K38,3)) -> 0 | N38: =ROUND(M38*H38,3) -> 0 | O38: =IF(J38="",0,ROUND(N38/VLOOKUP(YEAR(J38),SMMLV!$A$2:$B$43,2,FALSE),2)) -> 0 | P38: =IFERROR(O38/($AL$1),) -> 0 | AE38: =IF(S38="",0,ROUND((((T38-S38)+1)/30),3)) -> 0 | AF38: =IF(U38="",0,ROUND((((V38-U38)+1)/30),3)) -> 0 | AG38: =IF(W38="",0,ROUND((((X38-W38)+1)/30),3)) -> 0 | AH38: =IF(Y38="",0,ROUND((((Z38-Y38)+1)/30),3)) -> 0 | AI38: =IF(AA38="",0,ROUND((((AB38-AA38)+1)/30),3)) -> 0 | AJ38: =IF(AC38="",0,ROUND((((AD38-AC38)+1)/30),3)) -> 0
C39: =IF($B39="","",VLOOKUP($B39,Cierre!$A:$E,2,FALSE)) | K39: =AE39+AF39+AG39+AH39+AI39+AJ39 -> 0 | L39: =IF(I39="",0,ROUND(((((J39-I39)+1)/360)*12)-K39,3)) -> 0 | N39: =ROUND(M39*H39,3) -> 0 | O39: =IF(J39="",0,ROUND(N39/VLOOKUP(YEAR(J39),SMMLV!$A$2:$B$43,2,FALSE),2)) -> 0 | P39: =IFERROR(O39/($AL$1),) -> 0 | AE39: =IF(S39="",0,ROUND((((T39-S39)+1)/30),3)) -> 0 | AF39: =IF(U39="",0,ROUND((((V39-U39)+1)/30),3)) -> 0 | AG39: =IF(W39="",0,ROUND((((X39-W39)+1)/30),3)) -> 0 | AH39: =IF(Y39="",0,ROUND((((Z39-Y39)+1)/30),3)) -> 0 | AI39: =IF(AA39="",0,ROUND((((AB39-AA39)+1)/30),3)) -> 0 | AJ39: =IF(AC39="",0,ROUND((((AD39-AC39)+1)/30),3)) -> 0
C40: =IF($B40="","",VLOOKUP($B40,Cierre!$A:$E,2,FALSE)) | K40: =AE40+AF40+AG40+AH40+AI40+AJ40 -> 0 | L40: =IF(I40="",0,ROUND(((((J40-I40)+1)/360)*12)-K40,3)) -> 0 | N40: =ROUND(M40*H40,3) -> 0 | O40: =IF(J40="",0,ROUND(N40/VLOOKUP(YEAR(J40),SMMLV!$A$2:$B$43,2,FALSE),2)) -> 0 | P40: =IFERROR(O40/($AL$1),) -> 0 | AE40: =IF(S40="",0,ROUND((((T40-S40)+1)/30),3)) -> 0 | AF40: =IF(U40="",0,ROUND((((V40-U40)+1)/30),3)) -> 0 | AG40: =IF(W40="",0,ROUND((((X40-W40)+1)/30),3)) -> 0 | AH40: =IF(Y40="",0,ROUND((((Z40-Y40)+1)/30),3)) -> 0 | AI40: =IF(AA40="",0,ROUND((((AB40-AA40)+1)/30),3)) -> 0 | AJ40: =IF(AC40="",0,ROUND((((AD40-AC40)+1)/30),3)) -> 0
C41: =IF($B41="","",VLOOKUP($B41,Cierre!$A:$E,2,FALSE)) | K41: =AE41+AF41+AG41+AH41+AI41+AJ41 -> 0 | L41: =IF(I41="",0,ROUND(((((J41-I41)+1)/360)*12)-K41,3)) -> 0 | N41: =ROUND(M41*H41,3) -> 0 | O41: =IF(J41="",0,ROUND(N41/VLOOKUP(YEAR(J41),SMMLV!$A$2:$B$43,2,FALSE),2)) -> 0 | P41: =IFERROR(O41/($AL$1),) -> 0 | AE41: =IF(S41="",0,ROUND((((T41-S41)+1)/30),3)) -> 0 | AF41: =IF(U41="",0,ROUND((((V41-U41)+1)/30),3)) -> 0 | AG41: =IF(W41="",0,ROUND((((X41-W41)+1)/30),3)) -> 0 | AH41: =IF(Y41="",0,ROUND((((Z41-Y41)+1)/30),3)) -> 0 | AI41: =IF(AA41="",0,ROUND((((AB41-AA41)+1)/30),3)) -> 0 | AJ41: =IF(AC41="",0,ROUND((((AD41-AC41)+1)/30),3)) -> 0
... C189: =IF($B189="","",VLOOKUP($B189,Cierre!$A:$E,2,FALSE)) | K189: =AE189+AF189+AG189+AH189+AI189+AJ189 -> 0 | L189: =IF(I189="",0,ROUND(((((J189-I189)+1)/360)*12)-K189,3)) -> 0 | N189: =ROUND(M189*H189,3) -> 0 | O189: =IF(J189="",0,ROUND(N189/VLOOKUP(YEAR(J189),SMMLV!$A$2:$B$43,2,FALSE),2)) -> 0 | P189: =IFERROR(O189/($AL$1),) -> 0 | AE189: =IF(S189="",0,ROUND((((T189-S189)+1)/30),3)) -> 0 | AF189: =IF(U189="",0,ROUND((((V189-U189)+1)/30),3)) -> 0 | AG189: =IF(W189="",0,ROUND((((X189-W189)+1)/30),3)) -> 0 | AH189: =IF(Y189="",0,ROUND((((Z189-Y189)+1)/30),3)) -> 0 | AI189: =IF(AA189="",0,ROUND((((AB189-AA189)+1)/30),3)) -> 0 | AJ189: =IF(AC189="",0,ROUND((((AD189-AC189)+1)/30),3)) -> 0

Sheet Puntaje Experiencia
A1: No. | B1: NOMBRE | C1: PROMEDIO VALOR CONTRATOS EN SMMLV | D1: PUNTAJE ASIGNADO
A3: 2 | B3: =VLOOKUP($A3,Cierre!A:E,2,FALSE) -> ARM CONSULTING LTDA. | C3: =+AVERAGEIF(Experiencia!B:O,A3,Experiencia!O:O) -> 819.42 | D3: =+IF((1-(ABS($C$26-C3)/$C$26))*69<0,0,(1-(ABS($C$26-C3)/$C$26))*69) -> 0
A4: 3 | B4: =VLOOKUP($A4,Cierre!A:E,2,FALSE) -> INGECO INGENIERÍA DE CONSTRUCCIONES S.A.S. | C4: =+AVERAGEIF(Experiencia!B:O,A4,Experiencia!O:O) -> 602.15 | D4: =+IF((1-(ABS($C$26-C4)/$C$26))*69<0,0,(1-(ABS($C$26-C4)/$C$26))*69) -> 19.324447
A5: 4 | B5: =VLOOKUP($A5,Cierre!A:E,2,FALSE) -> INGENIERÍA DEL FUTURO S.A.S. | C5: =+AVERAGEIF(Experiencia!B:O,A5,Experiencia!O:O) -> 366.435 | D5: =+IF((1-(ABS($C$26-C5)/$C$26))*69<0,0,(1-(ABS($C$26-C5)/$C$26))*69) -> 65.780659
A6: 5 | B6: =VLOOKUP($A6,Cierre!A:E,2,FALSE) -> R&M CONSTRUCCIONES E INTERVENTORÍAS S.A.S. | C6: =+AVERAGEIF(Experiencia!B:O,A6,Experiencia!O:O) -> 834.03 | D6: =+IF((1-(ABS($C$26-C6)/$C$26))*69<0,0,(1-(ABS($C$26-C6)/$C$26))*69) -> 0
A7: 7 | B7: =VLOOKUP($A7,Cierre!A:E,2,FALSE) -> CARMONA CARVAJAL INGENIEROS S.A.S. | C7: =+AVERAGEIF(Experiencia!B:O,A7,Experiencia!O:O) -> 200.7475 | D7: =+IF((1-(ABS($C$26-C7)/$C$26))*69<0,0,(1-(ABS($C$26-C7)/$C$26))*69) -> 39.564595
A8: 8 | B8: =VLOOKUP($A8,Cierre!A:E,2,FALSE) -> CONSORCIO INTERVIAS CALDAS | C8: =+AVERAGEIF(Experiencia!B:O,A8,Experiencia!O:O) -> 341.205 | D8: 0
A9: 9 | B9: =VLOOKUP($A9,Cierre!A:E,2,FALSE) -> ARA INGENIERÍA S.A.S. | C9: =+AVERAGEIF(Experiencia!B:O,A9,Experiencia!O:O) -> 729.66 | D9: =+IF((1-(ABS($C$26-C9)/$C$26))*69<0,0,(1-(ABS($C$26-C9)/$C$26))*69) -> 0
A10: 10 | B10: =VLOOKUP($A10,Cierre!A:E,2,FALSE) -> HR INGENIERÍA S.A.S. | C10: =+AVERAGEIF(Experiencia!B:O,A10,Experiencia!O:O) -> 491.2 | D10: =+IF((1-(ABS($C$26-C10)/$C$26))*69<0,0,(1-(ABS($C$26-C10)/$C$26))*69) -> 41.191179
A11: 13 | B11: =VLOOKUP($A11,Cierre!A:E,2,FALSE) -> CONSORCIO NP MANIZALES | C11: =+AVERAGEIF(Experiencia!B:O,A11,Experiencia!O:O) -> 236.40667 | D11: 0
A12: 15 | B12: =VLOOKUP($A12,Cierre!A:E,2,FALSE) -> CIMAG S.A.S. | C12: =+AVERAGEIF(Experiencia!B:O,A12,Experiencia!O:O) -> 388.25 | D12: =+IF((1-(ABS($C$26-C12)/$C$26))*69<0,0,(1-(ABS($C$26-C12)/$C$26))*69) -> 61.48122
A13: 17 | B13: =VLOOKUP($A13,Cierre!A:E,2,FALSE) -> ORGANIZACIÓN VICAN S.A.S. | C13: =+AVERAGEIF(Experiencia!B:O,A13,Experiencia!O:O) -> 467.79 | D13: =+IF((1-(ABS($C$26-C13)/$C$26))*69<0,0,(1-(ABS($C$26-C13)/$C$26))*69) -> 45.804971
A14: 18 | B14: =VLOOKUP($A14,Cierre!A:E,2,FALSE) -> ICONSULTING S.A.S. | C14: =+AVERAGEIF(Experiencia!B:O,A14,Experiencia!O:O) -> 309.58 | D14: =+IF((1-(ABS($C$26-C14)/$C$26))*69<0,0,(1-(ABS($C$26-C14)/$C$26))*69) -> 61.013996
A15: 21 | B15: =VLOOKUP($A15,Cierre!A:E,2,FALSE) -> INGEOCILCON S.A.S. | C15: =+AVERAGEIF(Experiencia!B:O,A15,Experiencia!O:O) -> 550.62 | D15: =+IF((1-(ABS($C$26-C15)/$C$26))*69<0,0,(1-(ABS($C$26-C15)/$C$26))*69) -> 29.480307
A16: 26 | B16: =VLOOKUP($A16,Cierre!A:E,2,FALSE) -> CONSORCIO CAPITAL | C16: =+AVERAGEIF(Experiencia!B:O,A16,Experiencia!O:O) -> 654.85 | D16: =+IF((1-(ABS($C$26-C16)/$C$26))*69<0,0,(1-(ABS($C$26-C16)/$C$26))*69) -> 8.9379956
A18: PRESUPUESTO OFICIAL ESTIMADO | C18: =VLOOKUP(D18,SMMLV!A66:B69,2,FALSE) -> 303173378 | D18: MÓDULO 4
A20: TRM 21 DE JULIO | C20: 3842.97 | D20: =C20-LEFT($C$20,4) -> 0.97 | E20: =IF(D20<=0.24,1,IF(D20<=0.49,2,IF(D20<=0.74,3,4))) -> 4
E21: Mediana
B22: Método | C22: Valor | D22: Decimales TRM | E22: Desviacion Estandar
A23: 1 | B23: Mediana con Valor Absoluto | C23: =IF(E20<>1,"",(MEDIAN(C3:C16))) | D23: 00 a 24 | E23: Valor Minimo Aceptable
A24: 2 | B24: Media Geométrica | C24: =IF(E20<>2,"",(GEOMEAN(C3:C16))) | D24: 25 a 49
A25: 3 | B25: Media aritmética alta | C25: =IF(E20<>3,"",(MAX($C$3:$C$16)+(AVERAGE($C$3:$C$16)))/2) | D25: 50 a 74
A26: 4 | B26: Media aritmética baja | C26: =IF(E20<>4,"",(MIN($C$3:$C$16)+(AVERAGE($C$3:$C$16)))/2) -> 350.10033 | D26: 75 a 99

Sheet Resumen Calificación
A1: No. | B1: Proponente | C1: CALIFICACIÓN JURIDICA | D1: CALIFICACIÓN FINANCIERA | E1: CALIFICACIÓN ORGANIZACIONAL | F1: EXPERIENCIA GENERAL | G1: EXPERIENCIA ESPECÍFICA por intervención o por valor | H1: PORCENTAJE DE PARTICIPACIÓN EN PROPONENTE PLURAL | I1: EXIGENCIAS MÍNIMAS DE EXPERIENCIA Y FORMACIÓN ACADÉMICA DEL EQUIPO DE TRABAJO | J1: FACTORES DE COMPARACIÓN DE LAS PROPUESTAS | N1: Sumatoria Puntajes | O1: Orden de Elegibilidad | P1: Acreditación MIPYMES | Q1: OBSERVACIONES
J2: Experiencia del Proponente (69%) | K2: Equipo de trabajo (personal clave evaluable) (10%) | L2: Promoción a la industria nacional (20%) | M2: Acreditación personal en condición de discapacidad (1%)
A3: 2 | B3: =VLOOKUP($A3,Cierre!$A:$E,2,FALSE) -> ARM CONSULTING LTDA. | C3: =VLOOKUP($A3,'Capacidad Juridica'!$A:$AP,41,FALSE) -> HÁBIL | D3: =VLOOKUP($A3,'Capacidad Financiera'!$A:$U,18,FALSE) -> HÁBIL | E3: =VLOOKUP($A3,'Capacidad Financiera'!$A:$U,19,FALSE) -> HÁBIL | F3: =IF(SUMIF(Experiencia!B:B,A3,Experiencia!O:O)>Información!$B$29,"HÁBIL","NO HÁBIL") -> HÁBIL | G3: HÁBIL | H3: HÁBIL | I3: HÁBIL | J3: =+VLOOKUP(A3,'Puntaje Experiencia'!A:D,4,FALSE)/100 -> 0 | K3: 0.1 | L3: 0.2 | M3: 0.01 | N3: =+J3+K3+L3+M3 -> 0.31 | O3: =+RANK(N3,N3:N19,0) -> 10 | P3: SI
A4: 3 | B4: =VLOOKUP($A4,Cierre!$A:$E,2,FALSE) -> INGECO INGENIERÍA DE CONSTRUCCIONES S.A.S. | C4: =VLOOKUP($A4,'Capacidad Juridica'!$A:$AP,41,FALSE) -> HÁBIL | D4: =VLOOKUP($A4,'Capacidad Financiera'!$A:$U,18,FALSE) -> HÁBIL | E4: =VLOOKUP($A4,'Capacidad Financiera'!$A:$U,19,FALSE) -> HÁBIL | F4: =IF(SUMIF(Experiencia!B:B,A4,Experiencia!O:O)>Información!$B$29,"HÁBIL","NO HÁBIL") -> HÁBIL | G4: HÁBIL | H4: HÁBIL | I4: HÁBIL | J4: =+VLOOKUP(A4,'Puntaje Experiencia'!A:D,4,FALSE)/100 -> 0.19324447 | K4: 0.1 | L4: 0.2 | M4: 0.01 | N4: =+J4+K4+L4+M4 -> 0.50324447 | O4: =+RANK(N4,N4:N20,0) -> 8 | P4: SI
A5: 4 | B5: =VLOOKUP($A5,Cierre!$A:$E,2,FALSE) -> INGENIERÍA DEL FUTURO S.A.S. | C5: =VLOOKUP($A5,'Capacidad Juridica'!$A:$AP,41,FALSE) -> HÁBIL | D5: =VLOOKUP($A5,'Capacidad Financiera'!$A:$U,18,FALSE) -> HÁBIL | E5: =VLOOKUP($A5,'Capacidad Financiera'!$A:$U,19,FALSE) -> HÁBIL | F5: =IF(SUMIF(Experiencia!B:B,A5,Experiencia!O:O)>Información!$B$29,"HÁBIL","NO HÁBIL") -> HÁBIL | G5: HÁBIL | H5: HÁBIL | I5: HÁBIL | J5: =+VLOOKUP(A5,'Puntaje Experiencia'!A:D,4,FALSE)/100 -> 0.65780659 | K5: 0.1 | L5: 0.2 | M5: 0.01 | N5: =+J5+K5+L5+M5 -> 0.96780659 | O5: =+RANK(N5,N5:N21,0) -> 1 | P5: SI
A6: 5 | B6: =VLOOKUP($A6,Cierre!$A:$E,2,FALSE) -> R&M CONSTRUCCIONES E INTERVENTORÍAS S.A.S. | C6: =VLOOKUP($A6,'Capacidad Juridica'!$A:$AP,41,FALSE) -> HÁBIL | D6: =VLOOKUP($A6,'Capacidad Financiera'!$A:$U,18,FALSE) -> HÁBIL | E6: =VLOOKUP($A6,'Capacidad Financiera'!$A:$U,19,FALSE) -> HÁBIL | F6: =IF(SUMIF(Experiencia!B:B,A6,Experiencia!O:O)>Información!$B$29,"HÁBIL","NO HÁBIL") -> HÁBIL | G6: HÁBIL | H6: HÁBIL | I6: HÁBIL | J6: =+VLOOKUP(A6,'Puntaje Experiencia'!A:D,4,FALSE)/100 -> 0 | K6: 0.1 | L6: 0.2 | M6: 0.01 | N6: =+J6+K6+L6+M6 -> 0.31 | O6: =+RANK(N6,N6:N22,0) -> 8 | P6: SI
A7: 7 | B7: =VLOOKUP($A7,Cierre!$A:$E,2,FALSE) -> CARMONA CARVAJAL INGENIEROS S.A.S. | C7: =VLOOKUP($A7,'Capacidad Juridica'!$A:$AP,41,FALSE) -> HÁBIL | D7: =VLOOKUP($A7,'Capacidad Financiera'!$A:$U,18,FALSE) -> HÁBIL | E7: =VLOOKUP($A7,'Capacidad Financiera'!$A:$U,19,FALSE) -> HÁBIL | F7: =IF(SUMIF(Experiencia!B:B,A7,Experiencia!O:O)>Información!$B$29,"HÁBIL","NO HÁBIL") -> HÁBIL | G7: HÁBIL | H7: HÁBIL | I7: HÁBIL | J7: =+VLOOKUP(A7,'Puntaje Experiencia'!A:D,4,FALSE)/100 -> 0.39564595 | K7: 0.1 | L7: 0.2 | M7: 0.01 | N7: =+J7+K7+L7+M7 -> 0.70564595 | O7: =+RANK(N7,N7:N24,0) -> 5 | P7: SI
A8: 8 | B8: =VLOOKUP($A8,Cierre!$A:$E,2,FALSE) -> CONSORCIO INTERVIAS CALDAS | C8: =VLOOKUP($A8,'Capacidad Juridica'!$A:$AP,41,FALSE) -> HÁBIL | D8: =VLOOKUP($A8,'Capacidad Financiera'!$A:$U,18,FALSE) -> HÁBIL | E8: =VLOOKUP($A8,'Capacidad Financiera'!$A:$U,19,FALSE) -> HÁBIL | F8: =IF(SUMIF(Experiencia!B:B,A8,Experiencia!O:O)>Información!$B$29,"HÁBIL","NO HÁBIL") -> HÁBIL | G8: HÁBIL | H8: HÁBIL | I8: HÁBIL | J8: =+VLOOKUP(A8,'Puntaje Experiencia'!A:D,4,FALSE)/100 -> 0 | K8: 0.1 | L8: 0.2 | M8: 0.01 | N8: =+J8+K8+L8+M8 -> 0.31 | O8: =+RANK(N8,N8:N25,0) -> 7 | P8: SI
A9: 9 | B9: =VLOOKUP($A9,Cierre!$A:$E,2,FALSE) -> ARA INGENIERÍA S.A.S. | C9: =VLOOKUP($A9,'Capacidad Juridica'!$A:$AP,41,FALSE) -> HÁBIL | D9: =VLOOKUP($A9,'Capacidad Financiera'!$A:$U,18,FALSE) -> HÁBIL | E9: =VLOOKUP($A9,'Capacidad Financiera'!$A:$U,19,FALSE) -> HÁBIL | F9: =IF(SUMIF(Experiencia!B:B,A9,Experiencia!O:O)>Información!$B$29,"HÁBIL","NO HÁBIL") -> HÁBIL | G9: HÁBIL | H9: HÁBIL | I9: HÁBIL | J9: =+VLOOKUP(A9,'Puntaje Experiencia'!A:D,4,FALSE)/100 -> 0 | K9: 0.1 | L9: 0.2 | M9: 0.01 | N9: =+J9+K9+L9+M9 -> 0.31 | O9: =+RANK(N9,N9:N26,0) -> 7 | P9: SI
A10: 10 | B10: =VLOOKUP($A10,Cierre!$A:$E,2,FALSE) -> HR INGENIERÍA S.A.S. | C10: =VLOOKUP($A10,'Capacidad Juridica'!$A:$AP,41,FALSE) -> HÁBIL | D10: =VLOOKUP($A10,'Capacidad Financiera'!$A:$U,18,FALSE) -> HÁBIL | E10: =VLOOKUP($A10,'Capacidad Financiera'!$A:$U,19,FALSE) -> HÁBIL | F10: =IF(SUMIF(Experiencia!B:B,A10,Experiencia!O:O)>Información!$B$29,"HÁBIL","NO HÁBIL") -> HÁBIL | G10: HÁBIL | H10: HÁBIL | I10: HÁBIL | J10: =+VLOOKUP(A10,'Puntaje Experiencia'!A:D,4,FALSE)/100 -> 0.41191179 | K10: 0.1 | L10: 0.2 | M10: 0.01 | N10: =+J10+K10+L10+M10 -> 0.72191179 | O10: =+RANK(N10,N10:N27,0) -> 4 | P10: SI | Q10: RESPUESTA OBSERVACIÓN Según el pliego de condiciones, en su numeral 4.1, se establece que "Cuando el resultado de la fórmula anterior sea un número negativo, se asignará 0,0 puntos." Debido a lo anterior, si el promedio del valor de los contratos aportados en SMMLV del proponente se aleja demasiado de la fórmula el puntaje será cero.
A11: 13 | B11: =VLOOKUP($A11,Cierre!$A:$E,2,FALSE) -> CONSORCIO NP MANIZALES | C11: =VLOOKUP($A11,'Capacidad Juridica'!$A:$AP,41,FALSE) -> HÁBIL | D11: =VLOOKUP($A11,'Capacidad Financiera'!$A:$U,18,FALSE) -> HÁBIL | E11: =VLOOKUP($A11,'Capacidad Financiera'!$A:$U,19,FALSE) -> HÁBIL | F11: =IF(SUMIF(Experiencia!B:B,A11,Experiencia!O:O)>Información!$B$29,"HÁBIL","NO HÁBIL") -> HÁBIL | G11: HÁBIL | H11: HÁBIL | I11: HÁBIL | J11: =+VLOOKUP(A11,'Puntaje Experiencia'!A:D,4,FALSE)/100 -> 0 | K11: 0.1 | L11: 0.2 | M11: 0.01 | N11: =+J11+K11+L11+M11 -> 0.31 | O11: =+RANK(N11,N11:N30,0) -> 6 | P11: SI
A12: 15 | B12: =VLOOKUP($A12,Cierre!$A:$E,2,FALSE) -> CIMAG S.A.S. | C12: =VLOOKUP($A12,'Capacidad Juridica'!$A:$AP,41,FALSE) -> HÁBIL | D12: =VLOOKUP($A12,'Capacidad Financiera'!$A:$U,18,FALSE) -> HÁBIL | E12: =VLOOKUP($A12,'Capacidad Financiera'!$A:$U,19,FALSE) -> HÁBIL | F12: =IF(SUMIF(Experiencia!B:B,A12,Experiencia!O:O)>Información!$B$29,"HÁBIL","NO HÁBIL") -> HÁBIL | G12: HÁBIL | H12: HÁBIL | I12: HÁBIL | J12: =+VLOOKUP(A12,'Puntaje Experiencia'!A:D,4,FALSE)/100 -> 0.6148122 | K12: 0.1 | L12: 0.2 | M12: 0.01 | N12: =+J12+K12+L12+M12 -> 0.9248122 | O12: =+RANK(N12,N12:N32,0) -> 1 | P12: SI
A13: 17 | B13: =VLOOKUP($A13,Cierre!$A:$E,2,FALSE) -> ORGANIZACIÓN VICAN S.A.S. | C13: =VLOOKUP($A13,'Capacidad Juridica'!$A:$AP,41,FALSE) -> HÁBIL | D13: =VLOOKUP($A13,'Capacidad Financiera'!$A:$U,18,FALSE) -> HÁBIL | E13: =VLOOKUP($A13,'Capacidad Financiera'!$A:$U,19,FALSE) -> HÁBIL | F13: =IF(SUMIF(Experiencia!B:B,A13,Experiencia!O:O)>Información!$B$29,"HÁBIL","NO HÁBIL") -> HÁBIL | G13: HÁBIL | H13: HÁBIL | I13: HÁBIL | J13: =+VLOOKUP(A13,'Puntaje Experiencia'!A:D,4,FALSE)/100 -> 0.45804971 | K13: 0.1 | L13: 0.2 | M13: 0.01 | N13: =+J13+K13+L13+M13 -> 0.76804971 | O13: =+RANK(N13,N13:N34,0) -> 2 | P13: SI
A14: 18 | B14: =VLOOKUP($A14,Cierre!$A:$E,2,FALSE) -> ICONSULTING S.A.S. | C14: =VLOOKUP($A14,'Capacidad Juridica'!$A:$AP,41,FALSE) -> HÁBIL | D14: =VLOOKUP($A14,'Capacidad Financiera'!$A:$U,18,FALSE) -> HÁBIL | E14: =VLOOKUP($A14,'Capacidad Financiera'!$A:$U,19,FALSE) -> HÁBIL | F14: =IF(SUMIF(Experiencia!B:B,A14,Experiencia!O:O)>Información!$B$29,"HÁBIL","NO HÁBIL") -> HÁBIL | G14: HÁBIL | H14: HÁBIL | I14: HÁBIL | J14: =+VLOOKUP(A14,'Puntaje Experiencia'!A:D,4,FALSE)/100 -> 0.61013996 | K14: 0.1 | L14: 0.2 | M14: 0.01 | N14: =+J14+K14+L14+M14 -> 0.92013996 | O14: =+RANK(N14,N14:N35,0) -> 1 | P14: SI
A15: 20 | B15: =VLOOKUP($A15,Cierre!$A:$E,2,FALSE) -> INGENIERÍA Y CONSULTORÍA - INGECON S.A.S. | C15: =VLOOKUP($A15,'Capacidad Juridica'!$A:$AP,41,FALSE) -> HÁBIL | D15: =VLOOKUP($A15,'Capacidad Financiera'!$A:$U,18,FALSE) -> HÁBIL | E15: =VLOOKUP($A15,'Capacidad Financiera'!$A:$U,19,FALSE) -> HÁBIL | F15: =IF(SUMIF(Experiencia!B:B,A15,Experiencia!O:O)>Información!$B$29,"HÁBIL","NO HÁBIL") -> NO HÁBIL | G15: NO HÁBIL | H15: HÁBIL | I15: HÁBIL | J15: 0 | K15: 0.1 | L15: 0.2 | M15: 0.01 | N15: =+J15+K15+L15+M15 -> 0.31 | O15: =+RANK(N15,N15:N37,0) -> 3 | P15: SI
A16: 21 | B16: =VLOOKUP($A16,Cierre!$A:$E,2,FALSE) -> INGEOCILCON S.A.S. | C16: =VLOOKUP($A16,'Capacidad Juridica'!$A:$AP,41,FALSE) -> HÁBIL | D16: =VLOOKUP($A16,'Capacidad Financiera'!$A:$U,18,FALSE) -> HÁBIL | E16: =VLOOKUP($A16,'Capacidad Financiera'!$A:$U,19,FALSE) -> HÁBIL | F16: =IF(SUMIF(Experiencia!B:B,A16,Experiencia!O:O)>Información!$B$29,"HÁBIL","NO HÁBIL") -> HÁBIL | G16: HÁBIL | H16: HÁBIL | I16: HÁBIL | J16: =+VLOOKUP(A16,'Puntaje Experiencia'!A:D,4,FALSE)/100 -> 0.29480307 | K16: 0.1 | L16: 0.2 | M16: 0.01 | N16: =+J16+K16+L16+M16 -> 0.60480307 | O16: =+RANK(N16,N16:N38,0) -> 1 | P16: SI
A17: 26 | B17: =VLOOKUP($A17,Cierre!$A:$E,2,FALSE) -> CONSORCIO CAPITAL | C17: =VLOOKUP($A17,'Capacidad Juridica'!$A:$AP,41,FALSE) -> HÁBIL | D17: =VLOOKUP($A17,'Capacidad Financiera'!$A:$U,18,FALSE) -> HÁBIL | E17: =VLOOKUP($A17,'Capacidad Financiera'!$A:$U,19,FALSE) -> HÁBIL | F17: =IF(SUMIF(Experiencia!B:B,A17,Experiencia!O:O)>Información!$B$29,"HÁBIL","NO HÁBIL") -> HÁBIL | G17: HÁBIL | H17: HÁBIL | I17: HÁBIL | J17: =+VLOOKUP(A17,'Puntaje Experiencia'!A:D,4,FALSE)/100 -> 0.089379956 | K17: 0.1 | L17: 0.2 | M17: 0.01 | N17: =+J17+K17+L17+M17 -> 0.39937996 | O17: =+RANK(N17,N17:N43,0) -> 1 | P17: SI
A18: 34 | B18: =VLOOKUP($A18,Cierre!$A:$E,2,FALSE) -> INGENIERÍA MASTERS S.A.S. | C18: =VLOOKUP($A18,'Capacidad Juridica'!$A:$AP,41,FALSE) -> HÁBIL | D18: =VLOOKUP($A18,'Capacidad Financiera'!$A:$U,18,FALSE) -> HÁBIL | E18: =VLOOKUP($A18,'Capacidad Financiera'!$A:$U,19,FALSE) -> HÁBIL | F18: =IF(SUMIF(Experiencia!B:B,A18,Experiencia!O:O)>Información!$B$29,"HÁBIL","NO HÁBIL") -> NO HÁBIL | G18: NO HÁBIL | H18: HÁBIL | I18: HÁBIL | J18: 0 | K18: 0.1 | L18: 0.2 | M18: 0.01 | N18: =+J18+K18+L18+M18 -> 0.31 | O18: =+RANK(N18,N18:N51,0) -> 1 | P18: SI

Sheet SMMLV
A1: PERÍODO | B1: MONTO MENSUAL
A2: 1980 | B2: 4500
A3: 1981 | B3: 5700
A4: 1982 | B4: 7410
A5: 1983 | B5: 9261
A6: 1984 | B6: 11298
A7: 1985 | B7: 13558
A8: 1986 | B8: 16811
A9: 1987 | B9: 20510
A10: 1988 | B10: 25637
A11: 1989 | B11: 32560
A12: 1990 | B12: 41025
A13: 1991 | B13: 51716
... A43: 2021 | B43: 908526
A45: SI
A46: NO
A47: N/A
A48: PRESENTA
A49: NO PRESENTA
A50: N/A
A52: C
A53: UT
A54: I
A56: CUMPLE
A57: NO CUMPLE
A58: N/A
... A64: SUBSANAR
A66: MÓDULO 1 | B66: 284000885 | C66: =+B66/908526 -> 312.59522
A67: MÓDULO 2 | B67: 286887217 | C67: =+B67/908526 -> 315.77216
A68: MÓDULO 3 | B68: 87497955 | C68: =+B68/908526 -> 96.307596
A69: MÓDULO 4 | B69: 303173378 | C69: =+B69/908526 -> 333.69808
